Workbook

Sheet Смета СН-2012 по гл. 1-5
A1: =CONCATENATE(Source!B1, " СН-2012 (© ОАО МЦЦС 'Мосстройцены', ", "2024", ")") -> Smeta.RU (495) 974-1589 СН-2012 (© ОАО МЦЦС 'Мосстройцены', 2024)
J2: Форма № 1а (глава 1-5)
B3: "СОГЛАСОВАНО" | G3: "УТВЕРЖДАЮ"
B6: =CONCATENATE("______________________ ", IF(Source!AL12<>"", Source!AL12, "")) -> ______________________ | G6: =CONCATENATE("______________________ ", IF(Source!AH12<>"", Source!AH12, "")) -> ______________________
B7: "_____"________________ 2024 г. | G7: "_____"________________ 2024 г.
A10: =CONCATENATE( "ЛОКАЛЬНАЯ СМЕТА № ",IF(Source!F12<>"Новый объект", Source!F12, "")) -> ЛОКАЛЬНАЯ СМЕТА №
A11: (локальный сметный расчет)
A15: =IF(Source!G12<>"Новый объект", Source!G12, "") -> Техническое обслуживание ГБУЗ "ГП №6 ДЗМ"
A16: (наименование работ и затрат, наименование объекта)
A18: =CONCATENATE( "Основание: чертежи № ", Source!J12) -> Основание: чертежи №
F20: Сметная стоимость | I20: =I21+I22+I23+I24 -> 5869.03 | K20: тыс.руб
F21: Строительные работы | I21: =ROUND((Source!F1266)/1000, 2) -> 0 | K21: тыс.руб
F22: Монтажные работы | I22: =ROUND((Source!F1267)/1000, 2) -> 0 | K22: тыс.руб
F23: Оборудование | I23: =ROUND((Source!F1258)/1000, 2) -> 0 | K23: тыс.руб
F24: Прочие работы | I24: =ROUND((Source!F1268+Source!F1269)/1000, 2) -> 5869.03 | K24: тыс.руб
F25: Средства на оплату труда | I25: =(Source!F1264+ Source!F1263)/1000 -> 3077.9839 | K25: тыс.руб
A26: Составлен(а) в уровне текущих (прогнозных) цен на январь 2024 года
A27: №№ п/п | B27: Шифр расценки и коды ресурсов | C27: Наименование работ и затрат | D27: Единица измерения | E27: Кол-во единиц | F27: Цена на ед. изм. руб. | G27: Попра-вочные коэфф. | H27: Коэфф. зимних удоро-жаний | I27: Коэфф. пересчета | J27: ВСЕГО затрат, руб. | K27: Справочно
K28: ЗТР, всего чел.-час
K29: Ст-ть ед. с начислен.
A30: 1 | B30: 2 | C30: 3 | D30: 4 | E30: 5 | F30: 6 | G30: 7 | H30: 8 | I30: 9 | J30: 10 | K30: 11
A32: =CONCATENATE("Локальная смета: ",IF(Source!G20<>"Новая локальная смета", Source!G20, "")) -> Локальная смета:
A34: =CONCATENATE("Раздел: ",IF(Source!G24<>"Новый раздел", Source!G24, "")) -> Раздел: г. Москва, 3-й Михалковский пер., д.22
A36: =CONCATENATE("Подраздел: ",IF(Source!G28<>"Новый подраздел", Source!G28, "")) -> Подраздел: АПС
A37: 1 | B37: 3.1-2203-26-1/1 Поправка: СН-2012. Гл.1 Сб.22 п.3.6.2 | C37: =Source!G32 -> Техническое обслуживание прибора приемно-контрольного "Сигнал-20П" (ППКОПУ R3-Рубеж-2ОП (R3-Link), ППКОПУ Рубеж-2ОП (RS-485)) | D37: =Source!H32 -> шт. | E37: =Source!I32 -> 6 | Q37: =ROUND((Source!BZ32/100)*ROUND((Source!AF32*Source!AV32)*Source!I32, 2), 2) -> 1563.96 | R37: =Source!X32 -> 1563.96 | S37: =ROUND((Source!CA32/100)*ROUND((Source!AF32*Source!AV32)*Source!I32, 2), 2) -> 223.42 | T37: =Source!Y32 -> 223.42 | U37: =ROUND((175/100)*ROUND((Source!AE32*Source!AV32)*Source!I32, 2), 2) -> 606.24 | V37: =ROUND((108/100)*ROUND(Source!CS32*Source!I32, 2), 2) -> 374.13
C38: ="Объем: "&Source!I32&"=4+"&"2" -> Объем: 6=4+2
C39: ЗП | F39: =Source!AO32 -> 531.96 | G39: =Source!DG32 -> )*0,70 | H39: =Source!AV32 -> 1 | I39: =IF(Source!BA32<> 0, Source!BA32, 1) -> 1 | J39: =Source!S32 -> 2234.23
C40: ЭМ | F40: =Source!AM32 -> 126.38 | G40: =Source!DE32 -> )*0,70 | H40: =Source!AV32 -> 1 | I40: =IF(Source!BB32<> 0, Source!BB32, 1) -> 1 | J40: =Source!Q32 -> 530.8
C41: в т.ч. ЗПМ | F41: =Source!AN32 -> 82.48 | G41: =Source!DF32 -> )*0,70 | H41: =Source!AV32 -> 1 | I41: =IF(Source!BS32<> 0, Source!BS32, 1) -> 1 | J41: =Source!R32 -> 346.42
C42: МР | F42: =Source!AL32 -> 8.46 | G42: =Source!DD32 -> )*1 | H42: =Source!AW32 -> 1 | I42: =IF(Source!BC32<> 0, Source!BC32, 1) -> 1 | J42: =Source!P32 -> 50.76
C43: НР от ЗП | D43: % | E43: =Source!AT32 -> 70 | J43: =SUM(R37:R42) -> 1563.96
C44: СП от ЗП | D44: % | E44: =Source!AU32 -> 10 | J44: =SUM(T37:T43) -> 223.42
C45: НР и СП от ЗПМ | D45: % | E45: =108 -> 108 | J45: =SUM(V37:V44) -> 374.13
C46: ЗТР | D46: чел-ч | E46: =Source!AQ32 -> 1.37 | G46: =Source!DI32 -> )*0,70 | H46: =Source!AV32 -> 1 | K46: =Source!U32 -> 5.754
I47: =J39+J40+J42+J43+J44+J45 -> 4977.3 | K47: =IF(Source!I32<>0, ROUND(I47/Source!I32, 2), 0) -> 829.55 | P47: =I47 -> 4977.3
A48: 2 | B48: 3.1-2201-25-1/1 Поправка: СН-2012. Гл.1 Сб.22 п.3.6.1 | C48: =Source!G33 -> Технический осмотр прибора приемно-контрольного "Сигнал-20П" (ППКОПУ R3-Рубеж-2ОП (R3-Link), ППКОПУ Рубеж-2ОП (RS-485)) | D48: =Source!H33 -> шт. | E48: =Source!I33 -> 6 | Q48: =ROUND((Source!BZ33/100)*ROUND((Source!AF33*Source!AV33)*Source!I33, 2), 2) -> 1076.23 | R48: =Source!X33 -> 1076.23 | S48: =ROUND((Source!CA33/100)*ROUND((Source!AF33*Source!AV33)*Source!I33, 2), 2) -> 153.75 | T48: =Source!Y33 -> 153.75 | U48: =ROUND((175/100)*ROUND((Source!AE33*Source!AV33)*Source!I33, 2), 2) -> 446.99 | V48: =ROUND((108/100)*ROUND(Source!CS33*Source!I33, 2), 2) -> 275.85
C49: ="Объем: "&Source!I33&"=4+"&"2" -> Объем: 6=4+2
C50: ЗП | F50: =Source!AO33 -> 31.06 | G50: =Source!DG33 -> )*0,75)*11 | H50: =Source!AV33 -> 1 | I50: =IF(Source!BA33<> 0, Source!BA33, 1) -> 1 | J50: =Source!S33 -> 1537.47
C51: ЭМ | F51: =Source!AM33 -> 7.9 | G51: =Source!DE33 -> )*0,75)*11 | H51: =Source!AV33 -> 1 | I51: =IF(Source!BB33<> 0, Source!BB33, 1) -> 1 | J51: =Source!Q33 -> 391.05
C52: в т.ч. ЗПМ | F52: =Source!AN33 -> 5.16 | G52: =Source!DF33 -> )*0,75)*11 | H52: =Source!AV33 -> 1 | I52: =IF(Source!BS33<> 0, Source!BS33, 1) -> 1 | J52: =Source!R33 -> 255.42
C53: МР | F53: =Source!AL33 -> 1.79 | G53: =Source!DD33 -> )*1)*11 | H53: =Source!AW33 -> 1 | I53: =IF(Source!BC33<> 0, Source!BC33, 1) -> 1 | J53: =Source!P33 -> 118.14
C54: НР от ЗП | D54: % | E54: =Source!AT33 -> 70 | J54: =SUM(R48:R53) -> 1076.23
C55: СП от ЗП | D55: % | E55: =Source!AU33 -> 10 | J55: =SUM(T48:T54) -> 153.75
C56: НР и СП от ЗПМ | D56: % | E56: =108 -> 108 | J56: =SUM(V48:V55) -> 275.85
C57: ЗТР | D57: чел-ч | E57: =Source!AQ33 -> 0.08 | G57: =Source!DI33 -> )*0,75)*11 | H57: =Source!AV33 -> 1 | K57: =Source!U33 -> 3.96
I58: =J50+J51+J53+J54+J55+J56 -> 3552.49 | K58: =IF(Source!I33<>0, ROUND(I58/Source!I33, 2), 0) -> 592.08 | P58: =I58 -> 3552.49
A59: 3 | B59: =Source!F34 -> 1.22-2203-104-6/1 | C59: =Source!G34 -> Техническое обслуживание приборов системы охранно-пожарной сигнализации на базе оборудования С2000, блок индикации С2000-БКИ (С2000-БИ) - годовое (R3-Рубеж-БИУ (R3-LINK), Рубеж-БИУ (RS-485)) | D59: =Source!H34 -> шт. | E59: =Source!I34 -> 2 | Q59: =ROUND((Source!BZ34/100)*ROUND((Source!AF34*Source!AV34)*Source!I34, 2), 2) -> 152.49 | R59: =Source!X34 -> 152.49 | S59: =ROUND((Source!CA34/100)*ROUND((Source!AF34*Source!AV34)*Source!I34, 2), 2) -> 21.78 | T59: =Source!Y34 -> 21.78 | U59: =ROUND((175/100)*ROUND((Source!AE34*Source!AV34)*Source!I34, 2), 2) -> 0 | V59: =ROUND((108/100)*ROUND(Source!CS34*Source!I34, 2), 2) -> 0
C60: ЗП | F60: =Source!AO34 -> 108.92 | G60: =Source!DG34 | H60: =Source!AV34 -> 1 | I60: =IF(Source!BA34<> 0, Source!BA34, 1) -> 1 | J60: =Source!S34 -> 217.84
C61: МР | F61: =Source!AL34 -> 41.66 | G61: =Source!DD34 | H61: =Source!AW34 -> 1 | I61: =IF(Source!BC34<> 0, Source!BC34, 1) -> 1 | J61: =Source!P34 -> 83.32
C62: НР от ЗП | D62: % | E62: =Source!AT34 -> 70 | J62: =SUM(R59:R61) -> 152.49
C63: СП от ЗП | D63: % | E63: =Source!AU34 -> 10 | J63: =SUM(T59:T62) -> 21.78
C64: ЗТР | D64: чел-ч | E64: =Source!AQ34 -> 0.3 | G64: =Source!DI34 | H64: =Source!AV34 -> 1 | K64: =Source!U34 -> 0.6
I65: =J60+J61+J62+J63 -> 475.43 | K65: =IF(Source!I34<>0, ROUND(I65/Source!I34, 2), 0) -> 237.72 | P65: =I65 -> 475.43
A66: 4 | B66: 3.1-2203-17-1/1 Поправка: СН-2012. Гл.1 Сб.22 п.3.6.2 | C66: =Source!G35 -> Техническое обслуживание источника вторичного электропитания резервированного "ИБП 1200\2400" | D66: =Source!H35 -> шт. | E66: =Source!I35 -> 4 | Q66: =ROUND((Source!BZ35/100)*ROUND((Source!AF35*Source!AV35)*Source!I35, 2), 2) -> 266.36 | R66: =Source!X35 -> 266.36 | S66: =ROUND((Source!CA35/100)*ROUND((Source!AF35*Source!AV35)*Source!I35, 2), 2) -> 38.05 | T66: =Source!Y35 -> 38.05 | U66: =ROUND((175/100)*ROUND((Source!AE35*Source!AV35)*Source!I35, 2), 2) -> 101.05 | V66: =ROUND((108/100)*ROUND(Source!CS35*Source!I35, 2), 2) -> 62.36
C67: ЗП | F67: =Source!AO35 -> 135.9 | G67: =Source!DG35 -> )*0,70 | H67: =Source!AV35 -> 1 | I67: =IF(Source!BA35<> 0, Source!BA35, 1) -> 1 | J67: =Source!S35 -> 380.52
C68: ЭМ | F68: =Source!AM35 -> 31.59 | G68: =Source!DE35 -> )*0,70 | H68: =Source!AV35 -> 1 | I68: =IF(Source!BB35<> 0, Source!BB35, 1) -> 1 | J68: =Source!Q35 -> 88.45
C69: в т.ч. ЗПМ | F69: =Source!AN35 -> 20.62 | G69: =Source!DF35 -> )*0,70 | H69: =Source!AV35 -> 1 | I69: =IF(Source!BS35<> 0, Source!BS35, 1) -> 1 | J69: =Source!R35 -> 57.74
C70: МР | F70: =Source!AL35 -> 8.46 | G70: =Source!DD35 -> )*1 | H70: =Source!AW35 -> 1 | I70: =IF(Source!BC35<> 0, Source!BC35, 1) -> 1 | J70: =Source!P35 -> 33.84
C71: НР от ЗП | D71: % | E71: =Source!AT35 -> 70 | J71: =SUM(R66:R70) -> 266.36
C72: СП от ЗП | D72: % | E72: =Source!AU35 -> 10 | J72: =SUM(T66:T71) -> 38.05
C73: НР и СП от ЗПМ | D73: % | E73: =108 -> 108 | J73: =SUM(V66:V72) -> 62.36
C74: ЗТР | D74: чел-ч | E74: =Source!AQ35 -> 0.35 | G74: =Source!DI35 -> )*0,70 | H74: =Source!AV35 -> 1 | K74: =Source!U35 -> 0.98
I75: =J67+J68+J70+J71+J72+J73 -> 869.58 | K75: =IF(Source!I35<>0, ROUND(I75/Source!I35, 2), 0) -> 217.4 | P75: =I75 -> 869.58
A76: 5 | B76: 3.1-2201-16-1/1 Поправка: СН-2012. Гл.1 Сб.22 п.3.6.1 | C76: =Source!G36 -> Технический осмотр Источник вторичного электропитания резервированного "ИБП 1200\2400" | D76: =Source!H36 -> шт. | E76: =Source!I36 -> 4 | Q76: =ROUND((Source!BZ36/100)*ROUND((Source!AF36*Source!AV36)*Source!I36, 2), 2) -> 538.23 | R76: =Source!X36 -> 538.23 | S76: =ROUND((Source!CA36/100)*ROUND((Source!AF36*Source!AV36)*Source!I36, 2), 2) -> 76.89 | T76: =Source!Y36 -> 76.89 | U76: =ROUND((175/100)*ROUND((Source!AE36*Source!AV36)*Source!I36, 2), 2) -> 297.99 | V76: =ROUND((108/100)*ROUND(Source!CS36*Source!I36, 2), 2) -> 183.9
C77: ЗП | F77: =Source!AO36 -> 23.3 | G77: =Source!DG36 -> )*0,75)*11 | H77: =Source!AV36 -> 1 | I77: =IF(Source!BA36<> 0, Source!BA36, 1) -> 1 | J77: =Source!S36 -> 768.9
C78: ЭМ | F78: =Source!AM36 -> 7.9 | G78: =Source!DE36 -> )*0,75)*11 | H78: =Source!AV36 -> 1 | I78: =IF(Source!BB36<> 0, Source!BB36, 1) -> 1 | J78: =Source!Q36 -> 260.7
C79: в т.ч. ЗПМ | F79: =Source!AN36 -> 5.16 | G79: =Source!DF36 -> )*0,75)*11 | H79: =Source!AV36 -> 1 | I79: =IF(Source!BS36<> 0, Source!BS36, 1) -> 1 | J79: =Source!R36 -> 170.28
C80: МР | F80: =Source!AL36 -> 2.06 | G80: =Source!DD36 -> )*1)*11 | H80: =Source!AW36 -> 1 | I80: =IF(Source!BC36<> 0, Source!BC36, 1) -> 1 | J80: =Source!P36 -> 90.64
C81: НР от ЗП | D81: % | E81: =Source!AT36 -> 70 | J81: =SUM(R76:R80) -> 538.23
C82: СП от ЗП | D82: % | E82: =Source!AU36 -> 10 | J82: =SUM(T76:T81) -> 76.89
C83: НР и СП от ЗПМ | D83: % | E83: =108 -> 108 | J83: =SUM(V76:V82) -> 183.9
C84: ЗТР | D84: чел-ч | E84: =Source!AQ36 -> 0.06 | G84: =Source!DI36 -> )*0,75)*11 | H84: =Source!AV36 -> 1 | K84: =Source!U36 -> 1.98
I85: =J77+J78+J80+J81+J82+J83 -> 1919.26 | K85: =IF(Source!I36<>0, ROUND(I85/Source!I36, 2), 0) -> 479.82 | P85: =I85 -> 1919.26
A86: 6 | B86: 3.1-2203-52-1/1 Поправка: СН-2012. Гл.1 Сб.22 п.3.6.2 | C86: =Source!G37 -> Техническое обслуживание сетевого контроллера шлейфов сигнализации "СКШС-01" (ИЗ-1-R3) | D86: =Source!H37 -> шт. | E86: =Source!I37 -> 45 | Q86: =ROUND((Source!BZ37/100)*ROUND((Source!AF37*Source!AV37)*Source!I37, 2), 2) -> 20291.52 | R86: =Source!X37 -> 20291.52 | S86: =ROUND((Source!CA37/100)*ROUND((Source!AF37*Source!AV37)*Source!I37, 2), 2) -> 2898.79 | T86: =Source!Y37 -> 2898.79 | U86: =ROUND((175/100)*ROUND((Source!AE37*Source!AV37)*Source!I37, 2), 2) -> 7956.74 | V86: =ROUND((108/100)*ROUND(Source!CS37*Source!I37, 2), 2) -> 4910.45
C87: ЗП | F87: =Source!AO37 -> 920.25 | G87: =Source!DG37 -> )*0,70 | H87: =Source!AV37 -> 1 | I87: =IF(Source!BA37<> 0, Source!BA37, 1) -> 1 | J87: =Source!S37 -> 28987.88
C88: ЭМ | F88: =Source!AM37 -> 221.16 | G88: =Source!DE37 -> )*0,70 | H88: =Source!AV37 -> 1 | I88: =IF(Source!BB37<> 0, Source!BB37, 1) -> 1 | J88: =Source!Q37 -> 6966.54
C89: в т.ч. ЗПМ | F89: =Source!AN37 -> 144.34 | G89: =Source!DF37 -> )*0,70 | H89: =Source!AV37 -> 1 | I89: =IF(Source!BS37<> 0, Source!BS37, 1) -> 1 | J89: =Source!R37 -> 4546.71
C90: МР | F90: =Source!AL37 -> 8.46 | G90: =Source!DD37 -> )*1 | H90: =Source!AW37 -> 1 | I90: =IF(Source!BC37<> 0, Source!BC37, 1) -> 1 | J90: =Source!P37 -> 380.7
C91: НР от ЗП | D91: % | E91: =Source!AT37 -> 70 | J91: =SUM(R86:R90) -> 20291.52
C92: СП от ЗП | D92: % | E92: =Source!AU37 -> 10 | J92: =SUM(T86:T91) -> 2898.79
C93: НР и СП от ЗПМ | D93: % | E93: =108 -> 108 | J93: =SUM(V86:V92) -> 4910.45
C94: ЗТР | D94: чел-ч | E94: =Source!AQ37 -> 2.37 | G94: =Source!DI37 -> )*0,70 | H94: =Source!AV37 -> 1 | K94: =Source!U37 -> 74.655
I95: =J87+J88+J90+J91+J92+J93 -> 64435.88 | K95: =IF(Source!I37<>0, ROUND(I95/Source!I37, 2), 0) -> 1431.91 | P95: =I95 -> 64435.88
A96: 7 | B96: 3.1-2201-50-1/1 Поправка: СН-2012. Гл.1 Сб.22 п.3.6.1 | C96: =Source!G38 -> Технический осмотр сетевого контроллера шлейфов сигнализации "СКШС-01" (ИЗ-1-R3) | D96: =Source!H38 -> шт. | E96: =Source!I38 -> 45 | Q96: =ROUND((Source!BZ38/100)*ROUND((Source!AF38*Source!AV38)*Source!I38, 2), 2) -> 8071.72 | R96: =Source!X38 -> 8071.72 | S96: =ROUND((Source!CA38/100)*ROUND((Source!AF38*Source!AV38)*Source!I38, 2), 2) -> 1153.1 | T96: =Source!Y38 -> 1153.1 | U96: =ROUND((175/100)*ROUND((Source!AE38*Source!AV38)*Source!I38, 2), 2) -> 3352.39 | V96: =ROUND((108/100)*ROUND(Source!CS38*Source!I38, 2), 2) -> 2068.9
C97: ЗП | F97: =Source!AO38 -> 31.06 | G97: =Source!DG38 -> )*0,75)*11 | H97: =Source!AV38 -> 1 | I97: =IF(Source!BA38<> 0, Source!BA38, 1) -> 1 | J97: =Source!S38 -> 11531.03
C98: ЭМ | F98: =Source!AM38 -> 7.9 | G98: =Source!DE38 -> )*0,75)*11 | H98: =Source!AV38 -> 1 | I98: =IF(Source!BB38<> 0, Source!BB38, 1) -> 1 | J98: =Source!Q38 -> 2932.88
C99: в т.ч. ЗПМ | F99: =Source!AN38 -> 5.16 | G99: =Source!DF38 -> )*0,75)*11 | H99: =Source!AV38 -> 1 | I99: =IF(Source!BS38<> 0, Source!BS38, 1) -> 1 | J99: =Source!R38 -> 1915.65
C100: МР | F100: =Source!AL38 -> 1.79 | G100: =Source!DD38 -> )*1)*11 | H100: =Source!AW38 -> 1 | I100: =IF(Source!BC38<> 0, Source!BC38, 1) -> 1 | J100: =Source!P38 -> 886.05
C101: НР от ЗП | D101: % | E101: =Source!AT38 -> 70 | J101: =SUM(R96:R100) -> 8071.72
C102: СП от ЗП | D102: % | E102: =Source!AU38 -> 10 | J102: =SUM(T96:T101) -> 1153.1
C103: НР и СП от ЗПМ | D103: % | E103: =108 -> 108 | J103: =SUM(V96:V102) -> 2068.9
C104: ЗТР | D104: чел-ч | E104: =Source!AQ38 -> 0.08 | G104: =Source!DI38 -> )*0,75)*11 | H104: =Source!AV38 -> 1 | K104: =Source!U38 -> 29.7
I105: =J97+J98+J100+J101+J102+J103 -> 26643.68 | K105: =IF(Source!I38<>0, ROUND(I105/Source!I38, 2), 0) -> 592.08 | P105: =I105 -> 26643.68
A106: 8 | B106: =Source!F39 -> 1.22-2203-106-1/1 | C106: =Source!G39 -> Техническое обслуживание извещателя пожарного дымового оптико-электронного адресно-аналогового ИП 212-34А "ДИП-34А" - годовое | D106: =Source!H39 -> шт. | E106: =Source!I39 -> 561 | Q106: =ROUND((Source!BZ39/100)*ROUND((Source!AF39*Source!AV39)*Source!I39, 2), 2) -> 22811.94 | R106: =Source!X39 -> 22811.94 | S106: =ROUND((Source!CA39/100)*ROUND((Source!AF39*Source!AV39)*Source!I39, 2), 2) -> 3258.85 | T106: =Source!Y39 -> 3258.85 | U106: =ROUND((175/100)*ROUND((Source!AE39*Source!AV39)*Source!I39, 2), 2) -> 0 | V106: =ROUND((108/100)*ROUND(Source!CS39*Source!I39, 2), 2) -> 0
C107: ЗП | F107: =Source!AO39 -> 58.09 | G107: =Source!DG39 | H107: =Source!AV39 -> 1 | I107: =IF(Source!BA39<> 0, Source!BA39, 1) -> 1 | J107: =Source!S39 -> 32588.49
C108: МР | F108: =Source!AL39 -> 0.06 | G108: =Source!DD39 | H108: =Source!AW39 -> 1 | I108: =IF(Source!BC39<> 0, Source!BC39, 1) -> 1 | J108: =Source!P39 -> 33.66
C109: НР от ЗП | D109: % | E109: =Source!AT39 -> 70 | J109: =SUM(R106:R108) -> 22811.94
C110: СП от ЗП | D110: % | E110: =Source!AU39 -> 10 | J110: =SUM(T106:T109) -> 3258.85
C111: ЗТР | D111: чел-ч | E111: =Source!AQ39 -> 0.16 | G111: =Source!DI39 | H111: =Source!AV39 -> 1 | K111: =Source!U39 -> 89.76
I112: =J107+J108+J109+J110 -> 58692.94 | K112: =IF(Source!I39<>0, ROUND(I112/Source!I39, 2), 0) -> 104.62 | P112: =I112 -> 58692.94
...

Sheet Дефектная ведомость
A1: =Source!B1 -> Smeta.RU (495) 974-1589
D3: "УТВЕРЖДАЮ"
C5: ___________________________
C7: ___________________________
C9: " ___ " ___________ 20 ___ г.
A11: =CONCATENATE("Дефектный акт ", IF(Source!AN15<>"", Source!AN15," ")) -> Дефектный акт
A12: =CONCATENATE("На капитальный ремонт ", Source!G12) -> На капитальный ремонт Техническое обслуживание ГБУЗ "ГП №6 ДЗМ"
B14: Мы, нижеподписавшиеся, произвели осмотр объекта
B15: и постановили произвести ремонт объекта в
B16: следующем объеме:
A17: № п/п | B17: Наименование работ и затрат | C17: Единица измерения | D17: Количество | E17: Примечание
A18: 1 | B18: 2 | C18: 3 | D18: 4 | E18: 5
A19: =CONCATENATE("Локальная смета: ", Source!G20) -> Локальная смета: Новая локальная смета
A20: =CONCATENATE("Раздел: ", Source!G24) -> Раздел: г. Москва, 3-й Михалковский пер., д.22
A21: =CONCATENATE("Подраздел: ", Source!G28) -> Подраздел: АПС
A22: 1 | B22: =Source!G32 -> Техническое обслуживание прибора приемно-контрольного "Сигнал-20П" (ППКОПУ R3-Рубеж-2ОП (R3-Link), ППКОПУ Рубеж-2ОП (RS-485)) | C22: =Source!H32 -> шт. | D22: =Source!I32 -> 6
A23: 2 | B23: =Source!G33 -> Технический осмотр прибора приемно-контрольного "Сигнал-20П" (ППКОПУ R3-Рубеж-2ОП (R3-Link), ППКОПУ Рубеж-2ОП (RS-485)) | C23: =Source!H33 -> шт. | D23: =Source!I33 -> 6
A24: 3 | B24: =Source!G34 -> Техническое обслуживание приборов системы охранно-пожарной сигнализации на базе оборудования С2000, блок индикации С2000-БКИ (С2000-БИ) - годовое (R3-Рубеж-БИУ (R3-LINK), Рубеж-БИУ (RS-485)) | C24: =Source!H34 -> шт. | D24: =Source!I34 -> 2
A25: 4 | B25: =Source!G35 -> Техническое обслуживание источника вторичного электропитания резервированного "ИБП 1200\2400" | C25: =Source!H35 -> шт. | D25: =Source!I35 -> 4
A26: 5 | B26: =Source!G36 -> Технический осмотр Источник вторичного электропитания резервированного "ИБП 1200\2400" | C26: =Source!H36 -> шт. | D26: =Source!I36 -> 4
A27: 6 | B27: =Source!G37 -> Техническое обслуживание сетевого контроллера шлейфов сигнализации "СКШС-01" (ИЗ-1-R3) | C27: =Source!H37 -> шт. | D27: =Source!I37 -> 45
A28: 7 | B28: =Source!G38 -> Технический осмотр сетевого контроллера шлейфов сигнализации "СКШС-01" (ИЗ-1-R3) | C28: =Source!H38 -> шт. | D28: =Source!I38 -> 45
A29: 8 | B29: =Source!G39 -> Техническое обслуживание извещателя пожарного дымового оптико-электронного адресно-аналогового ИП 212-34А "ДИП-34А" - годовое | C29: =Source!H39 -> шт. | D29: =Source!I39 -> 561
A30: 9 | B30: =Source!G40 -> Техническое обслуживание извещателя пожарного ручного адресного "ИПР513-3А" | C30: =Source!H40 -> шт. | D30: =Source!I40 -> 14
A31: 10 | B31: =Source!G41 -> Технический осмотр извещателя пожарного ручного адресного "ИПР513-3А" | C31: =Source!H41 -> шт. | D31: =Source!I41 -> 14
A32: 11 | B32: =Source!G42 -> Техническое обслуживание устройства сигнально-пускового пожарного адресуемого типа УСПП 01041-2-1 "Гамма-А" Устройство дистанционного пуска адресное УДП513-11 | C32: =Source!H42 -> шт. | D32: =Source!I42 -> 40
A33: 12 | B33: =Source!G43 -> Технический осмотр устройства сигнально-пускового пожарного адресуемого типа УСПП 01041-2-1 "Гамма-А" Устройство дистанционного пуска адресное УДП513-11 | C33: =Source!H43 -> шт. | D33: =Source!I43 -> 40
... A38: 17 | B38: =Source!G48 -> Техническое обслуживание приборов системы охранно-пожарной сигнализации, резервированный источник питания "РИП-24" - годовое | C38: =Source!H48 -> шт. | D38: =Source!I48 -> 1
A39: =CONCATENATE("Подраздел: ", Source!G80) -> Подраздел: Система оповещения
A40: 18 | B40: =Source!G84 -> Техническое обслуживание прибора приемно-контрольного "Сигнал-20П" | C40: =Source!H84 -> шт. | D40: =Source!I84 -> 1
A41: 19 | B41: =Source!G85 -> Технический осмотр прибора приемно-контрольного "Сигнал-20П" | C41: =Source!H85 -> шт. | D41: =Source!I85 -> 1
A42: 20 | B42: =Source!G86 -> Техническое обслуживание приборов системы оповещения, громкоговоритель настенный типа SWS-03 - годовое | C42: =Source!H86 -> шт. | D42: =Source!I86 -> 280
A43: 21 | B43: =Source!G87 -> Техническое обслуживание системы оповещения и управления эвакуацией (СОУЭ) на базе оборудования типа "Сонар", микрофонная консоль - ежемесячное | C43: =Source!H87 -> шт. | D43: =Source!I87 -> 1
A44: 22 | B44: =Source!G89 -> Технический осмотр приборов системы оповещения и управления эвакуацией людей (СОУЭ), оповещатель световой - ежемесячный | C44: =Source!H89 -> 10 шт. | D44: =Source!I89 -> 4.7
A45: 23 | B45: =Source!G90 -> Технический осмотр приборов системы оповещения и управления эвакуацией людей (СОУЭ), оповещатель световой пульсирующий типа строб - ежемесячный | C45: =Source!H90 -> 10 шт. | D45: =Source!I90 -> 10.3
A46: 24 | B46: =Source!G91 -> Техническое обслуживание оповещателя пожарного светового типа "Гамма-С" | C46: =Source!H91 -> 10 шт. | D46: =Source!I91 -> 1.5
A47: 25 | B47: =Source!G92 -> Технический осмотр оповещателя пожарного светового типа "Гамма-С" | C47: =Source!H92 -> 10 шт. | D47: =Source!I92 -> 15
A48: 26 | B48: =Source!G93 -> Техническое обслуживание релейного модуля "РМ-1" (РМ-1-R3, РМ-4-R3, РМ-4К) | C48: =Source!H93 -> шт. | D48: =Source!I93 -> 2
A49: 27 | B49: =Source!G94 -> Технический осмотр Релейный модуль "РМ-1" (РМ-1-R3, РМ-4-R3, РМ-4К) | C49: =Source!H94 -> шт. | D49: =Source!I94 -> 2
A50: =CONCATENATE("Подраздел: ", Source!G126) -> Подраздел: Система пожаротушения
A51: 28 | B51: =Source!G130 -> Техническое обслуживание источника вторичного электропитания резервированного "ИБП 1200\2400" | C51: =Source!H130 -> шт. | D51: =Source!I130 -> 3
A52: 29 | B52: =Source!G131 -> Технический осмотр Источник вторичного электропитания резервированного "ИБП 1200\2400" | C52: =Source!H131 -> шт. | D52: =Source!I131 -> 3
A53: 30 | B53: =Source!G132 -> Техническое обслуживание релейного модуля "РМ-1" (РМ-1-R3, РМ-4-R3, РМ-4К) | C53: =Source!H132 -> шт. | D53: =Source!I132 -> 2
A54: 31 | B54: =Source!G133 -> Технический осмотр Релейный модуль "РМ-1" (РМ-1-R3, РМ-4-R3, РМ-4К) | C54: =Source!H133 -> шт. | D54: =Source!I133 -> 2
A55: 32 | B55: =Source!G134 -> Техническое обслуживание устройства сигнально-пускового пожарного адресуемого типа УСПП 01041-2-1 "Гамма-А" Устройство дистанционного пуска адресное | C55: =Source!H134 -> шт. | D55: =Source!I134 -> 3
A56: 33 | B56: =Source!G135 -> Технический осмотр устройства сигнально-пускового пожарного адресуемого типа УСПП 01041-2-1 "Гамма-А" Устройство дистанционного пуска адресное | C56: =Source!H135 -> шт. | D56: =Source!I135 -> 3
A57: 34 | B57: =Source!G136 -> Техническое обслуживание оповещателя охранно-пожарного звукового типа "Свирель" | C57: =Source!H136 -> шт. | D57: =Source!I136 -> 3
A58: 35 | B58: =Source!G137 -> Техническое обслуживание звукового табло оповещения "Газ! Уходи!", "Газ! Не входи!" | C58: =Source!H137 -> шт. | D58: =Source!I137 -> 9
A59: 36 | B59: =Source!G138 -> Техническое обслуживание извещателя магнитоконтактного типа СМК | C59: =Source!H138 -> шт. | D59: =Source!I138 -> 3
A60: 37 | B60: =Source!G139 -> Техническое обслуживание системы газового пожаротушения, модуль типа MX-1230 - ежемесячное | C60: =Source!H139 -> 1 модуль | D60: =Source!I139 -> 8
A61: =CONCATENATE("Подраздел: ", Source!G171) -> Подраздел: Система дымоудаления
A62: 38 | B62: =Source!G175 -> Техническое обслуживание канального вентилятора - ежемесячное | C62: =Source!H175 -> шт. | D62: =Source!I175 -> 5
A63: 39 | B63: =Source!G176 -> Техническое обслуживание канального вентилятора - ежеквартальное | C63: =Source!H176 -> шт. | D63: =Source!I176 -> 5
A64: 40 | B64: =Source!G178 -> Техническое обслуживание и ремонт в течение года приточных установок с автоматикой, производительностью по воздуху до 5000 м3/ч | C64: =Source!H178 -> установка | D64: =Source!I178 -> 1
A65: 41 | B65: =Source!G179 -> Техническое обслуживание клапанов огнезадерживающих двустворчатых с электромагнитным приводом | C65: =Source!H179 -> шт. | D65: =Source!I179 -> 12
A66: 42 | B66: =Source!G180 -> Техническое обслуживание клапанов обратных воздушных диаметром/периметром до 560/1600 мм | C66: =Source!H180 -> шт. | D66: =Source!I180 -> 2
A67: =CONCATENATE("Раздел: ", Source!G242) -> Раздел: г. Москва, ул. Квесисская 1-Я, д.8
A68: =CONCATENATE("Подраздел: ", Source!G246) -> Подраздел: АПС
A69: 43 | B69: =Source!G250 -> Техническое обслуживание прибора приемно-контрольного охранно-пожарного "ВЭРС-ПК" ("Рубеж-2 ОП" прот. R3) | C69: =Source!H250 -> шт. | D69: =Source!I250 -> 3
A70: 44 | B70: =Source!G251 -> Технический осмотр прибора приемно-контрольного охранно-пожарного "ВЭРС-ПК" ("Рубеж-2 ОП" прот. R3) | C70: =Source!H251 -> шт. | D70: =Source!I251 -> 3
A71: 45 | B71: =Source!G252 -> Техническое обслуживание приборов системы охранно-пожарной сигнализации на базе оборудования С2000, блок индикации С2000-БКИ (С2000-БИ) - годовое (RЗ-Рубеж-БИУ) | C71: =Source!H252 -> шт. | D71: =Source!I252 -> 5
A72: 46 | B72: =Source!G253 -> Техническое обслуживание извещателя пожарного дымового оптико-электронного адресно-аналогового ИП 212-34А "ДИП-34А" - годовое | C72: =Source!H253 -> шт. | D72: =Source!I253 -> 395
A73: 47 | B73: =Source!G254 -> Техническое обслуживание извещателя пожарного дымового оптико-электронного адресно-аналогового ИП 212-34А "ДИП-34А" - испытания извещателя | C73: =Source!H254 -> шт. | D73: =Source!I254 -> 395
A74: 48 | B74: =Source!G255 -> Техническое обслуживание извещателя пожарного дымового оптико-электронного адресно-аналогового ИП 212-34А "ДИП-34А" - удаление пыли с поверхности дымовой камеры | C74: =Source!H255 -> шт. | D74: =Source!I255 -> 395
A75: 49 | B75: =Source!G256 -> Техническое обслуживание извещателя пожарного ручного адресный "ИПР" | C75: =Source!H256 -> шт. | D75: =Source!I256 -> 15
A76: 50 | B76: =Source!G257 -> Технический осмотр извещателя пожарного ручного адресного "ИПР" | C76: =Source!H257 -> шт. | D76: =Source!I257 -> 15
A77: 51 | B77: =Source!G258 -> Техническое обслуживание блока контроля зоны "БКЗ" (ИЗ-1Б-RЗ) | C77: =Source!H258 -> шт. | D77: =Source!I258 -> 40
A78: 52 | B78: =Source!G259 -> Технический осмотр блока контроля зоны "БКЗ" (ИЗ-1Б-RЗ) | C78: =Source!H259 -> шт. | D78: =Source!I259 -> 40
A79: 53 | B79: =Source!G260 -> Техническое обслуживание блока релейного адресного "БРА-03-4" | C79: =Source!H260 -> шт. | D79: =Source!I260 -> 93
A80: 54 | B80: =Source!G261 -> Технический осмотр блока релейного адресного "БРА-03-4" | C80: =Source!H261 -> шт. | D80: =Source!I261 -> 93
... A91: 65 | B91: =Source!G272 -> Технический осмотр прибора приемно-контрольного охранно-пожарного "ВЭРС-ПК" (Модуль управления клапаном дымоудаления МДУ-1- R3) | C91: =Source!H272 -> шт. | D91: =Source!I272 -> 161
A92: =CONCATENATE("Подраздел: ", Source!G304) -> Подраздел: СОУЭ
A93: 66 | B93: =Source!G308 -> Техническое обслуживание пульта охранно-пожарной сигнализации (ОПП) (SONAR SPM-20) | C93: =Source!H308 -> 10 шт. | D93: =Source!I308 -> 0.1
A94: 67 | B94: =Source!G309 -> Технический осмотр пульт охранно-пожарной сигнализации (ОПП) (SONAR SPM-20) | C94: =Source!H309 -> 10 шт. | D94: =Source!I309 -> 0.1
A95: 68 | B95: =Source!G310 -> Техническое обслуживание системы оповещения и управления эвакуацией (СОУЭ) на базе оборудования типа "Сонар", микрофонная консоль - ежемесячное | C95: =Source!H310 -> шт. | D95: =Source!I310 -> 1
A96: 69 | B96: =Source!G311 -> Техническое обслуживание источника резервного питания "СКАТ-1200Р\20" или "СКАТ-2400Р\20" (Рубеж БР 24 исп. 2Х40 ) | C96: =Source!H311 -> шт. | D96: =Source!I311 -> 1
A97: 70 | B97: =Source!G312 -> Технический осмотр Источник резервного питания "СКАТ-1200Р\20" или "СКАТ-2400Р\20" (Рубеж БР 24 исп. 2Х40 ) | C97: =Source!H312 -> шт. | D97: =Source!I312 -> 1
A98: 71 | B98: =Source!G313 -> Технический осмотр приборов системы оповещения и управления эвакуацией людей (СОУЭ), оповещатель световой - ежемесячный ("Выход") | C98: =Source!H313 -> 10 шт. | D98: =Source!I313 -> 2.7
A99: 72 | B99: =Source!G314 -> Техническое обслуживание оповещателя пожарного комбинированного светозвукового "HE-8S/STW" | C99: =Source!H314 -> шт. | D99: =Source!I314 -> 10
A100: 73 | B100: =Source!G315 -> Технический осмотр оповещателя пожарного комбинированного светозвукового "HE-8S/STW" | C100: =Source!H315 -> шт. | D100: =Source!I315 -> 10
A101: 74 | B101: =Source!G316 -> Техническое обслуживание блока контроля зоны "БКЗ" (ИЗ-1Б-RЗ) | C101: =Source!H316 -> шт. | D101: =Source!I316 -> 8
A102: 75 | B102: =Source!G317 -> Технический осмотр блока контроля зоны "БКЗ" )ИЗ-1Б-RЗ) | C102: =Source!H317 -> шт. | D102: =Source!I317 -> 8
A103: 76 | B103: =Source!G318 -> Техническое обслуживание приборов системы оповещения, громкоговоритель настенный типа SWS-03 - годовое | C103: =Source!H318 -> шт. | D103: =Source!I318 -> 147
A104: =CONCATENATE("Подраздел: ", Source!G350) -> Подраздел: АГПТ
A105: 77 | B105: =Source!G355 -> Техническое обслуживание прибора приемно-контрольного охранно-пожарного "ВЭРС-ПК" (РУБЕЖ-ПДУ-ПТ прот. R3) | C105: =Source!H355 -> шт. | D105: =Source!I355 -> 2
A106: 78 | B106: =Source!G356 -> Технический осмотр прибора приемно-контрольного охранно-пожарного "ВЭРС-ПК" (РУБЕЖ-ПДУ-ПТ прот. R3) | C106: =Source!H356 -> шт. | D106: =Source!I356 -> 2
A107: 79 | B107: =Source!G357 -> Техническое обслуживание извещателя пожарного дымового оптико-электронного адресно-аналогового ИП 212-34А "ДИП-34А" - годовое | C107: =Source!H357 -> шт. | D107: =Source!I357 -> 21
A108: 80 | B108: =Source!G358 -> Техническое обслуживание извещателя пожарного дымового оптико-электронного адресно-аналогового ИП 212-34А "ДИП-34А" - испытания извещателя | C108: =Source!H358 -> шт. | D108: =Source!I358 -> 21
A109: 81 | B109: =Source!G359 -> Техническое обслуживание извещателя пожарного дымового оптико-электронного адресно-аналогового ИП 212-34А "ДИП-34А" - удаление пыли с поверхности дымовой камеры | C109: =Source!H359 -> шт. | D109: =Source!I359 -> 21
A110: 82 | B110: =Source!G360 -> Техническое обслуживание кнопки управления, число кнопок до 9 (Элемент дистанционного управления) | C110: =Source!H360 -> 10 шт. | D110: =Source!I360 -> 0.6
A111: 83 | B111: =Source!G361 -> Технический осмотр кнопки управления, число кнопок до 9 (Элемент дистанционного управления) | C111: =Source!H361 -> 10 шт. | D111: =Source!I361 -> 0.6
A112: 84 | B112: =Source!G362 -> Техническое обслуживание извещателя магнитоконтактного типа СМК (ИО 102-51, ИО 102-2) | C112: =Source!H362 -> шт. | D112: =Source!I362 -> 24
A113: 85 | B113: =Source!G363 -> Техническое обслуживание оповещателя пожарного комбинированного светозвукового "HE-8S/STW" (Маяк-24-3М) | C113: =Source!H363 -> шт. | D113: =Source!I363 -> 1
A114: 86 | B114: =Source!G364 -> Технический осмотр оповещателя пожарного комбинированного светозвукового "HE-8S/STW" (Маяк-24-3М) | C114: =Source!H364 -> шт. | D114: =Source!I364 -> 1
A115: 87 | B115: =Source!G365 -> Технический осмотр приборов системы оповещения и управления эвакуацией людей (СОУЭ), оповещатель световой - ежемесячный (Молния-12 СН) | C115: =Source!H365 -> 10 шт. | D115: =Source!I365 -> 1.8
A116: 88 | B116: =Source!G366 -> Техническое обслуживание системы газового пожаротушения, модуль типа MX-1230 - ежемесячное (7 Заря-22, ЛПТ-2, МГП (55-120-55)) | C116: =Source!H366 -> 1 модуль | D116: =Source!I366 -> 8
... A120: 92 | B120: =Source!G370 -> Технический осмотр Источники бесперебойного питания "800VA\1000VA\1500VA\2200VA" (ИВЭПР 12/5) | C120: =Source!H370 -> шт. | D120: =Source!I370 -> 1
A121: =CONCATENATE("Подраздел: ", Source!G402) -> Подраздел: Дымоудаление
A122: 93 | B122: =Source!G406 -> Техническое обслуживание и ремонт в течение года вытяжных установок производительностью по воздуху до 20000 м3/ч | C122: =Source!H406 -> установка | D122: =Source!I406 -> 2
A123: 94 | B123: =Source!G407 -> Техническое обслуживание и ремонт в течение года приточных установок с автоматикой, производительностью по воздуху до 5000 м3/ч | C123: =Source!H407 -> установка | D123: =Source!I407 -> 1
...

Sheet ОСР январь 2024 года
A1: =SourceObSm!B1 -> Smeta.RU (495) 974-1589
J2: Форма 3
B4: =IF(SourceObSm!G4<>"",SourceObSm!G4,IF(SourceObSm!F4<>"",SourceObSm!F4,IF(SourceObSm!G5<>"",SourceObSm!G5,IF(SourceObSm!F5<>"",SourceObSm!F5,IF(SourceObSm!G6<>"",SourceObSm!G6,IF(SourceObSm!G12<>"",SourceObSm!G12," ")))))) -> Техническое обслуживание ГБУЗ "ГП №6 ДЗМ"
B5: (Наименование стройки)
B7: =CONCATENATE( "ОБЪЕКТНЫЙ СМЕТНЫЙ РАСЧЕТ № ", SourceObSm!F12) -> ОБЪЕКТНЫЙ СМЕТНЫЙ РАСЧЕТ № Новый объект
B8: (объектная смета)
B10: =CONCATENATE( "на строительство (капитальный ремонт) ",IF(SourceObSm!G12<>"",SourceObSm!G12,IF(SourceObSm!F12<>"",SourceObSm!F12," "))) -> на строительство (капитальный ремонт) Техническое обслуживание ГБУЗ "ГП №6 ДЗМ"
B12: Сметная стоимость | D12: =H24 -> 5869030 | E12: руб.
B14: Средства на оплату труда | D14: =I24 -> 3077980 | E14: руб.
B16: Расчетный измеритель единичной стоимости | D16: =SourceObSm!I12 -> 0 | E16: =SourceObSm!H12
B18: Составлен(а) в базисном уровне цен
J19: руб.
A20: № п/п | B20: Номера сметных расчетов (смет) | C20: Наименование работ и затрат | D20: Сметная стоимость, руб. | I20: Средства на оплату труда | J20: Показатели единичной стоимости
D21: строите-льных работ | E21: монтажных работ | F21: оборудо-вания, мебели, инвентаря | G21: прочих затрат | H21: Всего
A22: 1 | B22: 2 | C22: 3 | D22: 4 | E22: 5 | F22: 6 | G22: 7 | H22: 8 | I22: 9 | J22: 10
A23: 1 | B23: =SourceObSm!C16 | C23: =SourceObSm!D16 -> Новая локальная смета | D23: =IF(SourceObSm!E16*1000=0,0, ROUND(SourceObSm!E16*1000,6)) -> 0 | E23: =IF(SourceObSm!F16*1000=0,0, ROUND(SourceObSm!F16*1000,6)) -> 0 | F23: =IF(SourceObSm!G16*1000=0,0, ROUND(SourceObSm!G16*1000,6)) -> 0 | G23: =IF(SourceObSm!H16*1000=0,0, ROUND(SourceObSm!H16*1000,6)) -> 5869030 | H23: =IF(SourceObSm!I16*1000=0,0, ROUND(SourceObSm!I16*1000,6)) -> 5869030 | I23: =IF(SourceObSm!J16*1000=0,0, ROUND(SourceObSm!J16*1000,6)) -> 3077980 | J23: =IF(H23="-","-",IF(SourceObSm!I12=0,0,H23/SourceObSm!I12)) -> 0
C24: ИТОГО: | D24: =IF(SourceObSm!E18*1000=0,0, ROUND(SourceObSm!E18*1000,6)) -> 0 | E24: =IF(SourceObSm!F18*1000=0,0, ROUND(SourceObSm!F18*1000,6)) -> 0 | F24: =IF(SourceObSm!G18*1000=0,0, ROUND(SourceObSm!G18*1000,6)) -> 0 | G24: =IF(SourceObSm!H18*1000=0,0, ROUND(SourceObSm!H18*1000,6)) -> 5869030 | H24: =IF(SourceObSm!I18*1000=0,0, ROUND(SourceObSm!I18*1000,6)) -> 5869030 | I24: =IF(SourceObSm!J18*1000=0,0, ROUND(SourceObSm!J18*1000,6)) -> 3077980
C25: в том числе
B26: =SourceObSm!N47 | C26: =SourceObSm!H47 -> Итого | H26: =ROUND(SourceObSm!F47,6) -> 5869034.3
B27: =SourceObSm!N48 | C27: =SourceObSm!H48 -> НДС 20% | H27: =ROUND(SourceObSm!F48,6) -> 1173806.9
B28: =SourceObSm!N49 | C28: =SourceObSm!H49 -> Всего | H28: =ROUND(SourceObSm!F49,6) -> 7042841.2
B31: Главный инженер проекта | G31: =IF(SourceObSm!X12<>"",SourceObSm!X12,"")
C32: [подпись(инициалы,фамилия)]
B34: Начальник | C34: =IF(SourceObSm!AA12<>"",SourceObSm!AA12,"") | D34: отдела | G34: =IF(SourceObSm!Y12<>"",SourceObSm!Y12,"")
C35: (наименование) | E35: [подпись(инициалы,фамилия)]
B37: Составил | C37: =IF(SourceObSm!AC12<>"",SourceObSm!AC12,"") | G37: =IF(SourceObSm!AB12<>"",SourceObSm!AB12,"")
C38: [должность,подпись(инициалы,фамилия)]
B40: Проверил: | C40: =IF(SourceObSm!AE12<>"",SourceObSm!AE12,"") | G40: =IF(SourceObSm!AD12<>"",SourceObSm!AD12,"")
C41: [должность,подпись(инициалы,фамилия)]

Sheet RV_DATA
A1: BuildingFinished | B1: Trud | C1: Mash | D1: Mat | E1: MatZak | F1: Oborud | G1: OborudZak | H1: ZeroStoim | I1: NegativeKoll | J1: ReUnionKollResurcy | K1: UnionOneUchRes | L1: IdLevel | M1: ViewCodes | N1: UnionCodes | O1: PEREVOZKA
A2: 1 | B2: 1 | C2: 1 | D2: 1 | E2: 1 | F2: 1 | G2: 1 | H2: 1 | I2: 1 | J2: 0 | K2: 1 | L2: 150194011 | M2: 0 | N2: 0 | O2: 0
A4: TYPE | B4: SOURCE_LINK | C4: RABMAT_EX | D4: TIP_RAB | E4: TYPE_TRUD | F4: TAB | G4: NAME | H4: EDIZM | I4: KOLL | J4: UCH | K4: PRICE_B | L4: PRICE_ED | M4: STOIM_B | N4: PRICE_C | O4: STOIM_C | P4: ZPM_B | Q4: ZPM_ED | R4: STOIM_ZPM_B | S4: ZPM_C | T4: STOIM_ZPM_C | U4: RABMAT | V4: WBS | W4: CBSI | X4: CBSII | Y4: TechSpecCVORPP | Z4: CRC_GR_RES | AA4: CRC_B | AB4: CRC_C
A6: =Source!A20 -> 3 | B6: 20 | G6: =Source!G20 -> Новая локальная смета
A7: =Source!A24 -> 4 | B7: 24 | G7: =Source!G24 -> г. Москва, 3-й Михалковский пер., д.22
A8: =Source!A28 -> 5 | B8: 28 | G8: =Source!G28 -> АПС
A9: 20 | B9: 7 | C9: 3 | D9: 0 | E9: =SmtRes!AV7 -> 0 | F9: =SmtRes!I7 -> 21.1-20-1 | G9: =SmtRes!K7 -> Бязь | H9: =SmtRes!O7 -> м2 | I9: =SmtRes!Y7*Source!I32 -> 0.12 | J9: =SmtRes!AO7 -> 1 | K9: =SmtRes!AE7 -> 48.08 | L9: =SmtRes!DB7 -> 0.96 | M9: =ROUND(ROUND(L9*Source!I32, 6)*1, 2) -> 5.76 | N9: =SmtRes!AA7 -> 48.08 | O9: =ROUND(ROUND(L9*Source!I32, 6)*SmtRes!DA7, 2) -> 5.76 | P9: =SmtRes!AG7 -> 0 | Q9: =SmtRes!DC7 -> 0 | R9: =ROUND(ROUND(Q9*Source!I32, 6)*1, 2) -> 0 | S9: =SmtRes!AC7 -> 0 | T9: =ROUND(ROUND(Q9*Source!I32, 6)*SmtRes!AK7, 2) -> 0 | U9: 3 | Z9: =SmtRes!X7 -> 1402440005 | AA9: -1894729877 | AB9: -1894729877
A10: 20 | B10: 6 | C10: 3 | D10: 0 | E10: =SmtRes!AV6 -> 0 | F10: =SmtRes!I6 -> 21.1-16-41 | G10: =SmtRes!K6 -> Канифоль | H10: =SmtRes!O6 -> кг | I10: =SmtRes!Y6*Source!I32 -> 0.021 | J10: =SmtRes!AO6 -> 1 | K10: =SmtRes!AE6 -> 404.48 | L10: =SmtRes!DB6 -> 1.42 | M10: =ROUND(ROUND(L10*Source!I32, 6)*1, 2) -> 8.52 | N10: =SmtRes!AA6 -> 404.48 | O10: =ROUND(ROUND(L10*Source!I32, 6)*SmtRes!DA6, 2) -> 8.52 | P10: =SmtRes!AG6 -> 0 | Q10: =SmtRes!DC6 -> 0 | R10: =ROUND(ROUND(Q10*Source!I32, 6)*1, 2) -> 0 | S10: =SmtRes!AC6 -> 0 | T10: =ROUND(ROUND(Q10*Source!I32, 6)*SmtRes!AK6, 2) -> 0 | U10: 3 | Z10: =SmtRes!X6 -> -1116031774 | AA10: -843402697 | AB10: -843402697
A11: 20 | B11: 5 | C11: 3 | D11: 0 | E11: =SmtRes!AV5 -> 0 | F11: =SmtRes!I5 -> 21.1-16-11 | G11: =SmtRes!K5 -> Ацетон химически чистый | H11: =SmtRes!O5 -> кг | I11: =SmtRes!Y5*Source!I32 -> 0.012 | J11: =SmtRes!AO5 -> 1 | K11: =SmtRes!AE5 -> 271.96 | L11: =SmtRes!DB5 -> 0.54 | M11: =ROUND(ROUND(L11*Source!I32, 6)*1, 2) -> 3.24 | N11: =SmtRes!AA5 -> 271.96 | O11: =ROUND(ROUND(L11*Source!I32, 6)*SmtRes!DA5, 2) -> 3.24 | P11: =SmtRes!AG5 -> 0 | Q11: =SmtRes!DC5 -> 0 | R11: =ROUND(ROUND(Q11*Source!I32, 6)*1, 2) -> 0 | S11: =SmtRes!AC5 -> 0 | T11: =ROUND(ROUND(Q11*Source!I32, 6)*SmtRes!AK5, 2) -> 0 | U11: 3 | Z11: =SmtRes!X5 -> -1814974188 | AA11: -214032763 | AB11: -214032763
A12: 20 | B12: 4 | C12: 3 | D12: 0 | E12: =SmtRes!AV4 -> 0 | F12: =SmtRes!I4 -> 21.1-16-104 | G12: =SmtRes!K4 -> Спирт этиловый технический | H12: =SmtRes!O4 -> кг | I12: =SmtRes!Y4*Source!I32 -> 0.024 | J12: =SmtRes!AO4 -> 1 | K12: =SmtRes!AE4 -> 412.97 | L12: =SmtRes!DB4 -> 1.65 | M12: =ROUND(ROUND(L12*Source!I32, 6)*1, 2) -> 9.9 | N12: =SmtRes!AA4 -> 412.97 | O12: =ROUND(ROUND(L12*Source!I32, 6)*SmtRes!DA4, 2) -> 9.9 | P12: =SmtRes!AG4 -> 0 | Q12: =SmtRes!DC4 -> 0 | R12: =ROUND(ROUND(Q12*Source!I32, 6)*1, 2) -> 0 | S12: =SmtRes!AC4 -> 0 | T12: =ROUND(ROUND(Q12*Source!I32, 6)*SmtRes!AK4, 2) -> 0 | U12: 3 | Z12: =SmtRes!X4 -> 1286462142 | AA12: 1664821204 | AB12: 1664821204
A13: 20 | B13: 3 | C13: 3 | D13: 0 | E13: =SmtRes!AV3 -> 0 | F13: =SmtRes!I3 -> 21.1-15-46 | G13: =SmtRes!K3 -> Припои оловянно-свинцовые в прутках, размеры 8-10х10-15х250-500 мм, марка ПОС-61 | H13: =SmtRes!O3 -> т | I13: =SmtRes!Y3*Source!I32 -> 1.2e-05 | J13: =SmtRes!AO3 -> 1 | K13: =SmtRes!AE3 -> 1945282.4 | L13: =SmtRes!DB3 -> 3.89 | M13: =ROUND(ROUND(L13*Source!I32, 6)*1, 2) -> 23.34 | N13: =SmtRes!AA3 -> 1945282.4 | O13: =ROUND(ROUND(L13*Source!I32, 6)*SmtRes!DA3, 2) -> 23.34 | P13: =SmtRes!AG3 -> 0 | Q13: =SmtRes!DC3 -> 0 | R13: =ROUND(ROUND(Q13*Source!I32, 6)*1, 2) -> 0 | S13: =SmtRes!AC3 -> 0 | T13: =ROUND(ROUND(Q13*Source!I32, 6)*SmtRes!AK3, 2) -> 0 | U13: 3 | Z13: =SmtRes!X3 -> 2010614181 | AA13: 1211539097 | AB13: 1211539097
A14: 20 | B14: 2 | C14: 2 | D14: 0 | E14: =SmtRes!AV2 -> 0 | F14: =SmtRes!I2 -> 22.1-18-24 | G14: =SmtRes!K2 -> Автомобили полупассажирские типа ГАЗ, грузоподъемность до 2 т | H14: =SmtRes!O2 -> маш.-ч | I14: =SmtRes!Y2*Source!I32 -> 0.672 | J14: =SmtRes!AO2 -> 1 | K14: =SmtRes!AF2 -> 789.86 | L14: =SmtRes!DB2 -> 88.466 | M14: =ROUND(ROUND(L14*Source!I32, 6)*1, 2) -> 530.8 | N14: =SmtRes!AB2 -> 789.86 | O14: =ROUND(ROUND(L14*Source!I32, 6)*SmtRes!DA2, 2) -> 530.8 | P14: =SmtRes!AG2 -> 515.51 | Q14: =SmtRes!DC2 -> 57.736 | R14: =ROUND(ROUND(Q14*Source!I32, 6)*1, 2) -> 346.42 | S14: =SmtRes!AC2 -> 515.51 | T14: =ROUND(ROUND(Q14*Source!I32, 6)*SmtRes!AK2, 2) -> 346.42 | U14: 2 | Z14: =SmtRes!X2 -> -1123321947 | AA14: -1084138170 | AB14: -1084138170
A15: 20 | B15: 1 | C15: 1 | D15: 0 | E15: =SmtRes!AV1 -> 1 | F15: =SmtRes!I1 -> 9999990008 | G15: =SmtRes!K1 -> Трудозатраты рабочих | H15: =SmtRes!O1 -> чел.-ч. | I15: =SmtRes!Y1*Source!I32 -> 5.754 | J15: =SmtRes!AO1 -> 1 | K15: =SmtRes!AH1 -> 0 | L15: =SmtRes!DB1 -> 0 | M15: =ROUND(ROUND(L15*Source!I32, 6)*1, 2) -> 0 | N15: =SmtRes!AD1 -> 0 | O15: =ROUND(ROUND(L15*Source!I32, 6)*SmtRes!DA1, 2) -> 0 | P15: =SmtRes!AG1 -> 0 | Q15: =SmtRes!DC1 -> 0 | R15: =ROUND(ROUND(Q15*Source!I32, 6)*1, 2) -> 0 | S15: =SmtRes!AC1 -> 0 | T15: =ROUND(ROUND(Q15*Source!I32, 6)*SmtRes!AK1, 2) -> 0 | U15: 1 | Z15: =SmtRes!X1 -> 476480486 | AA15: -1751963544 | AB15: -1751963544
A16: 20 | B16: 11 | C16: 3 | D16: 0 | E16: =SmtRes!AV11 -> 0 | F16: =SmtRes!I11 -> 21.1-20-1 | G16: =SmtRes!K11 -> Бязь | H16: =SmtRes!O11 -> м2 | I16: =SmtRes!Y11*Source!I33 -> 1.32 | J16: =SmtRes!AO11 -> 1 | K16: =SmtRes!AE11 -> 48.08 | L16: =SmtRes!DB11 -> 10.56 | M16: =ROUND(ROUND(L16*Source!I33, 6)*1, 2) -> 63.36 | N16: =SmtRes!AA11 -> 48.08 | O16: =ROUND(ROUND(L16*Source!I33, 6)*SmtRes!DA11, 2) -> 63.36 | P16: =SmtRes!AG11 -> 0 | Q16: =SmtRes!DC11 -> 0 | R16: =ROUND(ROUND(Q16*Source!I33, 6)*1, 2) -> 0 | S16: =SmtRes!AC11 -> 0 | T16: =ROUND(ROUND(Q16*Source!I33, 6)*SmtRes!AK11, 2) -> 0 | U16: 3 | Z16: =SmtRes!X11 -> 1402440005 | AA16: -1894729877 | AB16: -1894729877
A17: 20 | B17: 10 | C17: 3 | D17: 0 | E17: =SmtRes!AV10 -> 0 | F17: =SmtRes!I10 -> 21.1-16-104 | G17: =SmtRes!K10 -> Спирт этиловый технический | H17: =SmtRes!O10 -> кг | I17: =SmtRes!Y10*Source!I33 -> 0.132 | J17: =SmtRes!AO10 -> 1 | K17: =SmtRes!AE10 -> 412.97 | L17: =SmtRes!DB10 -> 9.13 | M17: =ROUND(ROUND(L17*Source!I33, 6)*1, 2) -> 54.78 | N17: =SmtRes!AA10 -> 412.97 | O17: =ROUND(ROUND(L17*Source!I33, 6)*SmtRes!DA10, 2) -> 54.78 | P17: =SmtRes!AG10 -> 0 | Q17: =SmtRes!DC10 -> 0 | R17: =ROUND(ROUND(Q17*Source!I33, 6)*1, 2) -> 0 | S17: =SmtRes!AC10 -> 0 | T17: =ROUND(ROUND(Q17*Source!I33, 6)*SmtRes!AK10, 2) -> 0 | U17: 3 | Z17: =SmtRes!X10 -> 1286462142 | AA17: 1664821204 | AB17: 1664821204
A18: 20 | B18: 9 | C18: 2 | D18: 0 | E18: =SmtRes!AV9 -> 0 | F18: =SmtRes!I9 -> 22.1-18-24 | G18: =SmtRes!K9 -> Автомобили полупассажирские типа ГАЗ, грузоподъемность до 2 т | H18: =SmtRes!O9 -> маш.-ч | I18: =SmtRes!Y9*Source!I33 -> 0.495 | J18: =SmtRes!AO9 -> 1 | K18: =SmtRes!AF9 -> 789.86 | L18: =SmtRes!DB9 -> 65.175 | M18: =ROUND(ROUND(L18*Source!I33, 6)*1, 2) -> 391.05 | N18: =SmtRes!AB9 -> 789.86 | O18: =ROUND(ROUND(L18*Source!I33, 6)*SmtRes!DA9, 2) -> 391.05 | P18: =SmtRes!AG9 -> 515.51 | Q18: =SmtRes!DC9 -> 42.57 | R18: =ROUND(ROUND(Q18*Source!I33, 6)*1, 2) -> 255.42 | S18: =SmtRes!AC9 -> 515.51 | T18: =ROUND(ROUND(Q18*Source!I33, 6)*SmtRes!AK9, 2) -> 255.42 | U18: 2 | Z18: =SmtRes!X9 -> -1123321947 | AA18: -1084138170 | AB18: -1084138170
A19: 20 | B19: 8 | C19: 1 | D19: 0 | E19: =SmtRes!AV8 -> 1 | F19: =SmtRes!I8 -> 9999990008 | G19: =SmtRes!K8 -> Трудозатраты рабочих | H19: =SmtRes!O8 -> чел.-ч. | I19: =SmtRes!Y8*Source!I33 -> 3.96 | J19: =SmtRes!AO8 -> 1 | K19: =SmtRes!AH8 -> 0 | L19: =SmtRes!DB8 -> 0 | M19: =ROUND(ROUND(L19*Source!I33, 6)*1, 2) -> 0 | N19: =SmtRes!AD8 -> 0 | O19: =ROUND(ROUND(L19*Source!I33, 6)*SmtRes!DA8, 2) -> 0 | P19: =SmtRes!AG8 -> 0 | Q19: =SmtRes!DC8 -> 0 | R19: =ROUND(ROUND(Q19*Source!I33, 6)*1, 2) -> 0 | S19: =SmtRes!AC8 -> 0 | T19: =ROUND(ROUND(Q19*Source!I33, 6)*SmtRes!AK8, 2) -> 0 | U19: 1 | Z19: =SmtRes!X8 -> 476480486 | AA19: -1751963544 | AB19: -1751963544
A20: 20 | B20: 14 | C20: 3 | D20: 0 | E20: =SmtRes!AV14 -> 0 | F20: =SmtRes!I14 -> 21.1-4-7 | G20: =SmtRes!K14 -> Газ негорючий жидкий (воздух сжатый) Clean 360 | H20: =SmtRes!O14 -> л | I20: =SmtRes!Y14*Source!I34 -> 0.006 | J20: =SmtRes!AO14 -> 1 | K20: =SmtRes!AE14 -> 13856.59 | L20: =SmtRes!DB14 -> 41.57 | M20: =ROUND(ROUND(L20*Source!I34, 6)*1, 2) -> 83.14 | N20: =SmtRes!AA14 -> 13856.59 | O20: =ROUND(ROUND(L20*Source!I34, 6)*SmtRes!DA14, 2) -> 83.14 | P20: =SmtRes!AG14 -> 0 | Q20: =SmtRes!DC14 -> 0 | R20: =ROUND(ROUND(Q20*Source!I34, 6)*1, 2) -> 0 | S20: =SmtRes!AC14 -> 0 | T20: =ROUND(ROUND(Q20*Source!I34, 6)*SmtRes!AK14, 2) -> 0 | U20: 3 | Z20: =SmtRes!X14 -> -1791503361 | AA20: 613166462 | AB20: 613166462
A21: 20 | B21: 13 | C21: 3 | D21: 0 | E21: =SmtRes!AV13 -> 0 | F21: =SmtRes!I13 -> 21.1-20-7 | G21: =SmtRes!K13 -> Ветошь | H21: =SmtRes!O13 -> кг | I21: =SmtRes!Y13*Source!I34 -> 0.006 | J21: =SmtRes!AO13 -> 1 | K21: =SmtRes!AE13 -> 29.29 | L21: =SmtRes!DB13 -> 0.09 | M21: =ROUND(ROUND(L21*Source!I34, 6)*1, 2) -> 0.18 | N21: =SmtRes!AA13 -> 29.29 | O21: =ROUND(ROUND(L21*Source!I34, 6)*SmtRes!DA13, 2) -> 0.18 | P21: =SmtRes!AG13 -> 0 | Q21: =SmtRes!DC13 -> 0 | R21: =ROUND(ROUND(Q21*Source!I34, 6)*1, 2) -> 0 | S21: =SmtRes!AC13 -> 0 | T21: =ROUND(ROUND(Q21*Source!I34, 6)*SmtRes!AK13, 2) -> 0 | U21: 3 | Z21: =SmtRes!X13 -> -20334964 | AA21: -854210182 | AB21: -854210182
A22: 20 | B22: 12 | C22: 1 | D22: 0 | E22: =SmtRes!AV12 -> 1 | F22: =SmtRes!I12 -> 9999990008 | G22: =SmtRes!K12 -> Трудозатраты рабочих | H22: =SmtRes!O12 -> чел.-ч. | I22: =SmtRes!Y12*Source!I34 -> 0.6 | J22: =SmtRes!AO12 -> 1 | K22: =SmtRes!AH12 -> 0 | L22: =SmtRes!DB12 -> 0 | M22: =ROUND(ROUND(L22*Source!I34, 6)*1, 2) -> 0 | N22: =SmtRes!AD12 -> 0 | O22: =ROUND(ROUND(L22*Source!I34, 6)*SmtRes!DA12, 2) -> 0 | P22: =SmtRes!AG12 -> 0 | Q22: =SmtRes!DC12 -> 0 | R22: =ROUND(ROUND(Q22*Source!I34, 6)*1, 2) -> 0 | S22: =SmtRes!AC12 -> 0 | T22: =ROUND(ROUND(Q22*Source!I34, 6)*SmtRes!AK12, 2) -> 0 | U22: 1 | Z22: =SmtRes!X12 -> 476480486 | AA22: -1751963544 | AB22: -1751963544
A23: 20 | B23: 21 | C23: 3 | D23: 0 | E23: =SmtRes!AV21 -> 0 | F23: =SmtRes!I21 -> 21.1-20-1 | G23: =SmtRes!K21 -> Бязь | H23: =SmtRes!O21 -> м2 | I23: =SmtRes!Y21*Source!I35 -> 0.08 | J23: =SmtRes!AO21 -> 1 | K23: =SmtRes!AE21 -> 48.08 | L23: =SmtRes!DB21 -> 0.96 | M23: =ROUND(ROUND(L23*Source!I35, 6)*1, 2) -> 3.84 | N23: =SmtRes!AA21 -> 48.08 | O23: =ROUND(ROUND(L23*Source!I35, 6)*SmtRes!DA21, 2) -> 3.84 | P23: =SmtRes!AG21 -> 0 | Q23: =SmtRes!DC21 -> 0 | R23: =ROUND(ROUND(Q23*Source!I35, 6)*1, 2) -> 0 | S23: =SmtRes!AC21 -> 0 | T23: =ROUND(ROUND(Q23*Source!I35, 6)*SmtRes!AK21, 2) -> 0 | U23: 3 | Z23: =SmtRes!X21 -> 1402440005 | AA23: -1894729877 | AB23: -1894729877
A24: 20 | B24: 20 | C24: 3 | D24: 0 | E24: =SmtRes!AV20 -> 0 | F24: =SmtRes!I20 -> 21.1-16-41 | G24: =SmtRes!K20 -> Канифоль | H24: =SmtRes!O20 -> кг | I24: =SmtRes!Y20*Source!I35 -> 0.014 | J24: =SmtRes!AO20 -> 1 | K24: =SmtRes!AE20 -> 404.48 | L24: =SmtRes!DB20 -> 1.42 | M24: =ROUND(ROUND(L24*Source!I35, 6)*1, 2) -> 5.68 | N24: =SmtRes!AA20 -> 404.48 | O24: =ROUND(ROUND(L24*Source!I35, 6)*SmtRes!DA20, 2) -> 5.68 | P24: =SmtRes!AG20 -> 0 | Q24: =SmtRes!DC20 -> 0 | R24: =ROUND(ROUND(Q24*Source!I35, 6)*1, 2) -> 0 | S24: =SmtRes!AC20 -> 0 | T24: =ROUND(ROUND(Q24*Source!I35, 6)*SmtRes!AK20, 2) -> 0 | U24: 3 | Z24: =SmtRes!X20 -> -1116031774 | AA24: -843402697 | AB24: -843402697
A25: 20 | B25: 19 | C25: 3 | D25: 0 | E25: =SmtRes!AV19 -> 0 | F25: =SmtRes!I19 -> 21.1-16-11 | G25: =SmtRes!K19 -> Ацетон химически чистый | H25: =SmtRes!O19 -> кг | I25: =SmtRes!Y19*Source!I35 -> 0.008 | J25: =SmtRes!AO19 -> 1 | K25: =SmtRes!AE19 -> 271.96 | L25: =SmtRes!DB19 -> 0.54 | M25: =ROUND(ROUND(L25*Source!I35, 6)*1, 2) -> 2.16 | N25: =SmtRes!AA19 -> 271.96 | O25: =ROUND(ROUND(L25*Source!I35, 6)*SmtRes!DA19, 2) -> 2.16 | P25: =SmtRes!AG19 -> 0 | Q25: =SmtRes!DC19 -> 0 | R25: =ROUND(ROUND(Q25*Source!I35, 6)*1, 2) -> 0 | S25: =SmtRes!AC19 -> 0 | T25: =ROUND(ROUND(Q25*Source!I35, 6)*SmtRes!AK19, 2) -> 0 | U25: 3 | Z25: =SmtRes!X19 -> -1814974188 | AA25: -214032763 | AB25: -214032763
A26: 20 | B26: 18 | C26: 3 | D26: 0 | E26: =SmtRes!AV18 -> 0 | F26: =SmtRes!I18 -> 21.1-16-104 | G26: =SmtRes!K18 -> Спирт этиловый технический | H26: =SmtRes!O18 -> кг | I26: =SmtRes!Y18*Source!I35 -> 0.016 | J26: =SmtRes!AO18 -> 1 | K26: =SmtRes!AE18 -> 412.97 | L26: =SmtRes!DB18 -> 1.65 | M26: =ROUND(ROUND(L26*Source!I35, 6)*1, 2) -> 6.6 | N26: =SmtRes!AA18 -> 412.97 | O26: =ROUND(ROUND(L26*Source!I35, 6)*SmtRes!DA18, 2) -> 6.6 | P26: =SmtRes!AG18 -> 0 | Q26: =SmtRes!DC18 -> 0 | R26: =ROUND(ROUND(Q26*Source!I35, 6)*1, 2) -> 0 | S26: =SmtRes!AC18 -> 0 | T26: =ROUND(ROUND(Q26*Source!I35, 6)*SmtRes!AK18, 2) -> 0 | U26: 3 | Z26: =SmtRes!X18 -> 1286462142 | AA26: 1664821204 | AB26: 1664821204
A27: 20 | B27: 17 | C27: 3 | D27: 0 | E27: =SmtRes!AV17 -> 0 | F27: =SmtRes!I17 -> 21.1-15-46 | G27: =SmtRes!K17 -> Припои оловянно-свинцовые в прутках, размеры 8-10х10-15х250-500 мм, марка ПОС-61 | H27: =SmtRes!O17 -> т | I27: =SmtRes!Y17*Source!I35 -> 8e-06 | J27: =SmtRes!AO17 -> 1 | K27: =SmtRes!AE17 -> 1945282.4 | L27: =SmtRes!DB17 -> 3.89 | M27: =ROUND(ROUND(L27*Source!I35, 6)*1, 2) -> 15.56 | N27: =SmtRes!AA17 -> 1945282.4 | O27: =ROUND(ROUND(L27*Source!I35, 6)*SmtRes!DA17, 2) -> 15.56 | P27: =SmtRes!AG17 -> 0 | Q27: =SmtRes!DC17 -> 0 | R27: =ROUND(ROUND(Q27*Source!I35, 6)*1, 2) -> 0 | S27: =SmtRes!AC17 -> 0 | T27: =ROUND(ROUND(Q27*Source!I35, 6)*SmtRes!AK17, 2) -> 0 | U27: 3 | Z27: =SmtRes!X17 -> 2010614181 | AA27: 1211539097 | AB27: 1211539097
A28: 20 | B28: 16 | C28: 2 | D28: 0 | E28: =SmtRes!AV16 -> 0 | F28: =SmtRes!I16 -> 22.1-18-24 | G28: =SmtRes!K16 -> Автомобили полупассажирские типа ГАЗ, грузоподъемность до 2 т | H28: =SmtRes!O16 -> маш.-ч | I28: =SmtRes!Y16*Source!I35 -> 0.112 | J28: =SmtRes!AO16 -> 1 | K28: =SmtRes!AF16 -> 789.86 | L28: =SmtRes!DB16 -> 22.113 | M28: =ROUND(ROUND(L28*Source!I35, 6)*1, 2) -> 88.45 | N28: =SmtRes!AB16 -> 789.86 | O28: =ROUND(ROUND(L28*Source!I35, 6)*SmtRes!DA16, 2) -> 88.45 | P28: =SmtRes!AG16 -> 515.51 | Q28: =SmtRes!DC16 -> 14.434 | R28: =ROUND(ROUND(Q28*Source!I35, 6)*1, 2) -> 57.74 | S28: =SmtRes!AC16 -> 515.51 | T28: =ROUND(ROUND(Q28*Source!I35, 6)*SmtRes!AK16, 2) -> 57.74 | U28: 2 | Z28: =SmtRes!X16 -> -1123321947 | AA28: -1084138170 | AB28: -1084138170
A29: 20 | B29: 15 | C29: 1 | D29: 0 | E29: =SmtRes!AV15 -> 1 | F29: =SmtRes!I15 -> 9999990008 | G29: =SmtRes!K15 -> Трудозатраты рабочих | H29: =SmtRes!O15 -> чел.-ч. | I29: =SmtRes!Y15*Source!I35 -> 0.98 | J29: =SmtRes!AO15 -> 1 | K29: =SmtRes!AH15 -> 0 | L29: =SmtRes!DB15 -> 0 | M29: =ROUND(ROUND(L29*Source!I35, 6)*1, 2) -> 0 | N29: =SmtRes!AD15 -> 0 | O29: =ROUND(ROUND(L29*Source!I35, 6)*SmtRes!DA15, 2) -> 0 | P29: =SmtRes!AG15 -> 0 | Q29: =SmtRes!DC15 -> 0 | R29: =ROUND(ROUND(Q29*Source!I35, 6)*1, 2) -> 0 | S29: =SmtRes!AC15 -> 0 | T29: =ROUND(ROUND(Q29*Source!I35, 6)*SmtRes!AK15, 2) -> 0 | U29: 1 | Z29: =SmtRes!X15 -> 476480486 | AA29: -1751963544 | AB29: -1751963544
A30: 20 | B30: 26 | C30: 3 | D30: 0 | E30: =SmtRes!AV26 -> 0 | F30: =SmtRes!I26 -> 21.1-20-1 | G30: =SmtRes!K26 -> Бязь | H30: =SmtRes!O26 -> м2 | I30: =SmtRes!Y26*Source!I36 -> 0.88 | J30: =SmtRes!AO26 -> 1 | K30: =SmtRes!AE26 -> 48.08 | L30: =SmtRes!DB26 -> 10.56 | M30: =ROUND(ROUND(L30*Source!I36, 6)*1, 2) -> 42.24 | N30: =SmtRes!AA26 -> 48.08 | O30: =ROUND(ROUND(L30*Source!I36, 6)*SmtRes!DA26, 2) -> 42.24 | P30: =SmtRes!AG26 -> 0 | Q30: =SmtRes!DC26 -> 0 | R30: =ROUND(ROUND(Q30*Source!I36, 6)*1, 2) -> 0 | S30: =SmtRes!AC26 -> 0 | T30: =ROUND(ROUND(Q30*Source!I36, 6)*SmtRes!AK26, 2) -> 0 | U30: 3 | Z30: =SmtRes!X26 -> 1402440005 | AA30: -1894729877 | AB30: -1894729877
A31: 20 | B31: 25 | C31: 3 | D31: 0 | E31: =SmtRes!AV25 -> 0 | F31: =SmtRes!I25 -> 21.1-16-11 | G31: =SmtRes!K25 -> Ацетон химически чистый | H31: =SmtRes!O25 -> кг | I31: =SmtRes!Y25*Source!I36 -> 0.044 | J31: =SmtRes!AO25 -> 1 | K31: =SmtRes!AE25 -> 271.96 | L31: =SmtRes!DB25 -> 2.97 | M31: =ROUND(ROUND(L31*Source!I36, 6)*1, 2) -> 11.88 | N31: =SmtRes!AA25 -> 271.96 | O31: =ROUND(ROUND(L31*Source!I36, 6)*SmtRes!DA25, 2) -> 11.88 | P31: =SmtRes!AG25 -> 0 | Q31: =SmtRes!DC25 -> 0 | R31: =ROUND(ROUND(Q31*Source!I36, 6)*1, 2) -> 0 | S31: =SmtRes!AC25 -> 0 | T31: =ROUND(ROUND(Q31*Source!I36, 6)*SmtRes!AK25, 2) -> 0 | U31: 3 | Z31: =SmtRes!X25 -> -1814974188 | AA31: -214032763 | AB31: -214032763
A32: 20 | B32: 24 | C32: 3 | D32: 0 | E32: =SmtRes!AV24 -> 0 | F32: =SmtRes!I24 -> 21.1-16-104 | G32: =SmtRes!K24 -> Спирт этиловый технический | H32: =SmtRes!O24 -> кг | I32: =SmtRes!Y24*Source!I36 -> 0.088 | J32: =SmtRes!AO24 -> 1 | K32: =SmtRes!AE24 -> 412.97 | L32: =SmtRes!DB24 -> 9.13 | M32: =ROUND(ROUND(L32*Source!I36, 6)*1, 2) -> 36.52 | N32: =SmtRes!AA24 -> 412.97 | O32: =ROUND(ROUND(L32*Source!I36, 6)*SmtRes!DA24, 2) -> 36.52 | P32: =SmtRes!AG24 -> 0 | Q32: =SmtRes!DC24 -> 0 | R32: =ROUND(ROUND(Q32*Source!I36, 6)*1, 2) -> 0 | S32: =SmtRes!AC24 -> 0 | T32: =ROUND(ROUND(Q32*Source!I36, 6)*SmtRes!AK24, 2) -> 0 | U32: 3 | Z32: =SmtRes!X24 -> 1286462142 | AA32: 1664821204 | AB32: 1664821204
A33: 20 | B33: 23 | C33: 2 | D33: 0 | E33: =SmtRes!AV23 -> 0 | F33: =SmtRes!I23 -> 22.1-18-24 | G33: =SmtRes!K23 -> Автомобили полупассажирские типа ГАЗ, грузоподъемность до 2 т | H33: =SmtRes!O23 -> маш.-ч | I33: =SmtRes!Y23*Source!I36 -> 0.33 | J33: =SmtRes!AO23 -> 1 | K33: =SmtRes!AF23 -> 789.86 | L33: =SmtRes!DB23 -> 65.175 | M33: =ROUND(ROUND(L33*Source!I36, 6)*1, 2) -> 260.7 | N33: =SmtRes!AB23 -> 789.86 | O33: =ROUND(ROUND(L33*Source!I36, 6)*SmtRes!DA23, 2) -> 260.7 | P33: =SmtRes!AG23 -> 515.51 | Q33: =SmtRes!DC23 -> 42.57 | R33: =ROUND(ROUND(Q33*Source!I36, 6)*1, 2) -> 170.28 | S33: =SmtRes!AC23 -> 515.51 | T33: =ROUND(ROUND(Q33*Source!I36, 6)*SmtRes!AK23, 2) -> 170.28 | U33: 2 | Z33: =SmtRes!X23 -> -1123321947 | AA33: -1084138170 | AB33: -1084138170
A34: 20 | B34: 22 | C34: 1 | D34: 0 | E34: =SmtRes!AV22 -> 1 | F34: =SmtRes!I22 -> 9999990008 | G34: =SmtRes!K22 -> Трудозатраты рабочих | H34: =SmtRes!O22 -> чел.-ч. | I34: =SmtRes!Y22*Source!I36 -> 1.98 | J34: =SmtRes!AO22 -> 1 | K34: =SmtRes!AH22 -> 0 | L34: =SmtRes!DB22 -> 0 | M34: =ROUND(ROUND(L34*Source!I36, 6)*1, 2) -> 0 | N34: =SmtRes!AD22 -> 0 | O34: =ROUND(ROUND(L34*Source!I36, 6)*SmtRes!DA22, 2) -> 0 | P34: =SmtRes!AG22 -> 0 | Q34: =SmtRes!DC22 -> 0 | R34: =ROUND(ROUND(Q34*Source!I36, 6)*1, 2) -> 0 | S34: =SmtRes!AC22 -> 0 | T34: =ROUND(ROUND(Q34*Source!I36, 6)*SmtRes!AK22, 2) -> 0 | U34: 1 | Z34: =SmtRes!X22 -> 476480486 | AA34: -1751963544 | AB34: -1751963544
A35: 20 | B35: 33 | C35: 3 | D35: 0 | E35: =SmtRes!AV33 -> 0 | F35: =SmtRes!I33 -> 21.1-20-1 | G35: =SmtRes!K33 -> Бязь | H35: =SmtRes!O33 -> м2 | I35: =SmtRes!Y33*Source!I37 -> 0.9 | J35: =SmtRes!AO33 -> 1 | K35: =SmtRes!AE33 -> 48.08 | L35: =SmtRes!DB33 -> 0.96 | M35: =ROUND(ROUND(L35*Source!I37, 6)*1, 2) -> 43.2 | N35: =SmtRes!AA33 -> 48.08 | O35: =ROUND(ROUND(L35*Source!I37, 6)*SmtRes!DA33, 2) -> 43.2 | P35: =SmtRes!AG33 -> 0 | Q35: =SmtRes!DC33 -> 0 | R35: =ROUND(ROUND(Q35*Source!I37, 6)*1, 2) -> 0 | S35: =SmtRes!AC33 -> 0 | T35: =ROUND(ROUND(Q35*Source!I37, 6)*SmtRes!AK33, 2) -> 0 | U35: 3 | Z35: =SmtRes!X33 -> 1402440005 | AA35: -1894729877 | AB35: -1894729877
A36: 20 | B36: 32 | C36: 3 | D36: 0 | E36: =SmtRes!AV32 -> 0 | F36: =SmtRes!I32 -> 21.1-16-41 | G36: =SmtRes!K32 -> Канифоль | H36: =SmtRes!O32 -> кг | I36: =SmtRes!Y32*Source!I37 -> 0.1575 | J36: =SmtRes!AO32 -> 1 | K36: =SmtRes!AE32 -> 404.48 | L36: =SmtRes!DB32 -> 1.42 | M36: =ROUND(ROUND(L36*Source!I37, 6)*1, 2) -> 63.9 | N36: =SmtRes!AA32 -> 404.48 | O36: =ROUND(ROUND(L36*Source!I37, 6)*SmtRes!DA32, 2) -> 63.9 | P36: =SmtRes!AG32 -> 0 | Q36: =SmtRes!DC32 -> 0 | R36: =ROUND(ROUND(Q36*Source!I37, 6)*1, 2) -> 0 | S36: =SmtRes!AC32 -> 0 | T36: =ROUND(ROUND(Q36*Source!I37, 6)*SmtRes!AK32, 2) -> 0 | U36: 3 | Z36: =SmtRes!X32 -> -1116031774 | AA36: -843402697 | AB36: -843402697
A37: 20 | B37: 31 | C37: 3 | D37: 0 | E37: =SmtRes!AV31 -> 0 | F37: =SmtRes!I31 -> 21.1-16-11 | G37: =SmtRes!K31 -> Ацетон химически чистый | H37: =SmtRes!O31 -> кг | I37: =SmtRes!Y31*Source!I37 -> 0.09 | J37: =SmtRes!AO31 -> 1 | K37: =SmtRes!AE31 -> 271.96 | L37: =SmtRes!DB31 -> 0.54 | M37: =ROUND(ROUND(L37*Source!I37, 6)*1, 2) -> 24.3 | N37: =SmtRes!AA31 -> 271.96 | O37: =ROUND(ROUND(L37*Source!I37, 6)*SmtRes!DA31, 2) -> 24.3 | P37: =SmtRes!AG31 -> 0 | Q37: =SmtRes!DC31 -> 0 | R37: =ROUND(ROUND(Q37*Source!I37, 6)*1, 2) -> 0 | S37: =SmtRes!AC31 -> 0 | T37: =ROUND(ROUND(Q37*Source!I37, 6)*SmtRes!AK31, 2) -> 0 | U37: 3 | Z37: =SmtRes!X31 -> -1814974188 | AA37: -214032763 | AB37: -214032763
A38: 20 | B38: 30 | C38: 3 | D38: 0 | E38: =SmtRes!AV30 -> 0 | F38: =SmtRes!I30 -> 21.1-16-104 | G38: =SmtRes!K30 -> Спирт этиловый технический | H38: =SmtRes!O30 -> кг | I38: =SmtRes!Y30*Source!I37 -> 0.18 | J38: =SmtRes!AO30 -> 1 | K38: =SmtRes!AE30 -> 412.97 | L38: =SmtRes!DB30 -> 1.65 | M38: =ROUND(ROUND(L38*Source!I37, 6)*1, 2) -> 74.25 | N38: =SmtRes!AA30 -> 412.97 | O38: =ROUND(ROUND(L38*Source!I37, 6)*SmtRes!DA30, 2) -> 74.25 | P38: =SmtRes!AG30 -> 0 | Q38: =SmtRes!DC30 -> 0 | R38: =ROUND(ROUND(Q38*Source!I37, 6)*1, 2) -> 0 | S38: =SmtRes!AC30 -> 0 | T38: =ROUND(ROUND(Q38*Source!I37, 6)*SmtRes!AK30, 2) -> 0 | U38: 3 | Z38: =SmtRes!X30 -> 1286462142 | AA38: 1664821204 | AB38: 1664821204
A39: 20 | B39: 29 | C39: 3 | D39: 0 | E39: =SmtRes!AV29 -> 0 | F39: =SmtRes!I29 -> 21.1-15-46 | G39: =SmtRes!K29 -> Припои оловянно-свинцовые в прутках, размеры 8-10х10-15х250-500 мм, марка ПОС-61 | H39: =SmtRes!O29 -> т | I39: =SmtRes!Y29*Source!I37 -> 9e-05 | J39: =SmtRes!AO29 -> 1 | K39: =SmtRes!AE29 -> 1945282.4 | L39: =SmtRes!DB29 -> 3.89 | M39: =ROUND(ROUND(L39*Source!I37, 6)*1, 2) -> 175.05 | N39: =SmtRes!AA29 -> 1945282.4 | O39: =ROUND(ROUND(L39*Source!I37, 6)*SmtRes!DA29, 2) -> 175.05 | P39: =SmtRes!AG29 -> 0 | Q39: =SmtRes!DC29 -> 0 | R39: =ROUND(ROUND(Q39*Source!I37, 6)*1, 2) -> 0 | S39: =SmtRes!AC29 -> 0 | T39: =ROUND(ROUND(Q39*Source!I37, 6)*SmtRes!AK29, 2) -> 0 | U39: 3 | Z39: =SmtRes!X29 -> 2010614181 | AA39: 1211539097 | AB39: 1211539097
A40: 20 | B40: 28 | C40: 2 | D40: 0 | E40: =SmtRes!AV28 -> 0 | F40: =SmtRes!I28 -> 22.1-18-24 | G40: =SmtRes!K28 -> Автомобили полупассажирские типа ГАЗ, грузоподъемность до 2 т | H40: =SmtRes!O28 -> маш.-ч | I40: =SmtRes!Y28*Source!I37 -> 8.82 | J40: =SmtRes!AO28 -> 1 | K40: =SmtRes!AF28 -> 789.86 | L40: =SmtRes!DB28 -> 154.812 | M40: =ROUND(ROUND(L40*Source!I37, 6)*1, 2) -> 6966.54 | N40: =SmtRes!AB28 -> 789.86 | O40: =ROUND(ROUND(L40*Source!I37, 6)*SmtRes!DA28, 2) -> 6966.54 | P40: =SmtRes!AG28 -> 515.51 | Q40: =SmtRes!DC28 -> 101.038 | R40: =ROUND(ROUND(Q40*Source!I37, 6)*1, 2) -> 4546.71 | S40: =SmtRes!AC28 -> 515.51 | T40: =ROUND(ROUND(Q40*Source!I37, 6)*SmtRes!AK28, 2) -> 4546.71 | U40: 2 | Z40: =SmtRes!X28 -> -1123321947 | AA40: -1084138170 | AB40: -1084138170
A41: 20 | B41: 27 | C41: 1 | D41: 0 | E41: =SmtRes!AV27 -> 1 | F41: =SmtRes!I27 -> 9999990008 | G41: =SmtRes!K27 -> Трудозатраты рабочих | H41: =SmtRes!O27 -> чел.-ч. | I41: =SmtRes!Y27*Source!I37 -> 74.655 | J41: =SmtRes!AO27 -> 1 | K41: =SmtRes!AH27 -> 0 | L41: =SmtRes!DB27 -> 0 | M41: =ROUND(ROUND(L41*Source!I37, 6)*1, 2) -> 0 | N41: =SmtRes!AD27 -> 0 | O41: =ROUND(ROUND(L41*Source!I37, 6)*SmtRes!DA27, 2) -> 0 | P41: =SmtRes!AG27 -> 0 | Q41: =SmtRes!DC27 -> 0 | R41: =ROUND(ROUND(Q41*Source!I37, 6)*1, 2) -> 0 | S41: =SmtRes!AC27 -> 0 | T41: =ROUND(ROUND(Q41*Source!I37, 6)*SmtRes!AK27, 2) -> 0 | U41: 1 | Z41: =SmtRes!X27 -> 476480486 | AA41: -1751963544 | AB41: -1751963544
A42: 20 | B42: 37 | C42: 3 | D42: 0 | E42: =SmtRes!AV37 -> 0 | F42: =SmtRes!I37 -> 21.1-20-1 | G42: =SmtRes!K37 -> Бязь | H42: =SmtRes!O37 -> м2 | I42: =SmtRes!Y37*Source!I38 -> 9.9 | J42: =SmtRes!AO37 -> 1 | K42: =SmtRes!AE37 -> 48.08 | L42: =SmtRes!DB37 -> 10.56 | M42: =ROUND(ROUND(L42*Source!I38, 6)*1, 2) -> 475.2 | N42: =SmtRes!AA37 -> 48.08 | O42: =ROUND(ROUND(L42*Source!I38, 6)*SmtRes!DA37, 2) -> 475.2 | P42: =SmtRes!AG37 -> 0 | Q42: =SmtRes!DC37 -> 0 | R42: =ROUND(ROUND(Q42*Source!I38, 6)*1, 2) -> 0 | S42: =SmtRes!AC37 -> 0 | T42: =ROUND(ROUND(Q42*Source!I38, 6)*SmtRes!AK37, 2) -> 0 | U42: 3 | Z42: =SmtRes!X37 -> 1402440005 | AA42: -1894729877 | AB42: -1894729877
A43: 20 | B43: 36 | C43: 3 | D43: 0 | E43: =SmtRes!AV36 -> 0 | F43: =SmtRes!I36 -> 21.1-16-104 | G43: =SmtRes!K36 -> Спирт этиловый технический | H43: =SmtRes!O36 -> кг | I43: =SmtRes!Y36*Source!I38 -> 0.99 | J43: =SmtRes!AO36 -> 1 | K43: =SmtRes!AE36 -> 412.97 | L43: =SmtRes!DB36 -> 9.13 | M43: =ROUND(ROUND(L43*Source!I38, 6)*1, 2) -> 410.85 | N43: =SmtRes!AA36 -> 412.97 | O43: =ROUND(ROUND(L43*Source!I38, 6)*SmtRes!DA36, 2) -> 410.85 | P43: =SmtRes!AG36 -> 0 | Q43: =SmtRes!DC36 -> 0 | R43: =ROUND(ROUND(Q43*Source!I38, 6)*1, 2) -> 0 | S43: =SmtRes!AC36 -> 0 | T43: =ROUND(ROUND(Q43*Source!I38, 6)*SmtRes!AK36, 2) -> 0 | U43: 3 | Z43: =SmtRes!X36 -> 1286462142 | AA43: 1664821204 | AB43: 1664821204
A44: 20 | B44: 35 | C44: 2 | D44: 0 | E44: =SmtRes!AV35 -> 0 | F44: =SmtRes!I35 -> 22.1-18-24 | G44: =SmtRes!K35 -> Автомобили полупассажирские типа ГАЗ, грузоподъемность до 2 т | H44: =SmtRes!O35 -> маш.-ч | I44: =SmtRes!Y35*Source!I38 -> 3.7125 | J44: =SmtRes!AO35 -> 1 | K44: =SmtRes!AF35 -> 789.86 | L44: =SmtRes!DB35 -> 65.175 | M44: =ROUND(ROUND(L44*Source!I38, 6)*1, 2) -> 2932.88 | N44: =SmtRes!AB35 -> 789.86 | O44: =ROUND(ROUND(L44*Source!I38, 6)*SmtRes!DA35, 2) -> 2932.88 | P44: =SmtRes!AG35 -> 515.51 | Q44: =SmtRes!DC35 -> 42.57 | R44: =ROUND(ROUND(Q44*Source!I38, 6)*1, 2) -> 1915.65 | S44: =SmtRes!AC35 -> 515.51 | T44: =ROUND(ROUND(Q44*Source!I38, 6)*SmtRes!AK35, 2) -> 1915.65 | U44: 2 | Z44: =SmtRes!X35 -> -1123321947 | AA44: -1084138170 | AB44: -1084138170
A45: 20 | B45: 34 | C45: 1 | D45: 0 | E45: =SmtRes!AV34 -> 1 | F45: =SmtRes!I34 -> 9999990008 | G45: =SmtRes!K34 -> Трудозатраты рабочих | H45: =SmtRes!O34 -> чел.-ч. | I45: =SmtRes!Y34*Source!I38 -> 29.7 | J45: =SmtRes!AO34 -> 1 | K45: =SmtRes!AH34 -> 0 | L45: =SmtRes!DB34 -> 0 | M45: =ROUND(ROUND(L45*Source!I38, 6)*1, 2) -> 0 | N45: =SmtRes!AD34 -> 0 | O45: =ROUND(ROUND(L45*Source!I38, 6)*SmtRes!DA34, 2) -> 0 | P45: =SmtRes!AG34 -> 0 | Q45: =SmtRes!DC34 -> 0 | R45: =ROUND(ROUND(Q45*Source!I38, 6)*1, 2) -> 0 | S45: =SmtRes!AC34 -> 0 | T45: =ROUND(ROUND(Q45*Source!I38, 6)*SmtRes!AK34, 2) -> 0 | U45: 1 | Z45: =SmtRes!X34 -> 476480486 | AA45: -1751963544 | AB45: -1751963544
A46: 20 | B46: 39 | C46: 3 | D46: 0 | E46: =SmtRes!AV39 -> 0 | F46: =SmtRes!I39 -> 21.1-20-7 | G46: =SmtRes!K39 -> Ветошь | H46: =SmtRes!O39 -> кг | I46: =SmtRes!Y39*Source!I39 -> 1.122 | J46: =SmtRes!AO39 -> 1 | K46: =SmtRes!AE39 -> 29.29 | L46: =SmtRes!DB39 -> 0.06 | M46: =ROUND(ROUND(L46*Source!I39, 6)*1, 2) -> 33.66 | N46: =SmtRes!AA39 -> 29.29 | O46: =ROUND(ROUND(L46*Source!I39, 6)*SmtRes!DA39, 2) -> 33.66 | P46: =SmtRes!AG39 -> 0 | Q46: =SmtRes!DC39 -> 0 | R46: =ROUND(ROUND(Q46*Source!I39, 6)*1, 2) -> 0 | S46: =SmtRes!AC39 -> 0 | T46: =ROUND(ROUND(Q46*Source!I39, 6)*SmtRes!AK39, 2) -> 0 | U46: 3 | Z46: =SmtRes!X39 -> -20334964 | AA46: -854210182 | AB46: -854210182
A47: 20 | B47: 38 | C47: 1 | D47: 0 | E47: =SmtRes!AV38 -> 1 | F47: =SmtRes!I38 -> 9999990008 | G47: =SmtRes!K38 -> Трудозатраты рабочих | H47: =SmtRes!O38 -> чел.-ч. | I47: =SmtRes!Y38*Source!I39 -> 89.76 | J47: =SmtRes!AO38 -> 1 | K47: =SmtRes!AH38 -> 0 | L47: =SmtRes!DB38 -> 0 | M47: =ROUND(ROUND(L47*Source!I39, 6)*1, 2) -> 0 | N47: =SmtRes!AD38 -> 0 | O47: =ROUND(ROUND(L47*Source!I39, 6)*SmtRes!DA38, 2) -> 0 | P47: =SmtRes!AG38 -> 0 | Q47: =SmtRes!DC38 -> 0 | R47: =ROUND(ROUND(Q47*Source!I39, 6)*1, 2) -> 0 | S47: =SmtRes!AC38 -> 0 | T47: =ROUND(ROUND(Q47*Source!I39, 6)*SmtRes!AK38, 2) -> 0 | U47: 1 | Z47: =SmtRes!X38 -> 476480486 | AA47: -1751963544 | AB47: -1751963544
A48: 20 | B48: 43 | C48: 3 | D48: 0 | E48: =SmtRes!AV43 -> 0 | F48: =SmtRes!I43 -> 21.1-20-1 | G48: =SmtRes!K43 -> Бязь | H48: =SmtRes!O43 -> м2 | I48: =SmtRes!Y43*Source!I40 -> 0.14 | J48: =SmtRes!AO43 -> 1 | K48: =SmtRes!AE43 -> 48.08 | L48: =SmtRes!DB43 -> 0.48 | M48: =ROUND(ROUND(L48*Source!I40, 6)*1, 2) -> 6.72 | N48: =SmtRes!AA43 -> 48.08 | O48: =ROUND(ROUND(L48*Source!I40, 6)*SmtRes!DA43, 2) -> 6.72 | P48: =SmtRes!AG43 -> 0 | Q48: =SmtRes!DC43 -> 0 | R48: =ROUND(ROUND(Q48*Source!I40, 6)*1, 2) -> 0 | S48: =SmtRes!AC43 -> 0 | T48: =ROUND(ROUND(Q48*Source!I40, 6)*SmtRes!AK43, 2) -> 0 | U48: 3 | Z48: =SmtRes!X43 -> 1402440005 | AA48: -1894729877 | AB48: -1894729877
A49: 20 | B49: 42 | C49: 3 | D49: 0 | E49: =SmtRes!AV42 -> 0 | F49: =SmtRes!I42 -> 21.1-16-103 | G49: =SmtRes!K42 -> Спирт этиловый ректификат | H49: =SmtRes!O42 -> кг | I49: =SmtRes!Y42*Source!I40 -> 0.00028 | J49: =SmtRes!AO42 -> 1 | K49: =SmtRes!AE42 -> 471.7 | L49: =SmtRes!DB42 -> 0.01 | M49: =ROUND(ROUND(L49*Source!I40, 6)*1, 2) -> 0.14 | N49: =SmtRes!AA42 -> 471.7 | O49: =ROUND(ROUND(L49*Source!I40, 6)*SmtRes!DA42, 2) -> 0.14 | P49: =SmtRes!AG42 -> 0 | Q49: =SmtRes!DC42 -> 0 | R49: =ROUND(ROUND(Q49*Source!I40, 6)*1, 2) -> 0 | S49: =SmtRes!AC42 -> 0 | T49: =ROUND(ROUND(Q49*Source!I40, 6)*SmtRes!AK42, 2) -> 0 | U49: 3 | Z49: =SmtRes!X42 -> 1222454159 | AA49: -235644289 | AB49: -235644289
A50: 20 | B50: 41 | C50: 2 | D50: 0 | E50: =SmtRes!AV41 -> 0 | F50: =SmtRes!I41 -> 22.1-18-24 | G50: =SmtRes!K41 -> Автомобили полупассажирские типа ГАЗ, грузоподъемность до 2 т | H50: =SmtRes!O41 -> маш.-ч | I50: =SmtRes!Y41*Source!I40 -> 0.196 | J50: =SmtRes!AO41 -> 1 | K50: =SmtRes!AF41 -> 789.86 | L50: =SmtRes!DB41 -> 11.06 | M50: =ROUND(ROUND(L50*Source!I40, 6)*1, 2) -> 154.84 | N50: =SmtRes!AB41 -> 789.86 | O50: =ROUND(ROUND(L50*Source!I40, 6)*SmtRes!DA41, 2) -> 154.84 | P50: =SmtRes!AG41 -> 515.51 | Q50: =SmtRes!DC41 -> 7.217 | R50: =ROUND(ROUND(Q50*Source!I40, 6)*1, 2) -> 101.04 | S50: =SmtRes!AC41 -> 515.51 | T50: =ROUND(ROUND(Q50*Source!I40, 6)*SmtRes!AK41, 2) -> 101.04 | U50: 2 | Z50: =SmtRes!X41 -> -1123321947 | AA50: -1084138170 | AB50: -1084138170
A51: 20 | B51: 40 | C51: 1 | D51: 0 | E51: =SmtRes!AV40 -> 1 | F51: =SmtRes!I40 -> 9999990008 | G51: =SmtRes!K40 -> Трудозатраты рабочих | H51: =SmtRes!O40 -> чел.-ч. | I51: =SmtRes!Y40*Source!I40 -> 4.508 | J51: =SmtRes!AO40 -> 1 | K51: =SmtRes!AH40 -> 0 | L51: =SmtRes!DB40 -> 0 | M51: =ROUND(ROUND(L51*Source!I40, 6)*1, 2) -> 0 | N51: =SmtRes!AD40 -> 0 | O51: =ROUND(ROUND(L51*Source!I40, 6)*SmtRes!DA40, 2) -> 0 | P51: =SmtRes!AG40 -> 0 | Q51: =SmtRes!DC40 -> 0 | R51: =ROUND(ROUND(Q51*Source!I40, 6)*1, 2) -> 0 | S51: =SmtRes!AC40 -> 0 | T51: =ROUND(ROUND(Q51*Source!I40, 6)*SmtRes!AK40, 2) -> 0 | U51: 1 | Z51: =SmtRes!X40 -> 476480486 | AA51: -1751963544 | AB51: -1751963544
A52: 20 | B52: 45 | C52: 2 | D52: 0 | E52: =SmtRes!AV45 -> 0 | F52: =SmtRes!I45 -> 22.1-18-24 | G52: =SmtRes!K45 -> Автомобили полупассажирские типа ГАЗ, грузоподъемность до 2 т | H52: =SmtRes!O45 -> маш.-ч | I52: =SmtRes!Y45*Source!I41 -> 0.0315 | J52: =SmtRes!AO45 -> 1 | K52: =SmtRes!AF45 -> 789.86 | L52: =SmtRes!DB45 -> 1.7775 | M52: =ROUND(ROUND(L52*Source!I41, 6)*1, 2) -> 24.89 | N52: =SmtRes!AB45 -> 789.86 | O52: =ROUND(ROUND(L52*Source!I41, 6)*SmtRes!DA45, 2) -> 24.89 | P52: =SmtRes!AG45 -> 515.51 | Q52: =SmtRes!DC45 -> 1.1625 | R52: =ROUND(ROUND(Q52*Source!I41, 6)*1, 2) -> 16.28 | S52: =SmtRes!AC45 -> 515.51 | T52: =ROUND(ROUND(Q52*Source!I41, 6)*SmtRes!AK45, 2) -> 16.28 | U52: 2 | Z52: =SmtRes!X45 -> -1123321947 | AA52: -1084138170 | AB52: -1084138170
A53: 20 | B53: 44 | C53: 1 | D53: 0 | E53: =SmtRes!AV44 -> 1 | F53: =SmtRes!I44 -> 9999990008 | G53: =SmtRes!K44 -> Трудозатраты рабочих | H53: =SmtRes!O44 -> чел.-ч. | I53: =SmtRes!Y44*Source!I41 -> 0.63 | J53: =SmtRes!AO44 -> 1 | K53: =SmtRes!AH44 -> 0 | L53: =SmtRes!DB44 -> 0 | M53: =ROUND(ROUND(L53*Source!I41, 6)*1, 2) -> 0 | N53: =SmtRes!AD44 -> 0 | O53: =ROUND(ROUND(L53*Source!I41, 6)*SmtRes!DA44, 2) -> 0 | P53: =SmtRes!AG44 -> 0 | Q53: =SmtRes!DC44 -> 0 | R53: =ROUND(ROUND(Q53*Source!I41, 6)*1, 2) -> 0 | S53: =SmtRes!AC44 -> 0 | T53: =ROUND(ROUND(Q53*Source!I41, 6)*SmtRes!AK44, 2) -> 0 | U53: 1 | Z53: =SmtRes!X44 -> 476480486 | AA53: -1751963544 | AB53: -1751963544
A54: 20 | B54: 49 | C54: 3 | D54: 0 | E54: =SmtRes!AV49 -> 0 | F54: =SmtRes!I49 -> 21.1-20-7 | G54: =SmtRes!K49 -> Ветошь | H54: =SmtRes!O49 -> кг | I54: =SmtRes!Y49*Source!I42 -> 2 | J54: =SmtRes!AO49 -> 1 | K54: =SmtRes!AE49 -> 29.29 | L54: =SmtRes!DB49 -> 1.46 | M54: =ROUND(ROUND(L54*Source!I42, 6)*1, 2) -> 58.4 | N54: =SmtRes!AA49 -> 29.29 | O54: =ROUND(ROUND(L54*Source!I42, 6)*SmtRes!DA49, 2) -> 58.4 | P54: =SmtRes!AG49 -> 0 | Q54: =SmtRes!DC49 -> 0 | R54: =ROUND(ROUND(Q54*Source!I42, 6)*1, 2) -> 0 | S54: =SmtRes!AC49 -> 0 | T54: =ROUND(ROUND(Q54*Source!I42, 6)*SmtRes!AK49, 2) -> 0 | U54: 3 | Z54: =SmtRes!X49 -> -20334964 | AA54: -854210182 | AB54: -854210182
A55: 20 | B55: 48 | C55: 3 | D55: 0 | E55: =SmtRes!AV48 -> 0 | F55: =SmtRes!I48 -> 21.1-20-1 | G55: =SmtRes!K48 -> Бязь | H55: =SmtRes!O48 -> м2 | I55: =SmtRes!Y48*Source!I42 -> 2 | J55: =SmtRes!AO48 -> 1 | K55: =SmtRes!AE48 -> 48.08 | L55: =SmtRes!DB48 -> 2.4 | M55: =ROUND(ROUND(L55*Source!I42, 6)*1, 2) -> 96 | N55: =SmtRes!AA48 -> 48.08 | O55: =ROUND(ROUND(L55*Source!I42, 6)*SmtRes!DA48, 2) -> 96 | P55: =SmtRes!AG48 -> 0 | Q55: =SmtRes!DC48 -> 0 | R55: =ROUND(ROUND(Q55*Source!I42, 6)*1, 2) -> 0 | S55: =SmtRes!AC48 -> 0 | T55: =ROUND(ROUND(Q55*Source!I42, 6)*SmtRes!AK48, 2) -> 0 | U55: 3 | Z55: =SmtRes!X48 -> 1402440005 | AA55: -1894729877 | AB55: -1894729877
A56: 20 | B56: 47 | C56: 3 | D56: 0 | E56: =SmtRes!AV47 -> 0 | F56: =SmtRes!I47 -> 21.1-16-104 | G56: =SmtRes!K47 -> Спирт этиловый технический | H56: =SmtRes!O47 -> кг | I56: =SmtRes!Y47*Source!I42 -> 0.02 | J56: =SmtRes!AO47 -> 1 | K56: =SmtRes!AE47 -> 412.97 | L56: =SmtRes!DB47 -> 0.21 | M56: =ROUND(ROUND(L56*Source!I42, 6)*1, 2) -> 8.4 | N56: =SmtRes!AA47 -> 412.97 | O56: =ROUND(ROUND(L56*Source!I42, 6)*SmtRes!DA47, 2) -> 8.4 | P56: =SmtRes!AG47 -> 0 | Q56: =SmtRes!DC47 -> 0 | R56: =ROUND(ROUND(Q56*Source!I42, 6)*1, 2) -> 0 | S56: =SmtRes!AC47 -> 0 | T56: =ROUND(ROUND(Q56*Source!I42, 6)*SmtRes!AK47, 2) -> 0 | U56: 3 | Z56: =SmtRes!X47 -> 1286462142 | AA56: 1664821204 | AB56: 1664821204
A57: 20 | B57: 46 | C57: 1 | D57: 0 | E57: =SmtRes!AV46 -> 1 | F57: =SmtRes!I46 -> 9999990008 | G57: =SmtRes!K46 -> Трудозатраты рабочих | H57: =SmtRes!O46 -> чел.-ч. | I57: =SmtRes!Y46*Source!I42 -> 30.4 | J57: =SmtRes!AO46 -> 1 | K57: =SmtRes!AH46 -> 0 | L57: =SmtRes!DB46 -> 0 | M57: =ROUND(ROUND(L57*Source!I42, 6)*1, 2) -> 0 | N57: =SmtRes!AD46 -> 0 | O57: =ROUND(ROUND(L57*Source!I42, 6)*SmtRes!DA46, 2) -> 0 | P57: =SmtRes!AG46 -> 0 | Q57: =SmtRes!DC46 -> 0 | R57: =ROUND(ROUND(Q57*Source!I42, 6)*1, 2) -> 0 | S57: =SmtRes!AC46 -> 0 | T57: =ROUND(ROUND(Q57*Source!I42, 6)*SmtRes!AK46, 2) -> 0 | U57: 1 | Z57: =SmtRes!X46 -> 476480486 | AA57: -1751963544 | AB57: -1751963544
A58: 20 | B58: 52 | C58: 3 | D58: 0 | E58: =SmtRes!AV52 -> 0 | F58: =SmtRes!I52 -> 21.1-20-7 | G58: =SmtRes!K52 -> Ветошь | H58: =SmtRes!O52 -> кг | I58: =SmtRes!Y52*Source!I43 -> 44 | J58: =SmtRes!AO52 -> 1 | K58: =SmtRes!AE52 -> 29.29 | L58: =SmtRes!DB52 -> 32.23 | M58: =ROUND(ROUND(L58*Source!I43, 6)*1, 2) -> 1289.2 | N58: =SmtRes!AA52 -> 29.29 | O58: =ROUND(ROUND(L58*Source!I43, 6)*SmtRes!DA52, 2) -> 1289.2 | P58: =SmtRes!AG52 -> 0 | Q58: =SmtRes!DC52 -> 0 | R58: =ROUND(ROUND(Q58*Source!I43, 6)*1, 2) -> 0 | S58: =SmtRes!AC52 -> 0 | T58: =ROUND(ROUND(Q58*Source!I43, 6)*SmtRes!AK52, 2) -> 0 | U58: 3 | Z58: =SmtRes!X52 -> -20334964 | AA58: -854210182 | AB58: -854210182
A59: 20 | B59: 51 | C59: 3 | D59: 0 | E59: =SmtRes!AV51 -> 0 | F59: =SmtRes!I51 -> 21.1-20-1 | G59: =SmtRes!K51 -> Бязь | H59: =SmtRes!O51 -> м2 | I59: =SmtRes!Y51*Source!I43 -> 44 | J59: =SmtRes!AO51 -> 1 | K59: =SmtRes!AE51 -> 48.08 | L59: =SmtRes!DB51 -> 52.91 | M59: =ROUND(ROUND(L59*Source!I43, 6)*1, 2) -> 2116.4 | N59: =SmtRes!AA51 -> 48.08 | O59: =ROUND(ROUND(L59*Source!I43, 6)*SmtRes!DA51, 2) -> 2116.4 | P59: =SmtRes!AG51 -> 0 | Q59: =SmtRes!DC51 -> 0 | R59: =ROUND(ROUND(Q59*Source!I43, 6)*1, 2) -> 0 | S59: =SmtRes!AC51 -> 0 | T59: =ROUND(ROUND(Q59*Source!I43, 6)*SmtRes!AK51, 2) -> 0 | U59: 3 | Z59: =SmtRes!X51 -> 1402440005 | AA59: -1894729877 | AB59: -1894729877
A60: 20 | B60: 50 | C60: 1 | D60: 0 | E60: =SmtRes!AV50 -> 1 | F60: =SmtRes!I50 -> 9999990008 | G60: =SmtRes!K50 -> Трудозатраты рабочих | H60: =SmtRes!O50 -> чел.-ч. | I60: =SmtRes!Y50*Source!I43 -> 79.2 | J60: =SmtRes!AO50 -> 1 | K60: =SmtRes!AH50 -> 0 | L60: =SmtRes!DB50 -> 0 | M60: =ROUND(ROUND(L60*Source!I43, 6)*1, 2) -> 0 | N60: =SmtRes!AD50 -> 0 | O60: =ROUND(ROUND(L60*Source!I43, 6)*SmtRes!DA50, 2) -> 0 | P60: =SmtRes!AG50 -> 0 | Q60: =SmtRes!DC50 -> 0 | R60: =ROUND(ROUND(Q60*Source!I43, 6)*1, 2) -> 0 | S60: =SmtRes!AC50 -> 0 | T60: =ROUND(ROUND(Q60*Source!I43, 6)*SmtRes!AK50, 2) -> 0 | U60: 1 | Z60: =SmtRes!X50 -> 476480486 | AA60: -1751963544 | AB60: -1751963544
A61: 20 | B61: 59 | C61: 3 | D61: 0 | E61: =SmtRes!AV59 -> 0 | F61: =SmtRes!I59 -> 21.1-20-1 | G61: =SmtRes!K59 -> Бязь | H61: =SmtRes!O59 -> м2 | I61: =SmtRes!Y59*Source!I44 -> 0.02 | J61: =SmtRes!AO59 -> 1 | K61: =SmtRes!AE59 -> 48.08 | L61: =SmtRes!DB59 -> 0.96 | M61: =ROUND(ROUND(L61*Source!I44, 6)*1, 2) -> 0.96 | N61: =SmtRes!AA59 -> 48.08 | O61: =ROUND(ROUND(L61*Source!I44, 6)*SmtRes!DA59, 2) -> 0.96 | P61: =SmtRes!AG59 -> 0 | Q61: =SmtRes!DC59 -> 0 | R61: =ROUND(ROUND(Q61*Source!I44, 6)*1, 2) -> 0 | S61: =SmtRes!AC59 -> 0 | T61: =ROUND(ROUND(Q61*Source!I44, 6)*SmtRes!AK59, 2) -> 0 | U61: 3 | Z61: =SmtRes!X59 -> 1402440005 | AA61: -1894729877 | AB61: -1894729877
A62: 20 | B62: 58 | C62: 3 | D62: 0 | E62: =SmtRes!AV58 -> 0 | F62: =SmtRes!I58 -> 21.1-16-41 | G62: =SmtRes!K58 -> Канифоль | H62: =SmtRes!O58 -> кг | I62: =SmtRes!Y58*Source!I44 -> 0.0035 | J62: =SmtRes!AO58 -> 1 | K62: =SmtRes!AE58 -> 404.48 | L62: =SmtRes!DB58 -> 1.42 | M62: =ROUND(ROUND(L62*Source!I44, 6)*1, 2) -> 1.42 | N62: =SmtRes!AA58 -> 404.48 | O62: =ROUND(ROUND(L62*Source!I44, 6)*SmtRes!DA58, 2) -> 1.42 | P62: =SmtRes!AG58 -> 0 | Q62: =SmtRes!DC58 -> 0 | R62: =ROUND(ROUND(Q62*Source!I44, 6)*1, 2) -> 0 | S62: =SmtRes!AC58 -> 0 | T62: =ROUND(ROUND(Q62*Source!I44, 6)*SmtRes!AK58, 2) -> 0 | U62: 3 | Z62: =SmtRes!X58 -> -1116031774 | AA62: -843402697 | AB62: -843402697
A63: 20 | B63: 57 | C63: 3 | D63: 0 | E63: =SmtRes!AV57 -> 0 | F63: =SmtRes!I57 -> 21.1-16-11 | G63: =SmtRes!K57 -> Ацетон химически чистый | H63: =SmtRes!O57 -> кг | I63: =SmtRes!Y57*Source!I44 -> 0.002 | J63: =SmtRes!AO57 -> 1 | K63: =SmtRes!AE57 -> 271.96 | L63: =SmtRes!DB57 -> 0.54 | M63: =ROUND(ROUND(L63*Source!I44, 6)*1, 2) -> 0.54 | N63: =SmtRes!AA57 -> 271.96 | O63: =ROUND(ROUND(L63*Source!I44, 6)*SmtRes!DA57, 2) -> 0.54 | P63: =SmtRes!AG57 -> 0 | Q63: =SmtRes!DC57 -> 0 | R63: =ROUND(ROUND(Q63*Source!I44, 6)*1, 2) -> 0 | S63: =SmtRes!AC57 -> 0 | T63: =ROUND(ROUND(Q63*Source!I44, 6)*SmtRes!AK57, 2) -> 0 | U63: 3 | Z63: =SmtRes!X57 -> -1814974188 | AA63: -214032763 | AB63: -214032763
A64: 20 | B64: 56 | C64: 3 | D64: 0 | E64: =SmtRes!AV56 -> 0 | F64: =SmtRes!I56 -> 21.1-16-104 | G64: =SmtRes!K56 -> Спирт этиловый технический | H64: =SmtRes!O56 -> кг | I64: =SmtRes!Y56*Source!I44 -> 0.004 | J64: =SmtRes!AO56 -> 1 | K64: =SmtRes!AE56 -> 412.97 | L64: =SmtRes!DB56 -> 1.65 | M64: =ROUND(ROUND(L64*Source!I44, 6)*1, 2) -> 1.65 | N64: =SmtRes!AA56 -> 412.97 | O64: =ROUND(ROUND(L64*Source!I44, 6)*SmtRes!DA56, 2) -> 1.65 | P64: =SmtRes!AG56 -> 0 | Q64: =SmtRes!DC56 -> 0 | R64: =ROUND(ROUND(Q64*Source!I44, 6)*1, 2) -> 0 | S64: =SmtRes!AC56 -> 0 | T64: =ROUND(ROUND(Q64*Source!I44, 6)*SmtRes!AK56, 2) -> 0 | U64: 3 | Z64: =SmtRes!X56 -> 1286462142 | AA64: 1664821204 | AB64: 1664821204
A65: 20 | B65: 55 | C65: 3 | D65: 0 | E65: =SmtRes!AV55 -> 0 | F65: =SmtRes!I55 -> 21.1-15-46 | G65: =SmtRes!K55 -> Припои оловянно-свинцовые в прутках, размеры 8-10х10-15х250-500 мм, марка ПОС-61 | H65: =SmtRes!O55 -> т | I65: =SmtRes!Y55*Source!I44 -> 2e-06 | J65: =SmtRes!AO55 -> 1 | K65: =SmtRes!AE55 -> 1945282.4 | L65: =SmtRes!DB55 -> 3.89 | M65: =ROUND(ROUND(L65*Source!I44, 6)*1, 2) -> 3.89 | N65: =SmtRes!AA55 -> 1945282.4 | O65: =ROUND(ROUND(L65*Source!I44, 6)*SmtRes!DA55, 2) -> 3.89 | P65: =SmtRes!AG55 -> 0 | Q65: =SmtRes!DC55 -> 0 | R65: =ROUND(ROUND(Q65*Source!I44, 6)*1, 2) -> 0 | S65: =SmtRes!AC55 -> 0 | T65: =ROUND(ROUND(Q65*Source!I44, 6)*SmtRes!AK55, 2) -> 0 | U65: 3 | Z65: =SmtRes!X55 -> 2010614181 | AA65: 1211539097 | AB65: 1211539097
A66: 20 | B66: 54 | C66: 2 | D66: 0 | E66: =SmtRes!AV54 -> 0 | F66: =SmtRes!I54 -> 22.1-18-24 | G66: =SmtRes!K54 -> Автомобили полупассажирские типа ГАЗ, грузоподъемность до 2 т | H66: =SmtRes!O54 -> маш.-ч | I66: =SmtRes!Y54*Source!I44 -> 0.028 | J66: =SmtRes!AO54 -> 1 | K66: =SmtRes!AF54 -> 789.86 | L66: =SmtRes!DB54 -> 22.113 | M66: =ROUND(ROUND(L66*Source!I44, 6)*1, 2) -> 22.11 | N66: =SmtRes!AB54 -> 789.86 | O66: =ROUND(ROUND(L66*Source!I44, 6)*SmtRes!DA54, 2) -> 22.11 | P66: =SmtRes!AG54 -> 515.51 | Q66: =SmtRes!DC54 -> 14.434 | R66: =ROUND(ROUND(Q66*Source!I44, 6)*1, 2) -> 14.43 | S66: =SmtRes!AC54 -> 515.51 | T66: =ROUND(ROUND(Q66*Source!I44, 6)*SmtRes!AK54, 2) -> 14.43 | U66: 2 | Z66: =SmtRes!X54 -> -1123321947 | AA66: -1084138170 | AB66: -1084138170
A67: 20 | B67: 53 | C67: 1 | D67: 0 | E67: =SmtRes!AV53 -> 1 | F67: =SmtRes!I53 -> 9999990008 | G67: =SmtRes!K53 -> Трудозатраты рабочих | H67: =SmtRes!O53 -> чел.-ч. | I67: =SmtRes!Y53*Source!I44 -> 0.245 | J67: =SmtRes!AO53 -> 1 | K67: =SmtRes!AH53 -> 0 | L67: =SmtRes!DB53 -> 0 | M67: =ROUND(ROUND(L67*Source!I44, 6)*1, 2) -> 0 | N67: =SmtRes!AD53 -> 0 | O67: =ROUND(ROUND(L67*Source!I44, 6)*SmtRes!DA53, 2) -> 0 | P67: =SmtRes!AG53 -> 0 | Q67: =SmtRes!DC53 -> 0 | R67: =ROUND(ROUND(Q67*Source!I44, 6)*1, 2) -> 0 | S67: =SmtRes!AC53 -> 0 | T67: =ROUND(ROUND(Q67*Source!I44, 6)*SmtRes!AK53, 2) -> 0 | U67: 1 | Z67: =SmtRes!X53 -> 476480486 | AA67: -1751963544 | AB67: -1751963544
A68: 20 | B68: 64 | C68: 3 | D68: 0 | E68: =SmtRes!AV64 -> 0 | F68: =SmtRes!I64 -> 21.1-20-1 | G68: =SmtRes!K64 -> Бязь | H68: =SmtRes!O64 -> м2 | I68: =SmtRes!Y64*Source!I45 -> 0.22 | J68: =SmtRes!AO64 -> 1 | K68: =SmtRes!AE64 -> 48.08 | L68: =SmtRes!DB64 -> 10.56 | M68: =ROUND(ROUND(L68*Source!I45, 6)*1, 2) -> 10.56 | N68: =SmtRes!AA64 -> 48.08 | O68: =ROUND(ROUND(L68*Source!I45, 6)*SmtRes!DA64, 2) -> 10.56 | P68: =SmtRes!AG64 -> 0 | Q68: =SmtRes!DC64 -> 0 | R68: =ROUND(ROUND(Q68*Source!I45, 6)*1, 2) -> 0 | S68: =SmtRes!AC64 -> 0 | T68: =ROUND(ROUND(Q68*Source!I45, 6)*SmtRes!AK64, 2) -> 0 | U68: 3 | Z68: =SmtRes!X64 -> 1402440005 | AA68: -1894729877 | AB68: -1894729877
A69: 20 | B69: 63 | C69: 3 | D69: 0 | E69: =SmtRes!AV63 -> 0 | F69: =SmtRes!I63 -> 21.1-16-11 | G69: =SmtRes!K63 -> Ацетон химически чистый | H69: =SmtRes!O63 -> кг | I69: =SmtRes!Y63*Source!I45 -> 0.011 | J69: =SmtRes!AO63 -> 1 | K69: =SmtRes!AE63 -> 271.96 | L69: =SmtRes!DB63 -> 2.97 | M69: =ROUND(ROUND(L69*Source!I45, 6)*1, 2) -> 2.97 | N69: =SmtRes!AA63 -> 271.96 | O69: =ROUND(ROUND(L69*Source!I45, 6)*SmtRes!DA63, 2) -> 2.97 | P69: =SmtRes!AG63 -> 0 | Q69: =SmtRes!DC63 -> 0 | R69: =ROUND(ROUND(Q69*Source!I45, 6)*1, 2) -> 0 | S69: =SmtRes!AC63 -> 0 | T69: =ROUND(ROUND(Q69*Source!I45, 6)*SmtRes!AK63, 2) -> 0 | U69: 3 | Z69: =SmtRes!X63 -> -1814974188 | AA69: -214032763 | AB69: -214032763
A70: 20 | B70: 62 | C70: 3 | D70: 0 | E70: =SmtRes!AV62 -> 0 | F70: =SmtRes!I62 -> 21.1-16-104 | G70: =SmtRes!K62 -> Спирт этиловый технический | H70: =SmtRes!O62 -> кг | I70: =SmtRes!Y62*Source!I45 -> 0.022 | J70: =SmtRes!AO62 -> 1 | K70: =SmtRes!AE62 -> 412.97 | L70: =SmtRes!DB62 -> 9.13 | M70: =ROUND(ROUND(L70*Source!I45, 6)*1, 2) -> 9.13 | N70: =SmtRes!AA62 -> 412.97 | O70: =ROUND(ROUND(L70*Source!I45, 6)*SmtRes!DA62, 2) -> 9.13 | P70: =SmtRes!AG62 -> 0 | Q70: =SmtRes!DC62 -> 0 | R70: =ROUND(ROUND(Q70*Source!I45, 6)*1, 2) -> 0 | S70: =SmtRes!AC62 -> 0 | T70: =ROUND(ROUND(Q70*Source!I45, 6)*SmtRes!AK62, 2) -> 0 | U70: 3 | Z70: =SmtRes!X62 -> 1286462142 | AA70: 1664821204 | AB70: 1664821204
A71: 20 | B71: 61 | C71: 2 | D71: 0 | E71: =SmtRes!AV61 -> 0 | F71: =SmtRes!I61 -> 22.1-18-24 | G71: =SmtRes!K61 -> Автомобили полупассажирские типа ГАЗ, грузоподъемность до 2 т | H71: =SmtRes!O61 -> маш.-ч | I71: =SmtRes!Y61*Source!I45 -> 0.0825 | J71: =SmtRes!AO61 -> 1 | K71: =SmtRes!AF61 -> 789.86 | L71: =SmtRes!DB61 -> 65.175 | M71: =ROUND(ROUND(L71*Source!I45, 6)*1, 2) -> 65.18 | N71: =SmtRes!AB61 -> 789.86 | O71: =ROUND(ROUND(L71*Source!I45, 6)*SmtRes!DA61, 2) -> 65.18 | P71: =SmtRes!AG61 -> 515.51 | Q71: =SmtRes!DC61 -> 42.57 | R71: =ROUND(ROUND(Q71*Source!I45, 6)*1, 2) -> 42.57 | S71: =SmtRes!AC61 -> 515.51 | T71: =ROUND(ROUND(Q71*Source!I45, 6)*SmtRes!AK61, 2) -> 42.57 | U71: 2 | Z71: =SmtRes!X61 -> -1123321947 | AA71: -1084138170 | AB71: -1084138170
A72: 20 | B72: 60 | C72: 1 | D72: 0 | E72: =SmtRes!AV60 -> 1 | F72: =SmtRes!I60 -> 9999990008 | G72: =SmtRes!K60 -> Трудозатраты рабочих | H72: =SmtRes!O60 -> чел.-ч. | I72: =SmtRes!Y60*Source!I45 -> 0.495 | J72: =SmtRes!AO60 -> 1 | K72: =SmtRes!AH60 -> 0 | L72: =SmtRes!DB60 -> 0 | M72: =ROUND(ROUND(L72*Source!I45, 6)*1, 2) -> 0 | N72: =SmtRes!AD60 -> 0 | O72: =ROUND(ROUND(L72*Source!I45, 6)*SmtRes!DA60, 2) -> 0 | P72: =SmtRes!AG60 -> 0 | Q72: =SmtRes!DC60 -> 0 | R72: =ROUND(ROUND(Q72*Source!I45, 6)*1, 2) -> 0 | S72: =SmtRes!AC60 -> 0 | T72: =ROUND(ROUND(Q72*Source!I45, 6)*SmtRes!AK60, 2) -> 0 | U72: 1 | Z72: =SmtRes!X60 -> 476480486 | AA72: -1751963544 | AB72: -1751963544
A73: 20 | B73: 68 | C73: 3 | D73: 0 | E73: =SmtRes!AV68 -> 0 | F73: =SmtRes!I68 -> 21.1-20-1 | G73: =SmtRes!K68 -> Бязь | H73: =SmtRes!O68 -> м2 | I73: =SmtRes!Y68*Source!I46 -> 0.38 | J73: =SmtRes!AO68 -> 1 | K73: =SmtRes!AE68 -> 48.08 | L73: =SmtRes!DB68 -> 0.48 | M73: =ROUND(ROUND(L73*Source!I46, 6)*1, 2) -> 18.24 | N73: =SmtRes!AA68 -> 48.08 | O73: =ROUND(ROUND(L73*Source!I46, 6)*SmtRes!DA68, 2) -> 18.24 | P73: =SmtRes!AG68 -> 0 | Q73: =SmtRes!DC68 -> 0 | R73: =ROUND(ROUND(Q73*Source!I46, 6)*1, 2) -> 0 | S73: =SmtRes!AC68 -> 0 | T73: =ROUND(ROUND(Q73*Source!I46, 6)*SmtRes!AK68, 2) -> 0 | U73: 3 | Z73: =SmtRes!X68 -> 1402440005 | AA73: -1894729877 | AB73: -1894729877
A74: 20 | B74: 67 | C74: 3 | D74: 0 | E74: =SmtRes!AV67 -> 0 | F74: =SmtRes!I67 -> 21.1-16-104 | G74: =SmtRes!K67 -> Спирт этиловый технический | H74: =SmtRes!O67 -> кг | I74: =SmtRes!Y67*Source!I46 -> 0.00076 | J74: =SmtRes!AO67 -> 1 | K74: =SmtRes!AE67 -> 412.97 | L74: =SmtRes!DB67 -> 0.01 | M74: =ROUND(ROUND(L74*Source!I46, 6)*1, 2) -> 0.38 | N74: =SmtRes!AA67 -> 412.97 | O74: =ROUND(ROUND(L74*Source!I46, 6)*SmtRes!DA67, 2) -> 0.38 | P74: =SmtRes!AG67 -> 0 | Q74: =SmtRes!DC67 -> 0 | R74: =ROUND(ROUND(Q74*Source!I46, 6)*1, 2) -> 0 | S74: =SmtRes!AC67 -> 0 | T74: =ROUND(ROUND(Q74*Source!I46, 6)*SmtRes!AK67, 2) -> 0 | U74: 3 | Z74: =SmtRes!X67 -> 1286462142 | AA74: 1664821204 | AB74: 1664821204
A75: 20 | B75: 66 | C75: 2 | D75: 0 | E75: =SmtRes!AV66 -> 0 | F75: =SmtRes!I66 -> 22.1-18-24 | G75: =SmtRes!K66 -> Автомобили полупассажирские типа ГАЗ, грузоподъемность до 2 т | H75: =SmtRes!O66 -> маш.-ч | I75: =SmtRes!Y66*Source!I46 -> 0.532 | J75: =SmtRes!AO66 -> 1 | K75: =SmtRes!AF66 -> 789.86 | L75: =SmtRes!DB66 -> 11.06 | M75: =ROUND(ROUND(L75*Source!I46, 6)*1, 2) -> 420.28 | N75: =SmtRes!AB66 -> 789.86 | O75: =ROUND(ROUND(L75*Source!I46, 6)*SmtRes!DA66, 2) -> 420.28 | P75: =SmtRes!AG66 -> 515.51 | Q75: =SmtRes!DC66 -> 7.217 | R75: =ROUND(ROUND(Q75*Source!I46, 6)*1, 2) -> 274.25 | S75: =SmtRes!AC66 -> 515.51 | T75: =ROUND(ROUND(Q75*Source!I46, 6)*SmtRes!AK66, 2) -> 274.25 | U75: 2 | Z75: =SmtRes!X66 -> -1123321947 | AA75: -1084138170 | AB75: -1084138170
A76: 20 | B76: 65 | C76: 1 | D76: 0 | E76: =SmtRes!AV65 -> 1 | F76: =SmtRes!I65 -> 9999990008 | G76: =SmtRes!K65 -> Трудозатраты рабочих | H76: =SmtRes!O65 -> чел.-ч. | I76: =SmtRes!Y65*Source!I46 -> 4.256 | J76: =SmtRes!AO65 -> 1 | K76: =SmtRes!AH65 -> 0 | L76: =SmtRes!DB65 -> 0 | M76: =ROUND(ROUND(L76*Source!I46, 6)*1, 2) -> 0 | N76: =SmtRes!AD65 -> 0 | O76: =ROUND(ROUND(L76*Source!I46, 6)*SmtRes!DA65, 2) -> 0 | P76: =SmtRes!AG65 -> 0 | Q76: =SmtRes!DC65 -> 0 | R76: =ROUND(ROUND(Q76*Source!I46, 6)*1, 2) -> 0 | S76: =SmtRes!AC65 -> 0 | T76: =ROUND(ROUND(Q76*Source!I46, 6)*SmtRes!AK65, 2) -> 0 | U76: 1 | Z76: =SmtRes!X65 -> 476480486 | AA76: -1751963544 | AB76: -1751963544
A77: 20 | B77: 72 | C77: 3 | D77: 0 | E77: =SmtRes!AV72 -> 0 | F77: =SmtRes!I72 -> 21.1-20-1 | G77: =SmtRes!K72 -> Бязь | H77: =SmtRes!O72 -> м2 | I77: =SmtRes!Y72*Source!I47 -> 4.18 | J77: =SmtRes!AO72 -> 1 | K77: =SmtRes!AE72 -> 48.08 | L77: =SmtRes!DB72 -> 5.28 | M77: =ROUND(ROUND(L77*Source!I47, 6)*1, 2) -> 200.64 | N77: =SmtRes!AA72 -> 48.08 | O77: =ROUND(ROUND(L77*Source!I47, 6)*SmtRes!DA72, 2) -> 200.64 | P77: =SmtRes!AG72 -> 0 | Q77: =SmtRes!DC72 -> 0 | R77: =ROUND(ROUND(Q77*Source!I47, 6)*1, 2) -> 0 | S77: =SmtRes!AC72 -> 0 | T77: =ROUND(ROUND(Q77*Source!I47, 6)*SmtRes!AK72, 2) -> 0 | U77: 3 | Z77: =SmtRes!X72 -> 1402440005 | AA77: -1894729877 | AB77: -1894729877
A78: 20 | B78: 71 | C78: 3 | D78: 0 | E78: =SmtRes!AV71 -> 0 | F78: =SmtRes!I71 -> 21.1-16-104 | G78: =SmtRes!K71 -> Спирт этиловый технический | H78: =SmtRes!O71 -> кг | I78: =SmtRes!Y71*Source!I47 -> 0.00836 | J78: =SmtRes!AO71 -> 1 | K78: =SmtRes!AE71 -> 412.97 | L78: =SmtRes!DB71 -> 0.11 | M78: =ROUND(ROUND(L78*Source!I47, 6)*1, 2) -> 4.18 | N78: =SmtRes!AA71 -> 412.97 | O78: =ROUND(ROUND(L78*Source!I47, 6)*SmtRes!DA71, 2) -> 4.18 | P78: =SmtRes!AG71 -> 0 | Q78: =SmtRes!DC71 -> 0 | R78: =ROUND(ROUND(Q78*Source!I47, 6)*1, 2) -> 0 | S78: =SmtRes!AC71 -> 0 | T78: =ROUND(ROUND(Q78*Source!I47, 6)*SmtRes!AK71, 2) -> 0 | U78: 3 | Z78: =SmtRes!X71 -> 1286462142 | AA78: 1664821204 | AB78: 1664821204
A79: 20 | B79: 70 | C79: 2 | D79: 0 | E79: =SmtRes!AV70 -> 0 | F79: =SmtRes!I70 -> 22.1-18-24 | G79: =SmtRes!K70 -> Автомобили полупассажирские типа ГАЗ, грузоподъемность до 2 т | H79: =SmtRes!O70 -> маш.-ч | I79: =SmtRes!Y70*Source!I47 -> 1.5675 | J79: =SmtRes!AO70 -> 1 | K79: =SmtRes!AF70 -> 789.86 | L79: =SmtRes!DB70 -> 32.5875 | M79: =ROUND(ROUND(L79*Source!I47, 6)*1, 2) -> 1238.33 | N79: =SmtRes!AB70 -> 789.86 | O79: =ROUND(ROUND(L79*Source!I47, 6)*SmtRes!DA70, 2) -> 1238.33 | P79: =SmtRes!AG70 -> 515.51 | Q79: =SmtRes!DC70 -> 21.285 | R79: =ROUND(ROUND(Q79*Source!I47, 6)*1, 2) -> 808.83 | S79: =SmtRes!AC70 -> 515.51 | T79: =ROUND(ROUND(Q79*Source!I47, 6)*SmtRes!AK70, 2) -> 808.83 | U79: 2 | Z79: =SmtRes!X70 -> -1123321947 | AA79: -1084138170 | AB79: -1084138170
A80: 20 | B80: 69 | C80: 1 | D80: 0 | E80: =SmtRes!AV69 -> 1 | F80: =SmtRes!I69 -> 9999990008 | G80: =SmtRes!K69 -> Трудозатраты рабочих | H80: =SmtRes!O69 -> чел.-ч. | I80: =SmtRes!Y69*Source!I47 -> 12.54 | J80: =SmtRes!AO69 -> 1 | K80: =SmtRes!AH69 -> 0 | L80: =SmtRes!DB69 -> 0 | M80: =ROUND(ROUND(L80*Source!I47, 6)*1, 2) -> 0 | N80: =SmtRes!AD69 -> 0 | O80: =ROUND(ROUND(L80*Source!I47, 6)*SmtRes!DA69, 2) -> 0 | P80: =SmtRes!AG69 -> 0 | Q80: =SmtRes!DC69 -> 0 | R80: =ROUND(ROUND(Q80*Source!I47, 6)*1, 2) -> 0 | S80: =SmtRes!AC69 -> 0 | T80: =ROUND(ROUND(Q80*Source!I47, 6)*SmtRes!AK69, 2) -> 0 | U80: 1 | Z80: =SmtRes!X69 -> 476480486 | AA80: -1751963544 | AB80: -1751963544
A81: 20 | B81: 75 | C81: 3 | D81: 0 | E81: =SmtRes!AV75 -> 0 | F81: =SmtRes!I75 -> 21.1-4-7 | G81: =SmtRes!K75 -> Газ негорючий жидкий (воздух сжатый) Clean 360 | H81: =SmtRes!O75 -> л | I81: =SmtRes!Y75*Source!I48 -> 0.003 | J81: =SmtRes!AO75 -> 1 | K81: =SmtRes!AE75 -> 13856.59 | L81: =SmtRes!DB75 -> 41.57 | M81: =ROUND(ROUND(L81*Source!I48, 6)*1, 2) -> 41.57 | N81: =SmtRes!AA75 -> 13856.59 | O81: =ROUND(ROUND(L81*Source!I48, 6)*SmtRes!DA75, 2) -> 41.57 | P81: =SmtRes!AG75 -> 0 | Q81: =SmtRes!DC75 -> 0 | R81: =ROUND(ROUND(Q81*Source!I48, 6)*1, 2) -> 0 | S81: =SmtRes!AC75 -> 0 | T81: =ROUND(ROUND(Q81*Source!I48, 6)*SmtRes!AK75, 2) -> 0 | U81: 3 | Z81: =SmtRes!X75 -> -1791503361 | AA81: 613166462 | AB81: 613166462
A82: 20 | B82: 74 | C82: 3 | D82: 0 | E82: =SmtRes!AV74 -> 0 | F82: =SmtRes!I74 -> 21.1-20-7 | G82: =SmtRes!K74 -> Ветошь | H82: =SmtRes!O74 -> кг | I82: =SmtRes!Y74*Source!I48 -> 0.001 | J82: =SmtRes!AO74 -> 1 | K82: =SmtRes!AE74 -> 29.29 | L82: =SmtRes!DB74 -> 0.03 | M82: =ROUND(ROUND(L82*Source!I48, 6)*1, 2) -> 0.03 | N82: =SmtRes!AA74 -> 29.29 | O82: =ROUND(ROUND(L82*Source!I48, 6)*SmtRes!DA74, 2) -> 0.03 | P82: =SmtRes!AG74 -> 0 | Q82: =SmtRes!DC74 -> 0 | R82: =ROUND(ROUND(Q82*Source!I48, 6)*1, 2) -> 0 | S82: =SmtRes!AC74 -> 0 | T82: =ROUND(ROUND(Q82*Source!I48, 6)*SmtRes!AK74, 2) -> 0 | U82: 3 | Z82: =SmtRes!X74 -> -20334964 | AA82: -854210182 | AB82: -854210182
A83: 20 | B83: 73 | C83: 1 | D83: 0 | E83: =SmtRes!AV73 -> 1 | F83: =SmtRes!I73 -> 9999990008 | G83: =SmtRes!K73 -> Трудозатраты рабочих | H83: =SmtRes!O73 -> чел.-ч. | I83: =SmtRes!Y73*Source!I48 -> 0.32 | J83: =SmtRes!AO73 -> 1 | K83: =SmtRes!AH73 -> 0 | L83: =SmtRes!DB73 -> 0 | M83: =ROUND(ROUND(L83*Source!I48, 6)*1, 2) -> 0 | N83: =SmtRes!AD73 -> 0 | O83: =ROUND(ROUND(L83*Source!I48, 6)*SmtRes!DA73, 2) -> 0 | P83: =SmtRes!AG73 -> 0 | Q83: =SmtRes!DC73 -> 0 | R83: =ROUND(ROUND(Q83*Source!I48, 6)*1, 2) -> 0 | S83: =SmtRes!AC73 -> 0 | T83: =ROUND(ROUND(Q83*Source!I48, 6)*SmtRes!AK73, 2) -> 0 | U83: 1 | Z83: =SmtRes!X73 -> 476480486 | AA83: -1751963544 | AB83: -1751963544
A84: =Source!A80 -> 5 | B84: 80 | G84: =Source!G80 -> Система оповещения
A85: 20 | B85: 82 | C85: 3 | D85: 0 | E85: =SmtRes!AV82 -> 0 | F85: =SmtRes!I82 -> 21.1-20-1 | G85: =SmtRes!K82 -> Бязь | H85: =SmtRes!O82 -> м2 | I85: =SmtRes!Y82*Source!I84 -> 0.02 | J85: =SmtRes!AO82 -> 1 | K85: =SmtRes!AE82 -> 48.08 | L85: =SmtRes!DB82 -> 0.96 | M85: =ROUND(ROUND(L85*Source!I84, 6)*1, 2) -> 0.96 | N85: =SmtRes!AA82 -> 48.08 | O85: =ROUND(ROUND(L85*Source!I84, 6)*SmtRes!DA82, 2) -> 0.96 | P85: =SmtRes!AG82 -> 0 | Q85: =SmtRes!DC82 -> 0 | R85: =ROUND(ROUND(Q85*Source!I84, 6)*1, 2) -> 0 | S85: =SmtRes!AC82 -> 0 | T85: =ROUND(ROUND(Q85*Source!I84, 6)*SmtRes!AK82, 2) -> 0 | U85: 3 | Z85: =SmtRes!X82 -> 1402440005 | AA85: -1894729877 | AB85: -1894729877
A86: 20 | B86: 81 | C86: 3 | D86: 0 | E86: =SmtRes!AV81 -> 0 | F86: =SmtRes!I81 -> 21.1-16-41 | G86: =SmtRes!K81 -> Канифоль | H86: =SmtRes!O81 -> кг | I86: =SmtRes!Y81*Source!I84 -> 0.0035 | J86: =SmtRes!AO81 -> 1 | K86: =SmtRes!AE81 -> 404.48 | L86: =SmtRes!DB81 -> 1.42 | M86: =ROUND(ROUND(L86*Source!I84, 6)*1, 2) -> 1.42 | N86: =SmtRes!AA81 -> 404.48 | O86: =ROUND(ROUND(L86*Source!I84, 6)*SmtRes!DA81, 2) -> 1.42 | P86: =SmtRes!AG81 -> 0 | Q86: =SmtRes!DC81 -> 0 | R86: =ROUND(ROUND(Q86*Source!I84, 6)*1, 2) -> 0 | S86: =SmtRes!AC81 -> 0 | T86: =ROUND(ROUND(Q86*Source!I84, 6)*SmtRes!AK81, 2) -> 0 | U86: 3 | Z86: =SmtRes!X81 -> -1116031774 | AA86: -843402697 | AB86: -843402697
A87: 20 | B87: 80 | C87: 3 | D87: 0 | E87: =SmtRes!AV80 -> 0 | F87: =SmtRes!I80 -> 21.1-16-11 | G87: =SmtRes!K80 -> Ацетон химически чистый | H87: =SmtRes!O80 -> кг | I87: =SmtRes!Y80*Source!I84 -> 0.002 | J87: =SmtRes!AO80 -> 1 | K87: =SmtRes!AE80 -> 271.96 | L87: =SmtRes!DB80 -> 0.54 | M87: =ROUND(ROUND(L87*Source!I84, 6)*1, 2) -> 0.54 | N87: =SmtRes!AA80 -> 271.96 | O87: =ROUND(ROUND(L87*Source!I84, 6)*SmtRes!DA80, 2) -> 0.54 | P87: =SmtRes!AG80 -> 0 | Q87: =SmtRes!DC80 -> 0 | R87: =ROUND(ROUND(Q87*Source!I84, 6)*1, 2) -> 0 | S87: =SmtRes!AC80 -> 0 | T87: =ROUND(ROUND(Q87*Source!I84, 6)*SmtRes!AK80, 2) -> 0 | U87: 3 | Z87: =SmtRes!X80 -> -1814974188 | AA87: -214032763 | AB87: -214032763
A88: 20 | B88: 79 | C88: 3 | D88: 0 | E88: =SmtRes!AV79 -> 0 | F88: =SmtRes!I79 -> 21.1-16-104 | G88: =SmtRes!K79 -> Спирт этиловый технический | H88: =SmtRes!O79 -> кг | I88: =SmtRes!Y79*Source!I84 -> 0.004 | J88: =SmtRes!AO79 -> 1 | K88: =SmtRes!AE79 -> 412.97 | L88: =SmtRes!DB79 -> 1.65 | M88: =ROUND(ROUND(L88*Source!I84, 6)*1, 2) -> 1.65 | N88: =SmtRes!AA79 -> 412.97 | O88: =ROUND(ROUND(L88*Source!I84, 6)*SmtRes!DA79, 2) -> 1.65 | P88: =SmtRes!AG79 -> 0 | Q88: =SmtRes!DC79 -> 0 | R88: =ROUND(ROUND(Q88*Source!I84, 6)*1, 2) -> 0 | S88: =SmtRes!AC79 -> 0 | T88: =ROUND(ROUND(Q88*Source!I84, 6)*SmtRes!AK79, 2) -> 0 | U88: 3 | Z88: =SmtRes!X79 -> 1286462142 | AA88: 1664821204 | AB88: 1664821204
A89: 20 | B89: 78 | C89: 3 | D89: 0 | E89: =SmtRes!AV78 -> 0 | F89: =SmtRes!I78 -> 21.1-15-46 | G89: =SmtRes!K78 -> Припои оловянно-свинцовые в прутках, размеры 8-10х10-15х250-500 мм, марка ПОС-61 | H89: =SmtRes!O78 -> т | I89: =SmtRes!Y78*Source!I84 -> 2e-06 | J89: =SmtRes!AO78 -> 1 | K89: =SmtRes!AE78 -> 1945282.4 | L89: =SmtRes!DB78 -> 3.89 | M89: =ROUND(ROUND(L89*Source!I84, 6)*1, 2) -> 3.89 | N89: =SmtRes!AA78 -> 1945282.4 | O89: =ROUND(ROUND(L89*Source!I84, 6)*SmtRes!DA78, 2) -> 3.89 | P89: =SmtRes!AG78 -> 0 | Q89: =SmtRes!DC78 -> 0 | R89: =ROUND(ROUND(Q89*Source!I84, 6)*1, 2) -> 0 | S89: =SmtRes!AC78 -> 0 | T89: =ROUND(ROUND(Q89*Source!I84, 6)*SmtRes!AK78, 2) -> 0 | U89: 3 | Z89: =SmtRes!X78 -> 2010614181 | AA89: 1211539097 | AB89: 1211539097
A90: 20 | B90: 77 | C90: 2 | D90: 0 | E90: =SmtRes!AV77 -> 0 | F90: =SmtRes!I77 -> 22.1-18-24 | G90: =SmtRes!K77 -> Автомобили полупассажирские типа ГАЗ, грузоподъемность до 2 т | H90: =SmtRes!O77 -> маш.-ч | I90: =SmtRes!Y77*Source!I84 -> 0.112 | J90: =SmtRes!AO77 -> 1 | K90: =SmtRes!AF77 -> 789.86 | L90: =SmtRes!DB77 -> 88.466 | M90: =ROUND(ROUND(L90*Source!I84, 6)*1, 2) -> 88.47 | N90: =SmtRes!AB77 -> 789.86 | O90: =ROUND(ROUND(L90*Source!I84, 6)*SmtRes!DA77, 2) -> 88.47 | P90: =SmtRes!AG77 -> 515.51 | Q90: =SmtRes!DC77 -> 57.736 | R90: =ROUND(ROUND(Q90*Source!I84, 6)*1, 2) -> 57.74 | S90: =SmtRes!AC77 -> 515.51 | T90: =ROUND(ROUND(Q90*Source!I84, 6)*SmtRes!AK77, 2) -> 57.74 | U90: 2 | Z90: =SmtRes!X77 -> -1123321947 | AA90: -1084138170 | AB90: -1084138170
A91: 20 | B91: 76 | C91: 1 | D91: 0 | E91: =SmtRes!AV76 -> 1 | F91: =SmtRes!I76 -> 9999990008 | G91: =SmtRes!K76 -> Трудозатраты рабочих | H91: =SmtRes!O76 -> чел.-ч. | I91: =SmtRes!Y76*Source!I84 -> 0.959 | J91: =SmtRes!AO76 -> 1 | K91: =SmtRes!AH76 -> 0 | L91: =SmtRes!DB76 -> 0 | M91: =ROUND(ROUND(L91*Source!I84, 6)*1, 2) -> 0 | N91: =SmtRes!AD76 -> 0 | O91: =ROUND(ROUND(L91*Source!I84, 6)*SmtRes!DA76, 2) -> 0 | P91: =SmtRes!AG76 -> 0 | Q91: =SmtRes!DC76 -> 0 | R91: =ROUND(ROUND(Q91*Source!I84, 6)*1, 2) -> 0 | S91: =SmtRes!AC76 -> 0 | T91: =ROUND(ROUND(Q91*Source!I84, 6)*SmtRes!AK76, 2) -> 0 | U91: 1 | Z91: =SmtRes!X76 -> 476480486 | AA91: -1751963544 | AB91: -1751963544
A92: 20 | B92: 86 | C92: 3 | D92: 0 | E92: =SmtRes!AV86 -> 0 | F92: =SmtRes!I86 -> 21.1-20-1 | G92: =SmtRes!K86 -> Бязь | H92: =SmtRes!O86 -> м2 | I92: =SmtRes!Y86*Source!I85 -> 0.02 | J92: =SmtRes!AO86 -> 1 | K92: =SmtRes!AE86 -> 48.08 | L92: =SmtRes!DB86 -> 0.96 | M92: =ROUND(ROUND(L92*Source!I85, 6)*1, 2) -> 0.96 | N92: =SmtRes!AA86 -> 48.08 | O92: =ROUND(ROUND(L92*Source!I85, 6)*SmtRes!DA86, 2) -> 0.96 | P92: =SmtRes!AG86 -> 0 | Q92: =SmtRes!DC86 -> 0 | R92: =ROUND(ROUND(Q92*Source!I85, 6)*1, 2) -> 0 | S92: =SmtRes!AC86 -> 0 | T92: =ROUND(ROUND(Q92*Source!I85, 6)*SmtRes!AK86, 2) -> 0 | U92: 3 | Z92: =SmtRes!X86 -> 1402440005 | AA92: -1894729877 | AB92: -1894729877
A93: 20 | B93: 85 | C93: 3 | D93: 0 | E93: =SmtRes!AV85 -> 0 | F93: =SmtRes!I85 -> 21.1-16-104 | G93: =SmtRes!K85 -> Спирт этиловый технический | H93: =SmtRes!O85 -> кг | I93: =SmtRes!Y85*Source!I85 -> 0.002 | J93: =SmtRes!AO85 -> 1 | K93: =SmtRes!AE85 -> 412.97 | L93: =SmtRes!DB85 -> 0.83 | M93: =ROUND(ROUND(L93*Source!I85, 6)*1, 2) -> 0.83 | N93: =SmtRes!AA85 -> 412.97 | O93: =ROUND(ROUND(L93*Source!I85, 6)*SmtRes!DA85, 2) -> 0.83 | P93: =SmtRes!AG85 -> 0 | Q93: =SmtRes!DC85 -> 0 | R93: =ROUND(ROUND(Q93*Source!I85, 6)*1, 2) -> 0 | S93: =SmtRes!AC85 -> 0 | T93: =ROUND(ROUND(Q93*Source!I85, 6)*SmtRes!AK85, 2) -> 0 | U93: 3 | Z93: =SmtRes!X85 -> 1286462142 | AA93: 1664821204 | AB93: 1664821204
A94: 20 | B94: 84 | C94: 2 | D94: 0 | E94: =SmtRes!AV84 -> 0 | F94: =SmtRes!I84 -> 22.1-18-24 | G94: =SmtRes!K84 -> Автомобили полупассажирские типа ГАЗ, грузоподъемность до 2 т | H94: =SmtRes!O84 -> маш.-ч | I94: =SmtRes!Y84*Source!I85 -> 0.0075 | J94: =SmtRes!AO84 -> 1 | K94: =SmtRes!AF84 -> 789.86 | L94: =SmtRes!DB84 -> 5.925 | M94: =ROUND(ROUND(L94*Source!I85, 6)*1, 2) -> 5.93 | N94: =SmtRes!AB84 -> 789.86 | O94: =ROUND(ROUND(L94*Source!I85, 6)*SmtRes!DA84, 2) -> 5.93 | P94: =SmtRes!AG84 -> 515.51 | Q94: =SmtRes!DC84 -> 3.87 | R94: =ROUND(ROUND(Q94*Source!I85, 6)*1, 2) -> 3.87 | S94: =SmtRes!AC84 -> 515.51 | T94: =ROUND(ROUND(Q94*Source!I85, 6)*SmtRes!AK84, 2) -> 3.87 | U94: 2 | Z94: =SmtRes!X84 -> -1123321947 | AA94: -1084138170 | AB94: -1084138170
A95: 20 | B95: 83 | C95: 1 | D95: 0 | E95: =SmtRes!AV83 -> 1 | F95: =SmtRes!I83 -> 9999990008 | G95: =SmtRes!K83 -> Трудозатраты рабочих | H95: =SmtRes!O83 -> чел.-ч. | I95: =SmtRes!Y83*Source!I85 -> 0.06 | J95: =SmtRes!AO83 -> 1 | K95: =SmtRes!AH83 -> 0 | L95: =SmtRes!DB83 -> 0 | M95: =ROUND(ROUND(L95*Source!I85, 6)*1, 2) -> 0 | N95: =SmtRes!AD83 -> 0 | O95: =ROUND(ROUND(L95*Source!I85, 6)*SmtRes!DA83, 2) -> 0 | P95: =SmtRes!AG83 -> 0 | Q95: =SmtRes!DC83 -> 0 | R95: =ROUND(ROUND(Q95*Source!I85, 6)*1, 2) -> 0 | S95: =SmtRes!AC83 -> 0 | T95: =ROUND(ROUND(Q95*Source!I85, 6)*SmtRes!AK83, 2) -> 0 | U95: 1 | Z95: =SmtRes!X83 -> 476480486 | AA95: -1751963544 | AB95: -1751963544
A96: 20 | B96: 89 | C96: 3 | D96: 0 | E96: =SmtRes!AV89 -> 0 | F96: =SmtRes!I89 -> 21.1-4-7 | G96: =SmtRes!K89 -> Газ негорючий жидкий (воздух сжатый) Clean 360 | H96: =SmtRes!O89 -> л | I96: =SmtRes!Y89*Source!I86 -> 0.56 | J96: =SmtRes!AO89 -> 1 | K96: =SmtRes!AE89 -> 13856.59 | L96: =SmtRes!DB89 -> 27.71 | M96: =ROUND(ROUND(L96*Source!I86, 6)*1, 2) -> 7758.8 | N96: =SmtRes!AA89 -> 13856.59 | O96: =ROUND(ROUND(L96*Source!I86, 6)*SmtRes!DA89, 2) -> 7758.8 | P96: =SmtRes!AG89 -> 0 | Q96: =SmtRes!DC89 -> 0 | R96: =ROUND(ROUND(Q96*Source!I86, 6)*1, 2) -> 0 | S96: =SmtRes!AC89 -> 0 | T96: =ROUND(ROUND(Q96*Source!I86, 6)*SmtRes!AK89, 2) -> 0 | U96: 3 | Z96: =SmtRes!X89 -> -1791503361 | AA96: 613166462 | AB96: 613166462
A97: 20 | B97: 88 | C97: 3 | D97: 0 | E97: =SmtRes!AV88 -> 0 | F97: =SmtRes!I88 -> 21.1-20-7 | G97: =SmtRes!K88 -> Ветошь | H97: =SmtRes!O88 -> кг | I97: =SmtRes!Y88*Source!I86 -> 0.28 | J97: =SmtRes!AO88 -> 1 | K97: =SmtRes!AE88 -> 29.29 | L97: =SmtRes!DB88 -> 0.03 | M97: =ROUND(ROUND(L97*Source!I86, 6)*1, 2) -> 8.4 | N97: =SmtRes!AA88 -> 29.29 | O97: =ROUND(ROUND(L97*Source!I86, 6)*SmtRes!DA88, 2) -> 8.4 | P97: =SmtRes!AG88 -> 0 | Q97: =SmtRes!DC88 -> 0 | R97: =ROUND(ROUND(Q97*Source!I86, 6)*1, 2) -> 0 | S97: =SmtRes!AC88 -> 0 | T97: =ROUND(ROUND(Q97*Source!I86, 6)*SmtRes!AK88, 2) -> 0 | U97: 3 | Z97: =SmtRes!X88 -> -20334964 | AA97: -854210182 | AB97: -854210182
A98: 20 | B98: 87 | C98: 1 | D98: 0 | E98: =SmtRes!AV87 -> 1 | F98: =SmtRes!I87 -> 9999990008 | G98: =SmtRes!K87 -> Трудозатраты рабочих | H98: =SmtRes!O87 -> чел.-ч. | I98: =SmtRes!Y87*Source!I86 -> 100.8 | J98: =SmtRes!AO87 -> 1 | K98: =SmtRes!AH87 -> 0 | L98: =SmtRes!DB87 -> 0 | M98: =ROUND(ROUND(L98*Source!I86, 6)*1, 2) -> 0 | N98: =SmtRes!AD87 -> 0 | O98: =ROUND(ROUND(L98*Source!I86, 6)*SmtRes!DA87, 2) -> 0 | P98: =SmtRes!AG87 -> 0 | Q98: =SmtRes!DC87 -> 0 | R98: =ROUND(ROUND(Q98*Source!I86, 6)*1, 2) -> 0 | S98: =SmtRes!AC87 -> 0 | T98: =ROUND(ROUND(Q98*Source!I86, 6)*SmtRes!AK87, 2) -> 0 | U98: 1 | Z98: =SmtRes!X87 -> 476480486 | AA98: -1751963544 | AB98: -1751963544
A99: 20 | B99: 91 | C99: 3 | D99: 0 | E99: =SmtRes!AV91 -> 0 | F99: =SmtRes!I91 -> 21.1-20-7 | G99: =SmtRes!K91 -> Ветошь | H99: =SmtRes!O91 -> кг | I99: =SmtRes!Y91*Source!I87 -> 0.12 | J99: =SmtRes!AO91 -> 1 | K99: =SmtRes!AE91 -> 29.29 | L99: =SmtRes!DB91 -> 3.48 | M99: =ROUND(ROUND(L99*Source!I87, 6)*1, 2) -> 3.48 | N99: =SmtRes!AA91 -> 29.29 | O99: =ROUND(ROUND(L99*Source!I87, 6)*SmtRes!DA91, 2) -> 3.48 | P99: =SmtRes!AG91 -> 0 | Q99: =SmtRes!DC91 -> 0 | R99: =ROUND(ROUND(Q99*Source!I87, 6)*1, 2) -> 0 | S99: =SmtRes!AC91 -> 0 | T99: =ROUND(ROUND(Q99*Source!I87, 6)*SmtRes!AK91, 2) -> 0 | U99: 3 | Z99: =SmtRes!X91 -> -20334964 | AA99: -854210182 | AB99: -854210182
A100: 20 | B100: 90 | C100: 1 | D100: 0 | E100: =SmtRes!AV90 -> 1 | F100: =SmtRes!I90 -> 9999990008 | G100: =SmtRes!K90 -> Трудозатраты рабочих | H100: =SmtRes!O90 -> чел.-ч. | I100: =SmtRes!Y90*Source!I87 -> 2.4 | J100: =SmtRes!AO90 -> 1 | K100: =SmtRes!AH90 -> 0 | L100: =SmtRes!DB90 -> 0 | M100: =ROUND(ROUND(L100*Source!I87, 6)*1, 2) -> 0 | N100: =SmtRes!AD90 -> 0 | O100: =ROUND(ROUND(L100*Source!I87, 6)*SmtRes!DA90, 2) -> 0 | P100: =SmtRes!AG90 -> 0 | Q100: =SmtRes!DC90 -> 0 | R100: =ROUND(ROUND(Q100*Source!I87, 6)*1, 2) -> 0 | S100: =SmtRes!AC90 -> 0 | T100: =ROUND(ROUND(Q100*Source!I87, 6)*SmtRes!AK90, 2) -> 0 | U100: 1 | Z100: =SmtRes!X90 -> 476480486 | AA100: -1751963544 | AB100: -1751963544
A101: 20 | B101: 98 | C101: 3 | D101: 0 | E101: =SmtRes!AV98 -> 0 | F101: =SmtRes!I98 -> 21.1-20-7 | G101: =SmtRes!K98 -> Ветошь | H101: =SmtRes!O98 -> кг | I101: =SmtRes!Y98*Source!I89 -> 2.82 | J101: =SmtRes!AO98 -> 1 | K101: =SmtRes!AE98 -> 29.29 | L101: =SmtRes!DB98 -> 17.52 | M101: =ROUND(ROUND(L101*Source!I89, 6)*1, 2) -> 82.34 | N101: =SmtRes!AA98 -> 29.29 | O101: =ROUND(ROUND(L101*Source!I89, 6)*SmtRes!DA98, 2) -> 82.34 | P101: =SmtRes!AG98 -> 0 | Q101: =SmtRes!DC98 -> 0 | R101: =ROUND(ROUND(Q101*Source!I89, 6)*1, 2) -> 0 | S101: =SmtRes!AC98 -> 0 | T101: =ROUND(ROUND(Q101*Source!I89, 6)*SmtRes!AK98, 2) -> 0 | U101: 3 | Z101: =SmtRes!X98 -> -20334964 | AA101: -854210182 | AB101: -854210182
A102: 20 | B102: 97 | C102: 1 | D102: 0 | E102: =SmtRes!AV97 -> 1 | F102: =SmtRes!I97 -> 9999990008 | G102: =SmtRes!K97 -> Трудозатраты рабочих | H102: =SmtRes!O97 -> чел.-ч. | I102: =SmtRes!Y97*Source!I89 -> 47.94 | J102: =SmtRes!AO97 -> 1 | K102: =SmtRes!AH97 -> 0 | L102: =SmtRes!DB97 -> 0 | M102: =ROUND(ROUND(L102*Source!I89, 6)*1, 2) -> 0 | N102: =SmtRes!AD97 -> 0 | O102: =ROUND(ROUND(L102*Source!I89, 6)*SmtRes!DA97, 2) -> 0 | P102: =SmtRes!AG97 -> 0 | Q102: =SmtRes!DC97 -> 0 | R102: =ROUND(ROUND(Q102*Source!I89, 6)*1, 2) -> 0 | S102: =SmtRes!AC97 -> 0 | T102: =ROUND(ROUND(Q102*Source!I89, 6)*SmtRes!AK97, 2) -> 0 | U102: 1 | Z102: =SmtRes!X97 -> 476480486 | AA102: -1751963544 | AB102: -1751963544
...

Sheet Расчет стоимости ресурсов
A2: Ресурсная ведомость на
A3: =CONCATENATE("Объект: ",IF(Source!G1249<>"Новый объект", Source!G1249, "")) -> Объект: Техническое обслуживание ГБУЗ "ГП №6 ДЗМ" | O3: Объект: Техническое обслуживание ГБУЗ "ГП №6 ДЗМ"
A4: Обоснование | B4: Наименование | C4: Единица измерения | D4: Объем | E4: Текущая
E6: цена | F6: стоимость
A7: 1 | B7: 2 | C7: 3 | D7: 4 | E7: 5 | F7: 6
A8: =CONCATENATE("Локальная смета: ",IF(Source!G22<>"Новая локальная смета", Source!G22, "")) -> Локальная смета:
A9: =CONCATENATE("Раздел: ",IF(Source!G26<>"Новый раздел", Source!G26, "")) -> Раздел: г. Москва, 3-й Михалковский пер., д.22
A10: =CONCATENATE("Подраздел: ",IF(Source!G30<>"Новый подраздел", Source!G30, "")) -> Подраздел: АПС
A11: Трудовые ресурсы
A12: 9999990008 | B12: Трудозатраты рабочих | C12: чел.-ч. | D12: =ROUND(SUMIF(RV_DATA!AB9:AB83, -1751963544, RV_DATA!I9:I83), 6) -> 339.983 | E12: =ROUND(RV_DATA!N15, 6) -> 0 | F12: =ROUND(SUMIF(RV_DATA!AB9:AB83, -1751963544, RV_DATA!O9:O83), 6) -> 0 | Q12: 1
A13: Итого трудовые ресурсы | E13: =SUMIF(Q12:Q12, 1, F12:F12) -> 0
A14: Машины и механизмы
A15: 22.1-18-24 | B15: Автомобили полупассажирские типа ГАЗ, грузоподъемность до 2 т | C15: маш.-ч | D15: =ROUND(SUMIF(RV_DATA!AB9:AB83, -1084138170, RV_DATA!I9:I83), 6) -> 16.579 | E15: =ROUND(RV_DATA!N14, 6) -> 789.86 | F15: =ROUND(SUMIF(RV_DATA!AB9:AB83, -1084138170, RV_DATA!O9:O83), 6) -> 13096.05 | Q15: 2
A16: Итого машины и механизмы | E16: =SUMIF(Q15:Q15, 2, F15:F15) -> 13096.05
A17: Материальные ресурсы
A18: 21.1-15-46 | B18: Припои оловянно-свинцовые в прутках, размеры 8-10х10-15х250-500 мм, марка ПОС-61 | C18: т | D18: =ROUND(SUMIF(RV_DATA!AB9:AB83, 1211539097, RV_DATA!I9:I83), 6) -> 0.000112 | E18: =ROUND(RV_DATA!N13, 6) -> 1945282.4 | F18: =ROUND(SUMIF(RV_DATA!AB9:AB83, 1211539097, RV_DATA!O9:O83), 6) -> 217.84 | Q18: 3
A19: 21.1-16-103 | B19: Спирт этиловый ректификат | C19: кг | D19: =ROUND(SUMIF(RV_DATA!AB9:AB83, -235644289, RV_DATA!I9:I83), 6) -> 0.00028 | E19: =ROUND(RV_DATA!N49, 6) -> 471.7 | F19: =ROUND(SUMIF(RV_DATA!AB9:AB83, -235644289, RV_DATA!O9:O83), 6) -> 0.14 | Q19: 3
A20: 21.1-16-104 | B20: Спирт этиловый технический | C20: кг | D20: =ROUND(SUMIF(RV_DATA!AB9:AB83, 1664821204, RV_DATA!I9:I83), 6) -> 1.48512 | E20: =ROUND(RV_DATA!N12, 6) -> 412.97 | F20: =ROUND(SUMIF(RV_DATA!AB9:AB83, 1664821204, RV_DATA!O9:O83), 6) -> 616.64 | Q20: 3
A21: 21.1-16-11 | B21: Ацетон химически чистый | C21: кг | D21: =ROUND(SUMIF(RV_DATA!AB9:AB83, -214032763, RV_DATA!I9:I83), 6) -> 0.167 | E21: =ROUND(RV_DATA!N11, 6) -> 271.96 | F21: =ROUND(SUMIF(RV_DATA!AB9:AB83, -214032763, RV_DATA!O9:O83), 6) -> 45.09 | Q21: 3
A22: 21.1-16-41 | B22: Канифоль | C22: кг | D22: =ROUND(SUMIF(RV_DATA!AB9:AB83, -843402697, RV_DATA!I9:I83), 6) -> 0.196 | E22: =ROUND(RV_DATA!N10, 6) -> 404.48 | F22: =ROUND(SUMIF(RV_DATA!AB9:AB83, -843402697, RV_DATA!O9:O83), 6) -> 79.52 | Q22: 3
A23: 21.1-20-1 | B23: Бязь | C23: м2 | D23: =ROUND(SUMIF(RV_DATA!AB9:AB83, -1894729877, RV_DATA!I9:I83), 6) -> 64.14 | E23: =ROUND(RV_DATA!N9, 6) -> 48.08 | F23: =ROUND(SUMIF(RV_DATA!AB9:AB83, -1894729877, RV_DATA!O9:O83), 6) -> 3083.12 | Q23: 3
A24: 21.1-20-7 | B24: Ветошь | C24: кг | D24: =ROUND(SUMIF(RV_DATA!AB9:AB83, -854210182, RV_DATA!I9:I83), 6) -> 47.129 | E24: =ROUND(RV_DATA!N21, 6) -> 29.29 | F24: =ROUND(SUMIF(RV_DATA!AB9:AB83, -854210182, RV_DATA!O9:O83), 6) -> 1381.47 | Q24: 3
A25: 21.1-4-7 | B25: Газ негорючий жидкий (воздух сжатый) Clean 360 | C25: л | D25: =ROUND(SUMIF(RV_DATA!AB9:AB83, 613166462, RV_DATA!I9:I83), 6) -> 0.009 | E25: =ROUND(RV_DATA!N20, 6) -> 13856.59 | F25: =ROUND(SUMIF(RV_DATA!AB9:AB83, 613166462, RV_DATA!O9:O83), 6) -> 124.71 | Q25: 3
A26: Итого материальные ресурсы | E26: =SUMIF(Q18:Q25, 3, F18:F25) -> 5548.53
A27: =CONCATENATE("Подраздел: ",IF(Source!G82<>"Новый подраздел", Source!G82, "")) -> Подраздел: Система оповещения
A28: Трудовые ресурсы
A29: 9999990008 | B29: Трудозатраты рабочих | C29: чел.-ч. | D29: =ROUND(SUMIF(RV_DATA!AB85:AB120, -1751963544, RV_DATA!I85:I120), 6) -> 562.288 | E29: =ROUND(RV_DATA!N91, 6) -> 0 | F29: =ROUND(SUMIF(RV_DATA!AB85:AB120, -1751963544, RV_DATA!O85:O120), 6) -> 0 | Q29: 1
A30: Итого трудовые ресурсы | E30: =SUMIF(Q29:Q29, 1, F29:F29) -> 0
A31: Машины и механизмы
A32: 22.1-18-24 | B32: Автомобили полупассажирские типа ГАЗ, грузоподъемность до 2 т | C32: маш.-ч | D32: =ROUND(SUMIF(RV_DATA!AB85:AB120, -1084138170, RV_DATA!I85:I120), 6) -> 0.23 | E32: =ROUND(RV_DATA!N90, 6) -> 789.86 | F32: =ROUND(SUMIF(RV_DATA!AB85:AB120, -1084138170, RV_DATA!O85:O120), 6) -> 181.7 | Q32: 2
A33: Итого машины и механизмы | E33: =SUMIF(Q32:Q32, 2, F32:F32) -> 181.7
A34: Материальные ресурсы
A35: 21.1-15-46 | B35: Припои оловянно-свинцовые в прутках, размеры 8-10х10-15х250-500 мм, марка ПОС-61 | C35: т | D35: =ROUND(SUMIF(RV_DATA!AB85:AB120, 1211539097, RV_DATA!I85:I120), 6) -> 2e-06 | E35: =ROUND(RV_DATA!N89, 6) -> 1945282.4 | F35: =ROUND(SUMIF(RV_DATA!AB85:AB120, 1211539097, RV_DATA!O85:O120), 6) -> 3.89 | Q35: 3
A36: 21.1-16-104 | B36: Спирт этиловый технический | C36: кг | D36: =ROUND(SUMIF(RV_DATA!AB85:AB120, 1664821204, RV_DATA!I85:I120), 6) -> 0.00648 | E36: =ROUND(RV_DATA!N88, 6) -> 412.97 | F36: =ROUND(SUMIF(RV_DATA!AB85:AB120, 1664821204, RV_DATA!O85:O120), 6) -> 2.72 | Q36: 3
A37: 21.1-16-11 | B37: Ацетон химически чистый | C37: кг | D37: =ROUND(SUMIF(RV_DATA!AB85:AB120, -214032763, RV_DATA!I85:I120), 6) -> 0.002 | E37: =ROUND(RV_DATA!N87, 6) -> 271.96 | F37: =ROUND(SUMIF(RV_DATA!AB85:AB120, -214032763, RV_DATA!O85:O120), 6) -> 0.54 | Q37: 3
A38: 21.1-16-41 | B38: Канифоль | C38: кг | D38: =ROUND(SUMIF(RV_DATA!AB85:AB120, -843402697, RV_DATA!I85:I120), 6) -> 0.0035 | E38: =ROUND(RV_DATA!N86, 6) -> 404.48 | F38: =ROUND(SUMIF(RV_DATA!AB85:AB120, -843402697, RV_DATA!O85:O120), 6) -> 1.42 | Q38: 3
A39: 21.1-20-1 | B39: Бязь | C39: м2 | D39: =ROUND(SUMIF(RV_DATA!AB85:AB120, -1894729877, RV_DATA!I85:I120), 6) -> 83.53 | E39: =ROUND(RV_DATA!N85, 6) -> 48.08 | F39: =ROUND(SUMIF(RV_DATA!AB85:AB120, -1894729877, RV_DATA!O85:O120), 6) -> 4016.1 | Q39: 3
A40: 21.1-20-7 | B40: Ветошь | C40: кг | D40: =ROUND(SUMIF(RV_DATA!AB85:AB120, -854210182, RV_DATA!I85:I120), 6) -> 90.178 | E40: =ROUND(RV_DATA!N97, 6) -> 29.29 | F40: =ROUND(SUMIF(RV_DATA!AB85:AB120, -854210182, RV_DATA!O85:O120), 6) -> 2642.22 | Q40: 3
A41: 21.1-25-389 | B41: Шкурка шлифовальная на тканевой основе водостойкая | C41: м2 | D41: =ROUND(SUMIF(RV_DATA!AB85:AB120, 2112690946, RV_DATA!I85:I120), 6) -> 0.15 | E41: =ROUND(RV_DATA!N106, 6) -> 429.34 | F41: =ROUND(SUMIF(RV_DATA!AB85:AB120, 2112690946, RV_DATA!O85:O120), 6) -> 64.4 | Q41: 3
A42: 21.1-4-7 | B42: Газ негорючий жидкий (воздух сжатый) Clean 360 | C42: л | D42: =ROUND(SUMIF(RV_DATA!AB85:AB120, 613166462, RV_DATA!I85:I120), 6) -> 0.56 | E42: =ROUND(RV_DATA!N96, 6) -> 13856.59 | F42: =ROUND(SUMIF(RV_DATA!AB85:AB120, 613166462, RV_DATA!O85:O120), 6) -> 7758.8 | Q42: 3
A43: 21.1-6-139 | B43: Эмаль, марка ПФ-115 (цветная), пентафталевая | C43: кг | D43: =ROUND(SUMIF(RV_DATA!AB85:AB120, 1793131511, RV_DATA!I85:I120), 6) -> 0.18 | E43: =ROUND(RV_DATA!N105, 6) -> 137.97 | F43: =ROUND(SUMIF(RV_DATA!AB85:AB120, 1793131511, RV_DATA!O85:O120), 6) -> 24.84 | Q43: 3
A44: Итого материальные ресурсы | E44: =SUMIF(Q35:Q43, 3, F35:F43) -> 14514.93
A45: =CONCATENATE("Подраздел: ",IF(Source!G128<>"Новый подраздел", Source!G128, "")) -> Подраздел: Система пожаротушения
A46: Трудовые ресурсы
A47: 9999990008 | B47: Трудозатраты рабочих | C47: чел.-ч. | D47: =ROUND(SUMIF(RV_DATA!AB122:AB169, -1751963544, RV_DATA!I122:I169), 6) -> 62.924 | E47: =ROUND(RV_DATA!N128, 6) -> 0 | F47: =ROUND(SUMIF(RV_DATA!AB122:AB169, -1751963544, RV_DATA!O122:O169), 6) -> 0 | Q47: 1
A48: Итого трудовые ресурсы | E48: =SUMIF(Q47:Q47, 1, F47:F47) -> 0
A49: Машины и механизмы
A50: 22.1-18-24 | B50: Автомобили полупассажирские типа ГАЗ, грузоподъемность до 2 т | C50: маш.-ч | D50: =ROUND(SUMIF(RV_DATA!AB122:AB169, -1084138170, RV_DATA!I122:I169), 6) -> 5.842 | E50: =ROUND(RV_DATA!N127, 6) -> 789.86 | F50: =ROUND(SUMIF(RV_DATA!AB122:AB169, -1084138170, RV_DATA!O122:O169), 6) -> 4614.33 | Q50: 2
A51: Итого машины и механизмы | E51: =SUMIF(Q50:Q50, 2, F50:F50) -> 4614.33
A52: Материальные ресурсы
A53: 21.1-15-46 | B53: Припои оловянно-свинцовые в прутках, размеры 8-10х10-15х250-500 мм, марка ПОС-61 | C53: т | D53: =ROUND(SUMIF(RV_DATA!AB122:AB169, 1211539097, RV_DATA!I122:I169), 6) -> 6e-06 | E53: =ROUND(RV_DATA!N126, 6) -> 1945282.4 | F53: =ROUND(SUMIF(RV_DATA!AB122:AB169, 1211539097, RV_DATA!O122:O169), 6) -> 11.67 | Q53: 3
A54: 21.1-16-103 | B54: Спирт этиловый ректификат | C54: кг | D54: =ROUND(SUMIF(RV_DATA!AB122:AB169, -235644289, RV_DATA!I122:I169), 6) -> 0.021 | E54: =ROUND(RV_DATA!N157, 6) -> 471.7 | F54: =ROUND(SUMIF(RV_DATA!AB122:AB169, -235644289, RV_DATA!O122:O169), 6) -> 10.08 | Q54: 3
A55: 21.1-16-104 | B55: Спирт этиловый технический | C55: кг | D55: =ROUND(SUMIF(RV_DATA!AB122:AB169, 1664821204, RV_DATA!I122:I169), 6) -> 0.07998 | E55: =ROUND(RV_DATA!N125, 6) -> 412.97 | F55: =ROUND(SUMIF(RV_DATA!AB122:AB169, 1664821204, RV_DATA!O122:O169), 6) -> 33.21 | Q55: 3
A56: 21.1-16-11 | B56: Ацетон химически чистый | C56: кг | D56: =ROUND(SUMIF(RV_DATA!AB122:AB169, -214032763, RV_DATA!I122:I169), 6) -> 0.039 | E56: =ROUND(RV_DATA!N124, 6) -> 271.96 | F56: =ROUND(SUMIF(RV_DATA!AB122:AB169, -214032763, RV_DATA!O122:O169), 6) -> 10.53 | Q56: 3
A57: 21.1-16-41 | B57: Канифоль | C57: кг | D57: =ROUND(SUMIF(RV_DATA!AB122:AB169, -843402697, RV_DATA!I122:I169), 6) -> 0.0105 | E57: =ROUND(RV_DATA!N123, 6) -> 404.48 | F57: =ROUND(SUMIF(RV_DATA!AB122:AB169, -843402697, RV_DATA!O122:O169), 6) -> 4.26 | Q57: 3
A58: 21.1-20-1 | B58: Бязь | C58: м2 | D58: =ROUND(SUMIF(RV_DATA!AB122:AB169, -1894729877, RV_DATA!I122:I169), 6) -> 7.11 | E58: =ROUND(RV_DATA!N122, 6) -> 48.08 | F58: =ROUND(SUMIF(RV_DATA!AB122:AB169, -1894729877, RV_DATA!O122:O169), 6) -> 341.61 | Q58: 3
A59: 21.1-20-7 | B59: Ветошь | C59: кг | D59: =ROUND(SUMIF(RV_DATA!AB122:AB169, -854210182, RV_DATA!I122:I169), 6) -> 25.14 | E59: =ROUND(RV_DATA!N142, 6) -> 29.29 | F59: =ROUND(SUMIF(RV_DATA!AB122:AB169, -854210182, RV_DATA!O122:O169), 6) -> 736.35 | Q59: 3
A60: 21.1-24-14 | B60: Средство моющее | C60: кг | D60: =ROUND(SUMIF(RV_DATA!AB122:AB169, 136419810, RV_DATA!I122:I169), 6) -> 0.198 | E60: =ROUND(RV_DATA!N154, 6) -> 76.12 | F60: =ROUND(SUMIF(RV_DATA!AB122:AB169, 136419810, RV_DATA!O122:O169), 6) -> 15.12 | Q60: 3
A61: 21.1-25-388 | B61: Шкурка шлифовальная на бумажной основе | C61: м2 | D61: =ROUND(SUMIF(RV_DATA!AB122:AB169, -2112574086, RV_DATA!I122:I169), 6) -> 0.42 | E61: =ROUND(RV_DATA!N153, 6) -> 459.29 | F61: =ROUND(SUMIF(RV_DATA!AB122:AB169, -2112574086, RV_DATA!O122:O169), 6) -> 192.78 | Q61: 3
A62: 21.1-6-114 | B62: Растворитель "Уайт-спирит" | C62: т | D62: =ROUND(SUMIF(RV_DATA!AB122:AB169, 1212629458, RV_DATA!I122:I169), 6) -> 0.000228 | E62: =ROUND(RV_DATA!N161, 6) -> 95071.08 | F62: =ROUND(SUMIF(RV_DATA!AB122:AB169, 1212629458, RV_DATA!O122:O169), 6) -> 21.66 | Q62: 3
A63: 21.1-6-139 | B63: Эмаль, марка ПФ-115 (цветная), пентафталевая | C63: кг | D63: =ROUND(SUMIF(RV_DATA!AB122:AB169, 1793131511, RV_DATA!I122:I169), 6) -> 0.096 | E63: =ROUND(RV_DATA!N152, 6) -> 137.97 | F63: =ROUND(SUMIF(RV_DATA!AB122:AB169, 1793131511, RV_DATA!O122:O169), 6) -> 13.26 | Q63: 3
A64: Итого материальные ресурсы | E64: =SUMIF(Q53:Q63, 3, F53:F63) -> 1390.53
A65: =CONCATENATE("Подраздел: ",IF(Source!G173<>"Новый подраздел", Source!G173, "")) -> Подраздел: Система дымоудаления
A66: Трудовые ресурсы
A67: 9999990008 | B67: Трудозатраты рабочих | C67: чел.-ч. | D67: =ROUND(SUMIF(RV_DATA!AB171:AB192, -1751963544, RV_DATA!I171:I192), 6) -> 199.36 | E67: =ROUND(RV_DATA!N171, 6) -> 0 | F67: =ROUND(SUMIF(RV_DATA!AB171:AB192, -1751963544, RV_DATA!O171:O192), 6) -> 0 | Q67: 1
A68: Итого трудовые ресурсы | E68: =SUMIF(Q67:Q67, 1, F67:F67) -> 0
A69: Машины и механизмы
A70: 22.1-18-24 | B70: Автомобили полупассажирские типа ГАЗ, грузоподъемность до 2 т | C70: маш.-ч | D70: =ROUND(SUMIF(RV_DATA!AB171:AB192, -1084138170, RV_DATA!I171:I192), 6) -> 3.52 | E70: =ROUND(RV_DATA!N188, 6) -> 789.86 | F70: =ROUND(SUMIF(RV_DATA!AB171:AB192, -1084138170, RV_DATA!O171:O192), 6) -> 2780.32 | Q70: 2
A71: Итого машины и механизмы | E71: =SUMIF(Q70:Q70, 2, F70:F70) -> 2780.32
A72: Материальные ресурсы
A73: 21.1-11-21 | B73: Болты строительные черные с гайками и шайбами (10х100мм) | C73: т | D73: =ROUND(SUMIF(RV_DATA!AB171:AB192, -876077394, RV_DATA!I171:I192), 6) -> 0.0008 | E73: =ROUND(RV_DATA!N185, 6) -> 169525.77 | F73: =ROUND(SUMIF(RV_DATA!AB171:AB192, -876077394, RV_DATA!O171:O192), 6) -> 135.62 | Q73: 3
A74: 21.1-11-95 | B74: Шайбы для болтов черные | C74: т | D74: =ROUND(SUMIF(RV_DATA!AB171:AB192, -753661244, RV_DATA!I171:I192), 6) -> 0.0001 | E74: =ROUND(RV_DATA!N184, 6) -> 252301.59 | F74: =ROUND(SUMIF(RV_DATA!AB171:AB192, -753661244, RV_DATA!O171:O192), 6) -> 25.23 | Q74: 3
A75: 21.1-20-7 | B75: Ветошь | C75: кг | D75: =ROUND(SUMIF(RV_DATA!AB171:AB192, -854210182, RV_DATA!I171:I192), 6) -> 2.52 | E75: =ROUND(RV_DATA!N187, 6) -> 29.29 | F75: =ROUND(SUMIF(RV_DATA!AB171:AB192, -854210182, RV_DATA!O171:O192), 6) -> 73.6 | Q75: 3
A76: 21.1-23-9 | B76: Электроды, тип Э-42, 46, 50, диаметр 4 - 6 мм | C76: т | D76: =ROUND(SUMIF(RV_DATA!AB171:AB192, -1870019852, RV_DATA!I171:I192), 6) -> 0.0008 | E76: =ROUND(RV_DATA!N183, 6) -> 116329.32 | F76: =ROUND(SUMIF(RV_DATA!AB171:AB192, -1870019852, RV_DATA!O171:O192), 6) -> 93.06 | Q76: 3
A77: 21.1-25-284 | B77: Прокладки резиновые, уплотнительные, диаметр 30-40 мм, марка 7057-3 | C77: т | D77: =ROUND(SUMIF(RV_DATA!AB171:AB192, -543988040, RV_DATA!I171:I192), 6) -> 0.0007 | E77: =ROUND(RV_DATA!N182, 6) -> 266315.91 | F77: =ROUND(SUMIF(RV_DATA!AB171:AB192, -543988040, RV_DATA!O171:O192), 6) -> 186.42 | Q77: 3
A78: 21.1-25-399 | B78: Шнур асбестовый, общего назначения, марка ШАОН-1, диаметр 0,75 мм, | C78: т | D78: =ROUND(SUMIF(RV_DATA!AB171:AB192, -1106440195, RV_DATA!I171:I192), 6) -> 0.0007 | E78: =ROUND(RV_DATA!N181, 6) -> 1072565.4 | F78: =ROUND(SUMIF(RV_DATA!AB171:AB192, -1106440195, RV_DATA!O171:O192), 6) -> 750.8 | Q78: 3
A79: 21.1-4-10 | B79: Кислород технический газообразный | C79: м3 | D79: =ROUND(SUMIF(RV_DATA!AB171:AB192, -1841780710, RV_DATA!I171:I192), 6) -> 1.8 | E79: =ROUND(RV_DATA!N180, 6) -> 79.62 | F79: =ROUND(SUMIF(RV_DATA!AB171:AB192, -1841780710, RV_DATA!O171:O192), 6) -> 143.32 | Q79: 3
A80: 21.1-4-2 | B80: Ацетилен технический | C80: м3 | D80: =ROUND(SUMIF(RV_DATA!AB171:AB192, 472873284, RV_DATA!I171:I192), 6) -> 0.9 | E80: =ROUND(RV_DATA!N179, 6) -> 715.78 | F80: =ROUND(SUMIF(RV_DATA!AB171:AB192, 472873284, RV_DATA!O171:O192), 6) -> 644.2 | Q80: 3
A81: 21.1-4-46 | B81: Солидол жировой | C81: т | D81: =ROUND(SUMIF(RV_DATA!AB171:AB192, -1720387991, RV_DATA!I171:I192), 6) -> 0.0006 | E81: =ROUND(RV_DATA!N178, 6) -> 205731.7 | F81: =ROUND(SUMIF(RV_DATA!AB171:AB192, -1720387991, RV_DATA!O171:O192), 6) -> 123.44 | Q81: 3
A82: 21.1-4-9 | B82: Керосин | C82: т | D82: =ROUND(SUMIF(RV_DATA!AB171:AB192, 1372011399, RV_DATA!I171:I192), 6) -> 0.001 | E82: =ROUND(RV_DATA!N177, 6) -> 122462.72 | F82: =ROUND(SUMIF(RV_DATA!AB171:AB192, 1372011399, RV_DATA!O171:O192), 6) -> 122.46 | Q82: 3
A83: 21.1-6-48 | B83: Краски масляные жидкотертые цветные (готовые к употреблению) для наружных и внутренних работ, марка МА-25 | C83: т | D83: =ROUND(SUMIF(RV_DATA!AB171:AB192, 452281720, RV_DATA!I171:I192), 6) -> 0.00216 | E83: =ROUND(RV_DATA!N176, 6) -> 114569.3 | F83: =ROUND(SUMIF(RV_DATA!AB171:AB192, 452281720, RV_DATA!O171:O192), 6) -> 247.47 | Q83: 3
A84: 21.1-6-68 | B84: Лак битумный, марка БТ-577 | C84: т | D84: =ROUND(SUMIF(RV_DATA!AB171:AB192, 701703562, RV_DATA!I171:I192), 6) -> 0.0008 | E84: =ROUND(RV_DATA!N175, 6) -> 86653.52 | F84: =ROUND(SUMIF(RV_DATA!AB171:AB192, 701703562, RV_DATA!O171:O192), 6) -> 69.32 | Q84: 3
A85: 21.1-6-90 | B85: Олифа для окраски комбинированная "Оксоль" | C85: кг | D85: =ROUND(SUMIF(RV_DATA!AB171:AB192, -746135327, RV_DATA!I171:I192), 6) -> 0.24 | E85: =ROUND(RV_DATA!N174, 6) -> 99.65 | F85: =ROUND(SUMIF(RV_DATA!AB171:AB192, -746135327, RV_DATA!O171:O192), 6) -> 23.92 | Q85: 3
A86: 21.18-7-2 | B86: Прокладка уплотнительная паронитовая, толщина 0,5-2,5 мм | C86: т | D86: =ROUND(SUMIF(RV_DATA!AB171:AB192, -769949848, RV_DATA!I171:I192), 6) -> 0.0009 | E86: =ROUND(RV_DATA!N173, 6) -> 101175.36 | F86: =ROUND(SUMIF(RV_DATA!AB171:AB192, -769949848, RV_DATA!O171:O192), 6) -> 91.06 | Q86: 3
A87: Итого материальные ресурсы | E87: =SUMIF(Q73:Q86, 3, F73:F86) -> 2729.92
A88: =CONCATENATE("Раздел: ",IF(Source!G244<>"Новый раздел", Source!G244, "")) -> Раздел: г. Москва, ул. Квесисская 1-Я, д.8
A89: =CONCATENATE("Подраздел: ",IF(Source!G248<>"Новый подраздел", Source!G248, "")) -> Подраздел: АПС
A90: Трудовые ресурсы
A91: 9999990008 | B91: Трудозатраты рабочих | C91: чел.-ч. | D91: =ROUND(SUMIF(RV_DATA!AB195:AB292, -1751963544, RV_DATA!I195:I292), 6) -> 678.0265 | E91: =ROUND(RV_DATA!N199, 6) -> 0 | F91: =ROUND(SUMIF(RV_DATA!AB195:AB292, -1751963544, RV_DATA!O195:O292), 6) -> 0 | Q91: 1
A92: Итого трудовые ресурсы | E92: =SUMIF(Q91:Q91, 1, F91:F91) -> 0
A93: Машины и механизмы
A94: 22.1-18-24 | B94: Автомобили полупассажирские типа ГАЗ, грузоподъемность до 2 т | C94: маш.-ч | D94: =ROUND(SUMIF(RV_DATA!AB195:AB292, -1084138170, RV_DATA!I195:I292), 6) -> 14.7425 | E94: =ROUND(RV_DATA!N216, 6) -> 789.86 | F94: =ROUND(SUMIF(RV_DATA!AB195:AB292, -1084138170, RV_DATA!O195:O292), 6) -> 11645.91 | Q94: 2
A95: Итого машины и механизмы | E95: =SUMIF(Q94:Q94, 2, F94:F94) -> 11645.91
A96: Материальные ресурсы
A97: 21.1-15-46 | B97: Припои оловянно-свинцовые в прутках, размеры 8-10х10-15х250-500 мм, марка ПОС-61 | C97: т | D97: =ROUND(SUMIF(RV_DATA!AB195:AB292, 1211539097, RV_DATA!I195:I292), 6) -> 0.00027 | E97: =ROUND(RV_DATA!N226, 6) -> 1945282.4 | F97: =ROUND(SUMIF(RV_DATA!AB195:AB292, 1211539097, RV_DATA!O195:O292), 6) -> 525.15 | Q97: 3
A98: 21.1-16-103 | B98: Спирт этиловый ректификат | C98: кг | D98: =ROUND(SUMIF(RV_DATA!AB195:AB292, -235644289, RV_DATA!I195:I292), 6) -> 0.3956 | E98: =ROUND(RV_DATA!N212, 6) -> 471.7 | F98: =ROUND(SUMIF(RV_DATA!AB195:AB292, -235644289, RV_DATA!O195:O292), 6) -> 185.95 | Q98: 3
A99: 21.1-16-104 | B99: Спирт этиловый технический | C99: кг | D99: =ROUND(SUMIF(RV_DATA!AB195:AB292, 1664821204, RV_DATA!I195:I292), 6) -> 3.5965 | E99: =ROUND(RV_DATA!N198, 6) -> 412.97 | F99: =ROUND(SUMIF(RV_DATA!AB195:AB292, 1664821204, RV_DATA!O195:O292), 6) -> 1491.6 | Q99: 3
A100: 21.1-16-11 | B100: Ацетон химически чистый | C100: кг | D100: =ROUND(SUMIF(RV_DATA!AB195:AB292, -214032763, RV_DATA!I195:I292), 6) -> 0.294 | E100: =ROUND(RV_DATA!N224, 6) -> 271.96 | F100: =ROUND(SUMIF(RV_DATA!AB195:AB292, -214032763, RV_DATA!O195:O292), 6) -> 79.38 | Q100: 3
A101: 21.1-16-41 | B101: Канифоль | C101: кг | D101: =ROUND(SUMIF(RV_DATA!AB195:AB292, -843402697, RV_DATA!I195:I292), 6) -> 0.4725 | E101: =ROUND(RV_DATA!N223, 6) -> 404.48 | F101: =ROUND(SUMIF(RV_DATA!AB195:AB292, -843402697, RV_DATA!O195:O292), 6) -> 191.7 | Q101: 3
A102: 21.1-20-1 | B102: Бязь | C102: м2 | D102: =ROUND(SUMIF(RV_DATA!AB195:AB292, -1894729877, RV_DATA!I195:I292), 6) -> 231.46 | E102: =ROUND(RV_DATA!N197, 6) -> 48.08 | F102: =ROUND(SUMIF(RV_DATA!AB195:AB292, -1894729877, RV_DATA!O195:O292), 6) -> 11131.45 | Q102: 3
...

Sheet Source
A1: 0 | B1: Smeta.RU (495) 974-1589 | D1: _PS_ | F1: 0 | G1: 0 | H1: 0 | I1: Smeta.RU | K1: 1 | L1: 46812 | M1: 97460402 | N1: 11 | O1: 8 | P1: 0 | Q1: 1
A12: 1 | B12: 1291 | C12: 0 | D12: =ROW(A1249) -> 1249 | E12: 0 | F12: Новый объект | G12: Техническое обслуживание ГБУЗ "ГП №6 ДЗМ" | I12: 0 | K12: 0 | L12: 0 | M12: 2 | O12: 0 | P12: 0 | Q12: 0 | R12: 108 | T12: 1 | V12: 0 | BB12: 0 | BH12: Сметные нормы списания | BI12: Коды ОКП для СН-2012 - 2024 г. (в ценах на 01.01.2024 г) | BJ12: 1 | BK12: 1 | BL12: 0 | BM12: 0 | BN12: 1 | BO12: 0 | BP12: 6 | BQ12: 2 | BR12: 1 | BS12: 1 | BT12: 0 | BU12: 0 | BV12: 0 | BW12: 0 | BX12: 0 | BZ12: Типовой расчет для СН-2012 - 2022 г | CA12: СН-2012-2024 г. База данных "Сборник стоимостных нормативов" (в ценах на 01.01.2024 г) | CB12: СН-2012-2024 г. База данных "Сборник стоимостных нормативов" (в ценах на 01.01.2024 г) | CC12: СН-2012-2024 г. База данных "Сборник стоимостных нормативов" (в ценах на 01.01.2024 г) | CD12: СН-2012-2024 г. База данных "Сборник стоимостных нормативов" (в ценах на 01.01.2024 г) | CE12: Поправки для СН-2012-2024 г. (в ценах на 01.01.2024 г) И0 (05.03.2024) | CF12: 0 | CG12: 0 | CH12: 8 | CK12: 2 | CY12: 0 | EC12: 0
A15: 15 | B15: 1
A18: 52 | B18: =B1249 -> 1291 | C18: =C1249 -> 1 | D18: =D1249 -> 12 | E18: =E1249 -> 0 | F18: =F1249 -> Новый объект | G18: =G1249 -> Техническое обслуживание ГБУЗ "ГП №6 ДЗМ" | O18: =O1249 -> 3336750.2 | P18: =P1249 -> 125966.26 | Q18: =Q1249 -> 382431.94 | R18: =R1249 -> 249631.95 | S18: =S1249 -> 2828352 | T18: =T1249 -> 0 | U18: =U1249 -> 7586.915 | V18: =V1249 -> 0 | ... GX18: =GX1249 -> 0
A20: 3 | B20: 1 | D20: =ROW(A1219) -> 1219 | F20: Новая локальная смета | G20: Новая локальная смета | I20: 0 | K20: 0 | S20: 0 | V20: 0 | BX20: 0 | CF20: 0 | CG20: 0
A22: 52 | B22: =B1219 -> 1 | C22: =C1219 -> 3 | D22: =D1219 -> 20 | E22: =E1219 -> 0 | F22: =F1219 -> Новая локальная смета | G22: =G1219 -> Новая локальная смета | O22: =O1219 -> 3336750.2 | P22: =P1219 -> 125966.26 | Q22: =Q1219 -> 382431.94 | R22: =R1219 -> 249631.95 | S22: =S1219 -> 2828352 | T22: =T1219 -> 0 | U22: =U1219 -> 7586.915 | V22: =V1219 -> 0 | ... GX22: =GX1219 -> 0
A24: 4 | B24: 1 | D24: =ROW(A212) -> 212 | F24: Новый раздел | G24: г. Москва, 3-й Михалковский пер., д.22 | I24: 0 | K24: 0 | S24: 0 | V24: 0 | BX24: 0 | CJ24: 0
A26: 52 | B26: =B212 -> 1 | C26: =C212 -> 4 | D26: =D212 -> 24 | E26: =E212 -> 0 | F26: =F212 -> Новый раздел | G26: =G212 -> г. Москва, 3-й Михалковский пер., д.22 | O26: =O212 -> 474410.3 | P26: =P212 -> 24184.08 | Q26: =Q212 -> 20672.4 | R26: =R212 -> 13494.92 | S26: =S212 -> 429553.82 | T26: =T212 -> 0 | U26: =U212 -> 1164.555 | V26: =V212 -> 0 | ... GX26: =GX212 -> 0
A28: 5 | B28: 1 | D28: =ROW(A50) -> 50 | F28: Новый подраздел | G28: АПС | I28: 0 | K28: 0 | S28: 0 | V28: 0 | BX28: 0 | CJ28: 0
A30: 52 | B30: =B50 -> 1 | C30: =C50 -> 5 | D30: =D50 -> 28 | E30: =E50 -> 0 | F30: =F50 -> Новый подраздел | G30: =G50 -> АПС | O30: =O50 -> 145606.84 | P30: =P50 -> 5548.53 | Q30: =Q50 -> 13096.05 | R30: =R50 -> 8549.62 | S30: =S50 -> 126962.26 | T30: =T50 -> 0 | U30: =U50 -> 339.983 | V30: =V50 -> 0 | ... GX30: =GX50 -> 0
A32: 17 | B32: 1 | C32: =ROW(SmtRes!A7) -> 7 | D32: =ROW(EtalonRes!A7) -> 7 | E32: 1 | F32: 3.1-2203-26-1/1 | G32: Техническое обслуживание прибора приемно-контрольного "Сигнал-20П" (ППКОПУ R3-Рубеж-2ОП (R3-Link), ППКОПУ Рубеж-2ОП (RS-485)) | H32: шт. | I32: =ROUND(4+2,9) -> 6 | J32: 0 | K32: =ROUND(4+2,9) -> 6 | O32: =ROUND(CP32,2) -> 2815.79 | P32: =ROUND(CQ32*I32,2) -> 50.76 | Q32: =ROUND(CR32*I32,2) -> 530.8 | R32: =ROUND(CS32*I32,2) -> 346.42 | S32: =ROUND(CT32*I32,2) -> 2234.23 | T32: =ROUND(CU32*I32,2) -> 0 | U32: =CV32*I32 -> 5.754 | V32: =CW32*I32 -> 0 | W32: =ROUND(CX32*I32,2) -> 0 | X32: =ROUND(CY32,2) -> 1563.96 | Y32: =ROUND(CZ32,2) -> 223.42 | AA32: 150194011 | AB32: =ROUND((AC32+AD32+AF32),6) -> 469.298 | AC32: =ROUND(((ES32*1)),6) -> 8.46 | AD32: =ROUND(((((ET32*0.7))-((EU32*0.7)))+AE32),6) -> 88.466 | AE32: =ROUND(((EU32*0.7)),6) -> 57.736 | AF32: =ROUND(((EV32*0.7)),6) -> 372.372 | AG32: =ROUND((AP32),6) -> 0 | AH32: =((EW32*0.7)) -> 0.959 | AI32: =((EX32*0.7)) -> 0 | AJ32: =(AS32) -> 0 | AK32: 666.8 | AL32: 8.46 | AM32: 126.38 | AN32: 82.48 | AO32: 531.96 | AP32: 0 | AQ32: 1.37 | AR32: 0 | AS32: 0 | AT32: 70 | AU32: 10 | AV32: 1 | AW32: 1 | AZ32: 1 | BA32: 1 | BB32: 1 | BC32: 1 | BH32: 0 | BI32: 4 | BJ32: СН-2012-2024.3. Доп.1. Сб.1-2203-26-1/1 | BM32: 0 | BN32: 0 | BP32: 0 | BQ32: 1 | BR32: 0 | BS32: 1 | BT32: 1 | BU32: 1 | BV32: 1 | BW32: 1 | BX32: 1 | BZ32: 70 | CA32: 10 | CE32: 0 | CF32: 0 | CG32: 0 | CM32: 0 | CN32: Поправка: СН-2012. Гл.1 Сб.22 п.3.6.2 Наименование: При применении стоимостных нормативов для сетей и приборов, расположенных в транспортных развязках, в том числе на 3-ем транспортном кольце, для выполнения аналогичных работ в административных и общественных зданиях, по: техническому обслуживанию | CO32: 0 | CP32: =(P32+Q32+S32) -> 2815.79 | CQ32: =(AC32*BC32*AW32) -> 8.46 | CR32: =(((((ET32*0.7))*BB32-((EU32*0.7))*BS32)+AE32*BS32)*AV32) -> 88.466 | CS32: =(AE32*BS32*AV32) -> 57.736 | CT32: =(AF32*BA32*AV32) -> 372.372 | CU32: =AG32 -> 0 | CV32: =(AH32*AV32) -> 0.959 | CW32: =AI32 -> 0 | CX32: =AJ32 -> 0 | CY32: =((S32*BZ32)/100) -> 1563.961 | CZ32: =((S32*CA32)/100) -> 223.423 | DD32: )*1 | DE32: )*0,70 | DF32: )*0,70 | DG32: )*0,70 | DI32: )*0,70 | DJ32: )*0,70 | DN32: 0 | DO32: 0 | DP32: 1 | DQ32: 1 | DU32: 1010 | DV32: шт. | DW32: шт. | DX32: 1 | EE32: 113434998 | EF32: 1 | EG32: СН-2012 | EH32: 0 | EJ32: 4 | EK32: 0 | EL32: Подрядные работы, гл. 1-5,7 | EM32: работа | EO32: Поправка: СН-2012. Гл.1 Сб.22 п.3.6.2 | EQ32: 131072 | ER32: 666.8 | ES32: 8.46 | ET32: 126.38 | EU32: 82.48 | EV32: 531.96 | EW32: 1.37 | EX32: 0 | EY32: 0 | FQ32: 0 | FR32: =ROUND(IF(BI32=3,GM32,0),2) -> 0 | FS32: 0 | FX32: 70 | FY32: 10 | GD32: 0 | GF32: 2009278084 | GG32: 2 | GH32: 1 | GI32: -2 | GJ32: 0 | GK32: =ROUND(R32*(R12)/100,2) -> 374.13 | GL32: =ROUND(IF(AND(BH32=3,BI32=3,FS32<>0),P32,0),2) -> 0 | GM32: =ROUND(O32+X32+Y32+GK32,2)+GX32 -> 4977.3 | GN32: =IF(OR(BI32=0,BI32=1),GM32,0) -> 0 | GO32: =IF(BI32=2,GM32,0) -> 0 | GP32: =IF(BI32=4,GM32+GX32,0) -> 4977.3 | GR32: 0 | GS32: 0 | GT32: 0 | GV32: =ROUND((GT32),6) -> 0 | GW32: 1 | GX32: =ROUND(HC32*I32,2) -> 0 | HA32: 0 | HB32: 0 | HC32: =GV32*GW32 -> 0 | IK32: 0
A33: 17 | B33: 1 | C33: =ROW(SmtRes!A11) -> 11 | D33: =ROW(EtalonRes!A11) -> 11 | E33: 2 | F33: 3.1-2201-25-1/1 | G33: Технический осмотр прибора приемно-контрольного "Сигнал-20П" (ППКОПУ R3-Рубеж-2ОП (R3-Link), ППКОПУ Рубеж-2ОП (RS-485)) | H33: шт. | I33: =ROUND(4+2,9) -> 6 | J33: 0 | K33: =ROUND(4+2,9) -> 6 | O33: =ROUND(CP33,2) -> 2046.66 | P33: =ROUND(CQ33*I33,2) -> 118.14 | Q33: =ROUND(CR33*I33,2) -> 391.05 | R33: =ROUND(CS33*I33,2) -> 255.42 | S33: =ROUND(CT33*I33,2) -> 1537.47 | T33: =ROUND(CU33*I33,2) -> 0 | U33: =CV33*I33 -> 3.96 | V33: =CW33*I33 -> 0 | W33: =ROUND(CX33*I33,2) -> 0 | X33: =ROUND(CY33,2) -> 1076.23 | Y33: =ROUND(CZ33,2) -> 153.75 | AA33: 150194011 | AB33: =ROUND((AC33+AD33+AF33),6) -> 341.11 | AC33: =ROUND((((ES33*1)*11)),6) -> 19.69 | AD33: =ROUND((((((ET33*0.75)*11))-(((EU33*0.75)*11)))+AE33),6) -> 65.175 | AE33: =ROUND((((EU33*0.75)*11)),6) -> 42.57 | AF33: =ROUND((((EV33*0.75)*11)),6) -> 256.245 | AG33: =ROUND((AP33),6) -> 0 | AH33: =(((EW33*0.75)*11)) -> 0.66 | AI33: =(((EX33*0.75)*11)) -> 0 | AJ33: =(AS33) -> 0 | AK33: 40.75 | AL33: 1.79 | AM33: 7.9 | AN33: 5.16 | AO33: 31.06 | AP33: 0 | AQ33: 0.08 | AR33: 0 | AS33: 0 | AT33: 70 | AU33: 10 | AV33: 1 | AW33: 1 | AZ33: 1 | BA33: 1 | BB33: 1 | BC33: 1 | BH33: 0 | BI33: 4 | BJ33: СН-2012-2024.3. Доп.1. Сб.1-2201-25-1/1 | BM33: 0 | BN33: 0 | BP33: 0 | BQ33: 1 | BR33: 0 | BS33: 1 | BT33: 1 | BU33: 1 | BV33: 1 | BW33: 1 | BX33: 1 | BZ33: 70 | CA33: 10 | CE33: 0 | CF33: 0 | CG33: 0 | CM33: 0 | CN33: Поправка: СН-2012. Гл.1 Сб.22 п.3.6.1 Наименование: При применении стоимостных нормативов для сетей и приборов, расположенных в транспортных развязках, в том числе на 3-ем транспортном кольце, для выполнения аналогичных работ в административных и общественных зданиях, по: техническому осмотру | CO33: 0 | CP33: =(P33+Q33+S33) -> 2046.66 | CQ33: =(AC33*BC33*AW33) -> 19.69 | CR33: =((((((ET33*0.75)*11))*BB33-(((EU33*0.75)*11))*BS33)+AE33*BS33)*AV33) -> 65.175 | CS33: =(AE33*BS33*AV33) -> 42.57 | CT33: =(AF33*BA33*AV33) -> 256.245 | CU33: =AG33 -> 0 | CV33: =(AH33*AV33) -> 0.66 | CW33: =AI33 -> 0 | CX33: =AJ33 -> 0 | CY33: =((S33*BZ33)/100) -> 1076.229 | CZ33: =((S33*CA33)/100) -> 153.747 | DD33: )*1)*11 | DE33: )*0,75)*11 | DF33: )*0,75)*11 | DG33: )*0,75)*11 | DI33: )*0,75)*11 | DJ33: )*0,75)*11 | DL33: )*11 | DM33: )*11 | DN33: 0 | DO33: 0 | DP33: 1 | DQ33: 1 | DU33: 1010 | DV33: шт. | DW33: шт. | DX33: 1 | EE33: 113434998 | EF33: 1 | EG33: СН-2012 | EH33: 0 | EJ33: 4 | EK33: 0 | EL33: Подрядные работы, гл. 1-5,7 | EM33: работа | EO33: Поправка: СН-2012. Гл.1 Сб.22 п.3.6.1 | EQ33: 131072 | ER33: 40.75 | ES33: 1.79 | ET33: 7.9 | EU33: 5.16 | EV33: 31.06 | EW33: 0.08 | EX33: 0 | EY33: 0 | FQ33: 0 | FR33: =ROUND(IF(BI33=3,GM33,0),2) -> 0 | FS33: 0 | FX33: 770 | FY33: 110 | GD33: 0 | GF33: 1061751414 | GG33: 2 | GH33: 1 | GI33: -2 | GJ33: 0 | GK33: =ROUND(R33*(R12)/100,2) -> 275.85 | GL33: =ROUND(IF(AND(BH33=3,BI33=3,FS33<>0),P33,0),2) -> 0 | GM33: =ROUND(O33+X33+Y33+GK33,2)+GX33 -> 3552.49 | GN33: =IF(OR(BI33=0,BI33=1),GM33,0) -> 0 | GO33: =IF(BI33=2,GM33,0) -> 0 | GP33: =IF(BI33=4,GM33+GX33,0) -> 3552.49 | GR33: 0 | GS33: 0 | GT33: 0 | GU33: )*11 | GV33: =ROUND(((GT33*11)),6) -> 0 | GW33: 1 | GX33: =ROUND(HC33*I33,2) -> 0 | HA33: 0 | HB33: 0 | HC33: =GV33*GW33 -> 0 | IK33: 0
A34: 17 | B34: 1 | C34: =ROW(SmtRes!A14) -> 14 | D34: =ROW(EtalonRes!A14) -> 14 | E34: 3 | F34: 1.22-2203-104-6/1 | G34: Техническое обслуживание приборов системы охранно-пожарной сигнализации на базе оборудования С2000, блок индикации С2000-БКИ (С2000-БИ) - годовое (R3-Рубеж-БИУ (R3-LINK), Рубеж-БИУ (RS-485)) | H34: шт. | I34: 2 | J34: 0 | K34: 2 | O34: =ROUND(CP34,2) -> 301.16 | P34: =ROUND(CQ34*I34,2) -> 83.32 | Q34: =ROUND(CR34*I34,2) -> 0 | R34: =ROUND(CS34*I34,2) -> 0 | S34: =ROUND(CT34*I34,2) -> 217.84 | T34: =ROUND(CU34*I34,2) -> 0 | U34: =CV34*I34 -> 0.6 | V34: =CW34*I34 -> 0 | W34: =ROUND(CX34*I34,2) -> 0 | X34: =ROUND(CY34,2) -> 152.49 | Y34: =ROUND(CZ34,2) -> 21.78 | AA34: 150194011 | AB34: =ROUND((AC34+AD34+AF34),6) -> 150.58 | AC34: =ROUND((ES34),6) -> 41.66 | AD34: =ROUND((((ET34)-(EU34))+AE34),6) -> 0 | AE34: =ROUND((EU34),6) -> 0 | AF34: =ROUND((EV34),6) -> 108.92 | AG34: =ROUND((AP34),6) -> 0 | AH34: =(EW34) -> 0.3 | AI34: =(EX34) -> 0 | AJ34: =(AS34) -> 0 | AK34: 150.58 | AL34: 41.66 | AM34: 0 | AN34: 0 | AO34: 108.92 | AP34: 0 | AQ34: 0.3 | AR34: 0 | AS34: 0 | AT34: 70 | AU34: 10 | AV34: 1 | AW34: 1 | AZ34: 1 | BA34: 1 | BB34: 1 | BC34: 1 | BH34: 0 | BI34: 4 | BJ34: СН-2012-2024.1. Доп.1. Сб.22-2203-104-6/1 | BM34: 0 | BN34: 0 | BP34: 0 | BQ34: 1 | BR34: 0 | BS34: 1 | BT34: 1 | BU34: 1 | BV34: 1 | BW34: 1 | BX34: 1 | BZ34: 70 | CA34: 10 | CE34: 0 | CF34: 0 | CG34: 0 | CM34: 0 | CO34: 0 | CP34: =(P34+Q34+S34) -> 301.16 | CQ34: =(AC34*BC34*AW34) -> 41.66 | CR34: =((((ET34)*BB34-(EU34)*BS34)+AE34*BS34)*AV34) -> 0 | CS34: =(AE34*BS34*AV34) -> 0 | CT34: =(AF34*BA34*AV34) -> 108.92 | CU34: =AG34 -> 0 | CV34: =(AH34*AV34) -> 0.3 | CW34: =AI34 -> 0 | CX34: =AJ34 -> 0 | CY34: =((S34*BZ34)/100) -> 152.488 | CZ34: =((S34*CA34)/100) -> 21.784 | DN34: 0 | DO34: 0 | DP34: 1 | DQ34: 1 | DU34: 1010 | DV34: шт. | DW34: шт. | DX34: 1 | EE34: 113434998 | EF34: 1 | EG34: СН-2012 | EH34: 0 | EJ34: 4 | EK34: 0 | EL34: Подрядные работы, гл. 1-5,7 | EM34: работа | EQ34: 131072 | ER34: 150.58 | ES34: 41.66 | ET34: 0 | EU34: 0 | EV34: 108.92 | EW34: 0.3 | EX34: 0 | EY34: 0 | FQ34: 0 | FR34: =ROUND(IF(BI34=3,GM34,0),2) -> 0 | FS34: 0 | FX34: 70 | FY34: 10 | GD34: 0 | GF34: 589570795 | GG34: 2 | GH34: 1 | GI34: -2 | GJ34: 0 | GK34: =ROUND(R34*(R12)/100,2) -> 0 | GL34: =ROUND(IF(AND(BH34=3,BI34=3,FS34<>0),P34,0),2) -> 0 | GM34: =ROUND(O34+X34+Y34+GK34,2)+GX34 -> 475.43 | GN34: =IF(OR(BI34=0,BI34=1),GM34,0) -> 0 | GO34: =IF(BI34=2,GM34,0) -> 0 | GP34: =IF(BI34=4,GM34+GX34,0) -> 475.43 | GR34: 0 | GS34: 0 | GT34: 0 | GV34: =ROUND((GT34),6) -> 0 | GW34: 1 | GX34: =ROUND(HC34*I34,2) -> 0 | HA34: 0 | HB34: 0 | HC34: =GV34*GW34 -> 0 | IK34: 0
A35: 17 | B35: 1 | C35: =ROW(SmtRes!A21) -> 21 | D35: =ROW(EtalonRes!A21) -> 21 | E35: 4 | F35: 3.1-2203-17-1/1 | G35: Техническое обслуживание источника вторичного электропитания резервированного "ИБП 1200\2400" | H35: шт. | I35: 4 | J35: 0 | K35: 4 | O35: =ROUND(CP35,2) -> 502.81 | P35: =ROUND(CQ35*I35,2) -> 33.84 | Q35: =ROUND(CR35*I35,2) -> 88.45 | R35: =ROUND(CS35*I35,2) -> 57.74 | S35: =ROUND(CT35*I35,2) -> 380.52 | T35: =ROUND(CU35*I35,2) -> 0 | U35: =CV35*I35 -> 0.98 | V35: =CW35*I35 -> 0 | W35: =ROUND(CX35*I35,2) -> 0 | X35: =ROUND(CY35,2) -> 266.36 | Y35: =ROUND(CZ35,2) -> 38.05 | AA35: 150194011 | AB35: =ROUND((AC35+AD35+AF35),6) -> 125.703 | AC35: =ROUND(((ES35*1)),6) -> 8.46 | AD35: =ROUND(((((ET35*0.7))-((EU35*0.7)))+AE35),6) -> 22.113 | AE35: =ROUND(((EU35*0.7)),6) -> 14.434 | AF35: =ROUND(((EV35*0.7)),6) -> 95.13 | AG35: =ROUND((AP35),6) -> 0 | AH35: =((EW35*0.7)) -> 0.245 | AI35: =((EX35*0.7)) -> 0 | AJ35: =(AS35) -> 0 | AK35: 175.95 | AL35: 8.46 | AM35: 31.59 | AN35: 20.62 | AO35: 135.9 | AP35: 0 | AQ35: 0.35 | AR35: 0 | AS35: 0 | AT35: 70 | AU35: 10 | AV35: 1 | AW35: 1 | AZ35: 1 | BA35: 1 | BB35: 1 | BC35: 1 | BH35: 0 | BI35: 4 | BJ35: СН-2012-2024.3. Доп.1. Сб.1-2203-17-1/1 | BM35: 0 | BN35: 0 | BP35: 0 | BQ35: 1 | BR35: 0 | BS35: 1 | BT35: 1 | BU35: 1 | BV35: 1 | BW35: 1 | BX35: 1 | BZ35: 70 | CA35: 10 | CE35: 0 | CF35: 0 | CG35: 0 | CM35: 0 | CN35: Поправка: СН-2012. Гл.1 Сб.22 п.3.6.2 Наименование: При применении стоимостных нормативов для сетей и приборов, расположенных в транспортных развязках, в том числе на 3-ем транспортном кольце, для выполнения аналогичных работ в административных и общественных зданиях, по: техническому обслуживанию | CO35: 0 | CP35: =(P35+Q35+S35) -> 502.81 | CQ35: =(AC35*BC35*AW35) -> 8.46 | CR35: =(((((ET35*0.7))*BB35-((EU35*0.7))*BS35)+AE35*BS35)*AV35) -> 22.113 | CS35: =(AE35*BS35*AV35) -> 14.434 | CT35: =(AF35*BA35*AV35) -> 95.13 | CU35: =AG35 -> 0 | CV35: =(AH35*AV35) -> 0.245 | CW35: =AI35 -> 0 | CX35: =AJ35 -> 0 | CY35: =((S35*BZ35)/100) -> 266.364 | CZ35: =((S35*CA35)/100) -> 38.052 | DD35: )*1 | DE35: )*0,70 | DF35: )*0,70 | DG35: )*0,70 | DI35: )*0,70 | DJ35: )*0,70 | DN35: 0 | DO35: 0 | DP35: 1 | DQ35: 1 | DU35: 1010 | DV35: шт. | DW35: шт. | DX35: 1 | EE35: 113434998 | EF35: 1 | EG35: СН-2012 | EH35: 0 | EJ35: 4 | EK35: 0 | EL35: Подрядные работы, гл. 1-5,7 | EM35: работа | EO35: Поправка: СН-2012. Гл.1 Сб.22 п.3.6.2 | EQ35: 131072 | ER35: 175.95 | ES35: 8.46 | ET35: 31.59 | EU35: 20.62 | EV35: 135.9 | EW35: 0.35 | EX35: 0 | EY35: 0 | FQ35: 0 | FR35: =ROUND(IF(BI35=3,GM35,0),2) -> 0 | FS35: 0 | FX35: 70 | FY35: 10 | GD35: 0 | GF35: 92308311 | GG35: 2 | GH35: 1 | GI35: -2 | GJ35: 0 | GK35: =ROUND(R35*(R12)/100,2) -> 62.36 | GL35: =ROUND(IF(AND(BH35=3,BI35=3,FS35<>0),P35,0),2) -> 0 | GM35: =ROUND(O35+X35+Y35+GK35,2)+GX35 -> 869.58 | GN35: =IF(OR(BI35=0,BI35=1),GM35,0) -> 0 | GO35: =IF(BI35=2,GM35,0) -> 0 | GP35: =IF(BI35=4,GM35+GX35,0) -> 869.58 | GR35: 0 | GS35: 0 | GT35: 0 | GV35: =ROUND((GT35),6) -> 0 | GW35: 1 | GX35: =ROUND(HC35*I35,2) -> 0 | HA35: 0 | HB35: 0 | HC35: =GV35*GW35 -> 0 | IK35: 0
A36: 17 | B36: 1 | C36: =ROW(SmtRes!A26) -> 26 | D36: =ROW(EtalonRes!A26) -> 26 | E36: 5 | F36: 3.1-2201-16-1/1 | G36: Технический осмотр Источник вторичного электропитания резервированного "ИБП 1200\2400" | H36: шт. | I36: 4 | J36: 0 | K36: 4 | O36: =ROUND(CP36,2) -> 1120.24 | P36: =ROUND(CQ36*I36,2) -> 90.64 | Q36: =ROUND(CR36*I36,2) -> 260.7 | R36: =ROUND(CS36*I36,2) -> 170.28 | S36: =ROUND(CT36*I36,2) -> 768.9 | T36: =ROUND(CU36*I36,2) -> 0 | U36: =CV36*I36 -> 1.98 | V36: =CW36*I36 -> 0 | W36: =ROUND(CX36*I36,2) -> 0 | X36: =ROUND(CY36,2) -> 538.23 | Y36: =ROUND(CZ36,2) -> 76.89 | AA36: 150194011 | AB36: =ROUND((AC36+AD36+AF36),6) -> 280.06 | AC36: =ROUND((((ES36*1)*11)),6) -> 22.66 | AD36: =ROUND((((((ET36*0.75)*11))-(((EU36*0.75)*11)))+AE36),6) -> 65.175 | AE36: =ROUND((((EU36*0.75)*11)),6) -> 42.57 | AF36: =ROUND((((EV36*0.75)*11)),6) -> 192.225 | AG36: =ROUND((AP36),6) -> 0 | AH36: =(((EW36*0.75)*11)) -> 0.495 | AI36: =(((EX36*0.75)*11)) -> 0 | AJ36: =(AS36) -> 0 | AK36: 33.26 | AL36: 2.06 | AM36: 7.9 | AN36: 5.16 | AO36: 23.3 | AP36: 0 | AQ36: 0.06 | AR36: 0 | AS36: 0 | AT36: 70 | AU36: 10 | AV36: 1 | AW36: 1 | AZ36: 1 | BA36: 1 | BB36: 1 | BC36: 1 | BH36: 0 | BI36: 4 | BJ36: СН-2012-2024.3. Доп.1. Сб.1-2201-16-1/1 | BM36: 0 | BN36: 0 | BP36: 0 | BQ36: 1 | BR36: 0 | BS36: 1 | BT36: 1 | BU36: 1 | BV36: 1 | BW36: 1 | BX36: 1 | BZ36: 70 | CA36: 10 | CE36: 0 | CF36: 0 | CG36: 0 | CM36: 0 | CN36: Поправка: СН-2012. Гл.1 Сб.22 п.3.6.1 Наименование: При применении стоимостных нормативов для сетей и приборов, расположенных в транспортных развязках, в том числе на 3-ем транспортном кольце, для выполнения аналогичных работ в административных и общественных зданиях, по: техническому осмотру | CO36: 0 | CP36: =(P36+Q36+S36) -> 1120.24 | CQ36: =(AC36*BC36*AW36) -> 22.66 | CR36: =((((((ET36*0.75)*11))*BB36-(((EU36*0.75)*11))*BS36)+AE36*BS36)*AV36) -> 65.175 | CS36: =(AE36*BS36*AV36) -> 42.57 | CT36: =(AF36*BA36*AV36) -> 192.225 | CU36: =AG36 -> 0 | CV36: =(AH36*AV36) -> 0.495 | CW36: =AI36 -> 0 | CX36: =AJ36 -> 0 | CY36: =((S36*BZ36)/100) -> 538.23 | CZ36: =((S36*CA36)/100) -> 76.89 | DD36: )*1)*11 | DE36: )*0,75)*11 | DF36: )*0,75)*11 | DG36: )*0,75)*11 | DI36: )*0,75)*11 | DJ36: )*0,75)*11 | DL36: )*11 | DM36: )*11 | DN36: 0 | DO36: 0 | DP36: 1 | DQ36: 1 | DU36: 1010 | DV36: шт. | DW36: шт. | DX36: 1 | EE36: 113434998 | EF36: 1 | EG36: СН-2012 | EH36: 0 | EJ36: 4 | EK36: 0 | EL36: Подрядные работы, гл. 1-5,7 | EM36: работа | EO36: Поправка: СН-2012. Гл.1 Сб.22 п.3.6.1 | EQ36: 131072 | ER36: 33.26 | ES36: 2.06 | ET36: 7.9 | EU36: 5.16 | EV36: 23.3 | EW36: 0.06 | EX36: 0 | EY36: 0 | FQ36: 0 | FR36: =ROUND(IF(BI36=3,GM36,0),2) -> 0 | FS36: 0 | FX36: 770 | FY36: 110 | GD36: 0 | GF36: -553245749 | GG36: 2 | GH36: 1 | GI36: -2 | GJ36: 0 | GK36: =ROUND(R36*(R12)/100,2) -> 183.9 | GL36: =ROUND(IF(AND(BH36=3,BI36=3,FS36<>0),P36,0),2) -> 0 | GM36: =ROUND(O36+X36+Y36+GK36,2)+GX36 -> 1919.26 | GN36: =IF(OR(BI36=0,BI36=1),GM36,0) -> 0 | GO36: =IF(BI36=2,GM36,0) -> 0 | GP36: =IF(BI36=4,GM36+GX36,0) -> 1919.26 | GR36: 0 | GS36: 0 | GT36: 0 | GU36: )*11 | GV36: =ROUND(((GT36*11)),6) -> 0 | GW36: 1 | GX36: =ROUND(HC36*I36,2) -> 0 | HA36: 0 | HB36: 0 | HC36: =GV36*GW36 -> 0 | IK36: 0
A37: 17 | B37: 1 | C37: =ROW(SmtRes!A33) -> 33 | D37: =ROW(EtalonRes!A33) -> 33 | E37: 6 | F37: 3.1-2203-52-1/1 | G37: Техническое обслуживание сетевого контроллера шлейфов сигнализации "СКШС-01" (ИЗ-1-R3) | H37: шт. | I37: 45 | J37: 0 | K37: 45 | O37: =ROUND(CP37,2) -> 36335.12 | P37: =ROUND(CQ37*I37,2) -> 380.7 | Q37: =ROUND(CR37*I37,2) -> 6966.54 | R37: =ROUND(CS37*I37,2) -> 4546.71 | S37: =ROUND(CT37*I37,2) -> 28987.88 | T37: =ROUND(CU37*I37,2) -> 0 | U37: =CV37*I37 -> 74.655 | V37: =CW37*I37 -> 0 | W37: =ROUND(CX37*I37,2) -> 0 | X37: =ROUND(CY37,2) -> 20291.52 | Y37: =ROUND(CZ37,2) -> 2898.79 | AA37: 150194011 | AB37: =ROUND((AC37+AD37+AF37),6) -> 807.447 | AC37: =ROUND(((ES37*1)),6) -> 8.46 | AD37: =ROUND(((((ET37*0.7))-((EU37*0.7)))+AE37),6) -> 154.812 | AE37: =ROUND(((EU37*0.7)),6) -> 101.038 | AF37: =ROUND(((EV37*0.7)),6) -> 644.175 | AG37: =ROUND((AP37),6) -> 0 | AH37: =((EW37*0.7)) -> 1.659 | AI37: =((EX37*0.7)) -> 0 | AJ37: =(AS37) -> 0 | AK37: 1149.87 | AL37: 8.46 | AM37: 221.16 | AN37: 144.34 | AO37: 920.25 | AP37: 0 | AQ37: 2.37 | AR37: 0 | AS37: 0 | AT37: 70 | AU37: 10 | AV37: 1 | AW37: 1 | AZ37: 1 | BA37: 1 | BB37: 1 | BC37: 1 | BH37: 0 | BI37: 4 | BJ37: СН-2012-2024.3. Доп.1. Сб.1-2203-52-1/1 | BM37: 0 | BN37: 0 | BP37: 0 | BQ37: 1 | BR37: 0 | BS37: 1 | BT37: 1 | BU37: 1 | BV37: 1 | BW37: 1 | BX37: 1 | BZ37: 70 | CA37: 10 | CE37: 0 | CF37: 0 | CG37: 0 | CM37: 0 | CN37: Поправка: СН-2012. Гл.1 Сб.22 п.3.6.2 Наименование: При применении стоимостных нормативов для сетей и приборов, расположенных в транспортных развязках, в том числе на 3-ем транспортном кольце, для выполнения аналогичных работ в административных и общественных зданиях, по: техническому обслуживанию | CO37: 0 | CP37: =(P37+Q37+S37) -> 36335.12 | CQ37: =(AC37*BC37*AW37) -> 8.46 | CR37: =(((((ET37*0.7))*BB37-((EU37*0.7))*BS37)+AE37*BS37)*AV37) -> 154.812 | CS37: =(AE37*BS37*AV37) -> 101.038 | CT37: =(AF37*BA37*AV37) -> 644.175 | CU37: =AG37 -> 0 | CV37: =(AH37*AV37) -> 1.659 | CW37: =AI37 -> 0 | CX37: =AJ37 -> 0 | CY37: =((S37*BZ37)/100) -> 20291.516 | CZ37: =((S37*CA37)/100) -> 2898.788 | DD37: )*1 | DE37: )*0,70 | DF37: )*0,70 | DG37: )*0,70 | DI37: )*0,70 | DJ37: )*0,70 | DN37: 0 | DO37: 0 | DP37: 1 | DQ37: 1 | DU37: 1010 | DV37: шт. | DW37: шт. | DX37: 1 | EE37: 113434998 | EF37: 1 | EG37: СН-2012 | EH37: 0 | EJ37: 4 | EK37: 0 | EL37: Подрядные работы, гл. 1-5,7 | EM37: работа | EO37: Поправка: СН-2012. Гл.1 Сб.22 п.3.6.2 | EQ37: 131072 | ER37: 1149.87 | ES37: 8.46 | ET37: 221.16 | EU37: 144.34 | EV37: 920.25 | EW37: 2.37 | EX37: 0 | EY37: 0 | FQ37: 0 | FR37: =ROUND(IF(BI37=3,GM37,0),2) -> 0 | FS37: 0 | FX37: 70 | FY37: 10 | GD37: 0 | GF37: -372591976 | GG37: 2 | GH37: 1 | GI37: -2 | GJ37: 0 | GK37: =ROUND(R37*(R12)/100,2) -> 4910.45 | GL37: =ROUND(IF(AND(BH37=3,BI37=3,FS37<>0),P37,0),2) -> 0 | GM37: =ROUND(O37+X37+Y37+GK37,2)+GX37 -> 64435.88 | GN37: =IF(OR(BI37=0,BI37=1),GM37,0) -> 0 | GO37: =IF(BI37=2,GM37,0) -> 0 | GP37: =IF(BI37=4,GM37+GX37,0) -> 64435.88 | GR37: 0 | GS37: 0 | GT37: 0 | GV37: =ROUND((GT37),6) -> 0 | GW37: 1 | GX37: =ROUND(HC37*I37,2) -> 0 | HA37: 0 | HB37: 0 | HC37: =GV37*GW37 -> 0 | IK37: 0
A38: 17 | B38: 1 | C38: =ROW(SmtRes!A37) -> 37 | D38: =ROW(EtalonRes!A37) -> 37 | E38: 7 | F38: 3.1-2201-50-1/1 | G38: Технический осмотр сетевого контроллера шлейфов сигнализации "СКШС-01" (ИЗ-1-R3) | H38: шт. | I38: 45 | J38: 0 | K38: 45 | O38: =ROUND(CP38,2) -> 15349.96 | P38: =ROUND(CQ38*I38,2) -> 886.05 | Q38: =ROUND(CR38*I38,2) -> 2932.88 | R38: =ROUND(CS38*I38,2) -> 1915.65 | S38: =ROUND(CT38*I38,2) -> 11531.03 | T38: =ROUND(CU38*I38,2) -> 0 | U38: =CV38*I38 -> 29.7 | V38: =CW38*I38 -> 0 | W38: =ROUND(CX38*I38,2) -> 0 | X38: =ROUND(CY38,2) -> 8071.72 | Y38: =ROUND(CZ38,2) -> 1153.1 | AA38: 150194011 | AB38: =ROUND((AC38+AD38+AF38),6) -> 341.11 | AC38: =ROUND((((ES38*1)*11)),6) -> 19.69 | AD38: =ROUND((((((ET38*0.75)*11))-(((EU38*0.75)*11)))+AE38),6) -> 65.175 | AE38: =ROUND((((EU38*0.75)*11)),6) -> 42.57 | AF38: =ROUND((((EV38*0.75)*11)),6) -> 256.245 | AG38: =ROUND((AP38),6) -> 0 | AH38: =(((EW38*0.75)*11)) -> 0.66 | AI38: =(((EX38*0.75)*11)) -> 0 | AJ38: =(AS38) -> 0 | AK38: 40.75 | AL38: 1.79 | AM38: 7.9 | AN38: 5.16 | AO38: 31.06 | AP38: 0 | AQ38: 0.08 | AR38: 0 | AS38: 0 | AT38: 70 | AU38: 10 | AV38: 1 | AW38: 1 | AZ38: 1 | BA38: 1 | BB38: 1 | BC38: 1 | BH38: 0 | BI38: 4 | BJ38: СН-2012-2024.3. Доп.1. Сб.1-2201-50-1/1 | BM38: 0 | BN38: 0 | BP38: 0 | BQ38: 1 | BR38: 0 | BS38: 1 | BT38: 1 | BU38: 1 | BV38: 1 | BW38: 1 | BX38: 1 | BZ38: 70 | CA38: 10 | CE38: 0 | CF38: 0 | CG38: 0 | CM38: 0 | CN38: Поправка: СН-2012. Гл.1 Сб.22 п.3.6.1 Наименование: При применении стоимостных нормативов для сетей и приборов, расположенных в транспортных развязках, в том числе на 3-ем транспортном кольце, для выполнения аналогичных работ в административных и общественных зданиях, по: техническому осмотру | CO38: 0 | CP38: =(P38+Q38+S38) -> 15349.96 | CQ38: =(AC38*BC38*AW38) -> 19.69 | CR38: =((((((ET38*0.75)*11))*BB38-(((EU38*0.75)*11))*BS38)+AE38*BS38)*AV38) -> 65.175 | CS38: =(AE38*BS38*AV38) -> 42.57 | CT38: =(AF38*BA38*AV38) -> 256.245 | CU38: =AG38 -> 0 | CV38: =(AH38*AV38) -> 0.66 | CW38: =AI38 -> 0 | CX38: =AJ38 -> 0 | CY38: =((S38*BZ38)/100) -> 8071.721 | CZ38: =((S38*CA38)/100) -> 1153.103 | DD38: )*1)*11 | DE38: )*0,75)*11 | DF38: )*0,75)*11 | DG38: )*0,75)*11 | DI38: )*0,75)*11 | DJ38: )*0,75)*11 | DL38: )*11 | DM38: )*11 | DN38: 0 | DO38: 0 | DP38: 1 | DQ38: 1 | DU38: 1010 | DV38: шт. | DW38: шт. | DX38: 1 | EE38: 113434998 | EF38: 1 | EG38: СН-2012 | EH38: 0 | EJ38: 4 | EK38: 0 | EL38: Подрядные работы, гл. 1-5,7 | EM38: работа | EO38: Поправка: СН-2012. Гл.1 Сб.22 п.3.6.1 | EQ38: 131072 | ER38: 40.75 | ES38: 1.79 | ET38: 7.9 | EU38: 5.16 | EV38: 31.06 | EW38: 0.08 | EX38: 0 | EY38: 0 | FQ38: 0 | FR38: =ROUND(IF(BI38=3,GM38,0),2) -> 0 | FS38: 0 | FX38: 770 | FY38: 110 | GD38: 0 | GF38: 456150858 | GG38: 2 | GH38: 1 | GI38: -2 | GJ38: 0 | GK38: =ROUND(R38*(R12)/100,2) -> 2068.9 | GL38: =ROUND(IF(AND(BH38=3,BI38=3,FS38<>0),P38,0),2) -> 0 | GM38: =ROUND(O38+X38+Y38+GK38,2)+GX38 -> 26643.68 | GN38: =IF(OR(BI38=0,BI38=1),GM38,0) -> 0 | GO38: =IF(BI38=2,GM38,0) -> 0 | GP38: =IF(BI38=4,GM38+GX38,0) -> 26643.68 | GR38: 0 | GS38: 0 | GT38: 0 | GU38: )*11 | GV38: =ROUND(((GT38*11)),6) -> 0 | GW38: 1 | GX38: =ROUND(HC38*I38,2) -> 0 | HA38: 0 | HB38: 0 | HC38: =GV38*GW38 -> 0 | IK38: 0
A39: 17 | B39: 1 | C39: =ROW(SmtRes!A39) -> 39 | D39: =ROW(EtalonRes!A39) -> 39 | E39: 8 | F39: 1.22-2203-106-1/1 | G39: Техническое обслуживание извещателя пожарного дымового оптико-электронного адресно-аналогового ИП 212-34А "ДИП-34А" - годовое | H39: шт. | I39: 561 | J39: 0 | K39: 561 | O39: =ROUND(CP39,2) -> 32622.15 | P39: =ROUND(CQ39*I39,2) -> 33.66 | Q39: =ROUND(CR39*I39,2) -> 0 | R39: =ROUND(CS39*I39,2) -> 0 | S39: =ROUND(CT39*I39,2) -> 32588.49 | T39: =ROUND(CU39*I39,2) -> 0 | U39: =CV39*I39 -> 89.76 | V39: =CW39*I39 -> 0 | W39: =ROUND(CX39*I39,2) -> 0 | X39: =ROUND(CY39,2) -> 22811.94 | Y39: =ROUND(CZ39,2) -> 3258.85 | AA39: 150194011 | AB39: =ROUND((AC39+AD39+AF39),6) -> 58.15 | AC39: =ROUND((ES39),6) -> 0.06 | AD39: =ROUND((((ET39)-(EU39))+AE39),6) -> 0 | AE39: =ROUND((EU39),6) -> 0 | AF39: =ROUND((EV39),6) -> 58.09 | AG39: =ROUND((AP39),6) -> 0 | AH39: =(EW39) -> 0.16 | AI39: =(EX39) -> 0 | AJ39: =(AS39) -> 0 | AK39: 58.15 | AL39: 0.06 | AM39: 0 | AN39: 0 | AO39: 58.09 | AP39: 0 | AQ39: 0.16 | AR39: 0 | AS39: 0 | AT39: 70 | AU39: 10 | AV39: 1 | AW39: 1 | AZ39: 1 | BA39: 1 | BB39: 1 | BC39: 1 | BH39: 0 | BI39: 4 | BJ39: СН-2012-2024.1. Доп.1. Сб.22-2203-106-1/1 | BM39: 0 | BN39: 0 | BP39: 0 | BQ39: 1 | BR39: 0 | BS39: 1 | BT39: 1 | BU39: 1 | BV39: 1 | BW39: 1 | BX39: 1 | BZ39: 70 | CA39: 10 | CE39: 0 | CF39: 0 | CG39: 0 | CM39: 0 | CO39: 0 | CP39: =(P39+Q39+S39) -> 32622.15 | CQ39: =(AC39*BC39*AW39) -> 0.06 | CR39: =((((ET39)*BB39-(EU39)*BS39)+AE39*BS39)*AV39) -> 0 | CS39: =(AE39*BS39*AV39) -> 0 | CT39: =(AF39*BA39*AV39) -> 58.09 | CU39: =AG39 -> 0 | CV39: =(AH39*AV39) -> 0.16 | CW39: =AI39 -> 0 | CX39: =AJ39 -> 0 | CY39: =((S39*BZ39)/100) -> 22811.943 | CZ39: =((S39*CA39)/100) -> 3258.849 | DN39: 0 | DO39: 0 | DP39: 1 | DQ39: 1 | DU39: 1010 | DV39: шт. | DW39: шт. | DX39: 1 | EE39: 113434998 | EF39: 1 | EG39: СН-2012 | EH39: 0 | EJ39: 4 | EK39: 0 | EL39: Подрядные работы, гл. 1-5,7 | EM39: работа | EQ39: 131072 | ER39: 58.15 | ES39: 0.06 | ET39: 0 | EU39: 0 | EV39: 58.09 | EW39: 0.16 | EX39: 0 | EY39: 0 | FQ39: 0 | FR39: =ROUND(IF(BI39=3,GM39,0),2) -> 0 | FS39: 0 | FX39: 70 | FY39: 10 | GD39: 0 | GF39: -1393869291 | GG39: 2 | GH39: 1 | GI39: -2 | GJ39: 0 | GK39: =ROUND(R39*(R12)/100,2) -> 0 | GL39: =ROUND(IF(AND(BH39=3,BI39=3,FS39<>0),P39,0),2) -> 0 | GM39: =ROUND(O39+X39+Y39+GK39,2)+GX39 -> 58692.94 | GN39: =IF(OR(BI39=0,BI39=1),GM39,0) -> 0 | GO39: =IF(BI39=2,GM39,0) -> 0 | GP39: =IF(BI39=4,GM39+GX39,0) -> 58692.94 | GR39: 0 | GS39: 0 | GT39: 0 | GV39: =ROUND((GT39),6) -> 0 | GW39: 1 | GX39: =ROUND(HC39*I39,2) -> 0 | HA39: 0 | HB39: 0 | HC39: =GV39*GW39 -> 0 | IK39: 0
A40: 17 | B40: 1 | C40: =ROW(SmtRes!A43) -> 43 | D40: =ROW(EtalonRes!A43) -> 43 | E40: 9 | F40: 3.1-2203-32-1/1 | G40: Техническое обслуживание извещателя пожарного ручного адресного "ИПР513-3А" | H40: шт. | I40: 14 | J40: 0 | K40: 14 | O40: =ROUND(CP40,2) -> 1912.08 | P40: =ROUND(CQ40*I40,2) -> 6.86 | Q40: =ROUND(CR40*I40,2) -> 154.84 | R40: =ROUND(CS40*I40,2) -> 101.04 | S40: =ROUND(CT40*I40,2) -> 1750.38 | T40: =ROUND(CU40*I40,2) -> 0 | U40: =CV40*I40 -> 4.508 | V40: =CW40*I40 -> 0 | W40: =ROUND(CX40*I40,2) -> 0 | X40: =ROUND(CY40,2) -> 1225.27 | Y40: =ROUND(CZ40,2) -> 175.04 | AA40: 150194011 | AB40: =ROUND((AC40+AD40+AF40),6) -> 136.577 | AC40: =ROUND(((ES40*1)),6) -> 0.49 | AD40: =ROUND(((((ET40*0.7))-((EU40*0.7)))+AE40),6) -> 11.06 | AE40: =ROUND(((EU40*0.7)),6) -> 7.217 | AF40: =ROUND(((EV40*0.7)),6) -> 125.027 | AG40: =ROUND((AP40),6) -> 0 | AH40: =((EW40*0.7)) -> 0.322 | AI40: =((EX40*0.7)) -> 0 | AJ40: =(AS40) -> 0 | AK40: 194.9 | AL40: 0.49 | AM40: 15.8 | AN40: 10.31 | AO40: 178.61 | AP40: 0 | AQ40: 0.46 | AR40: 0 | AS40: 0 | AT40: 70 | AU40: 10 | AV40: 1 | AW40: 1 | AZ40: 1 | BA40: 1 | BB40: 1 | BC40: 1 | BH40: 0 | BI40: 4 | BJ40: СН-2012-2024.3. Доп.1. Сб.1-2203-32-1/1 | BM40: 0 | BN40: 0 | BP40: 0 | BQ40: 1 | BR40: 0 | BS40: 1 | BT40: 1 | BU40: 1 | BV40: 1 | BW40: 1 | BX40: 1 | BZ40: 70 | CA40: 10 | CE40: 0 | CF40: 0 | CG40: 0 | CM40: 0 | CN40: Поправка: СН-2012. Гл.1 Сб.22 п.3.6.2 Наименование: При применении стоимостных нормативов для сетей и приборов, расположенных в транспортных развязках, в том числе на 3-ем транспортном кольце, для выполнения аналогичных работ в административных и общественных зданиях, по: техническому обслуживанию | CO40: 0 | CP40: =(P40+Q40+S40) -> 1912.08 | CQ40: =(AC40*BC40*AW40) -> 0.49 | CR40: =(((((ET40*0.7))*BB40-((EU40*0.7))*BS40)+AE40*BS40)*AV40) -> 11.06 | CS40: =(AE40*BS40*AV40) -> 7.217 | CT40: =(AF40*BA40*AV40) -> 125.027 | CU40: =AG40 -> 0 | CV40: =(AH40*AV40) -> 0.322 | CW40: =AI40 -> 0 | CX40: =AJ40 -> 0 | CY40: =((S40*BZ40)/100) -> 1225.266 | CZ40: =((S40*CA40)/100) -> 175.038 | DD40: )*1 | DE40: )*0,70 | DF40: )*0,70 | DG40: )*0,70 | DI40: )*0,70 | DJ40: )*0,70 | DN40: 0 | DO40: 0 | DP40: 1 | DQ40: 1 | DU40: 1010 | DV40: шт. | DW40: шт. | DX40: 1 | EE40: 113434998 | EF40: 1 | EG40: СН-2012 | EH40: 0 | EJ40: 4 | EK40: 0 | EL40: Подрядные работы, гл. 1-5,7 | EM40: работа | EO40: Поправка: СН-2012. Гл.1 Сб.22 п.3.6.2 | EQ40: 131072 | ER40: 194.9 | ES40: 0.49 | ET40: 15.8 | EU40: 10.31 | EV40: 178.61 | EW40: 0.46 | EX40: 0 | EY40: 0 | FQ40: 0 | FR40: =ROUND(IF(BI40=3,GM40,0),2) -> 0 | FS40: 0 | FX40: 70 | FY40: 10 | GD40: 0 | GF40: 1078632114 | GG40: 2 | GH40: 1 | GI40: -2 | GJ40: 0 | GK40: =ROUND(R40*(R12)/100,2) -> 109.12 | GL40: =ROUND(IF(AND(BH40=3,BI40=3,FS40<>0),P40,0),2) -> 0 | GM40: =ROUND(O40+X40+Y40+GK40,2)+GX40 -> 3421.51 | GN40: =IF(OR(BI40=0,BI40=1),GM40,0) -> 0 | GO40: =IF(BI40=2,GM40,0) -> 0 | GP40: =IF(BI40=4,GM40+GX40,0) -> 3421.51 | GR40: 0 | GS40: 0 | GT40: 0 | GV40: =ROUND((GT40),6) -> 0 | GW40: 1 | GX40: =ROUND(HC40*I40,2) -> 0 | HA40: 0 | HB40: 0 | HC40: =GV40*GW40 -> 0 | IK40: 0
A41: 17 | B41: 1 | C41: =ROW(SmtRes!A45) -> 45 | D41: =ROW(EtalonRes!A45) -> 45 | E41: 10 | F41: 3.1-2201-30-1/1 | G41: Технический осмотр извещателя пожарного ручного адресного "ИПР513-3А" | H41: шт. | I41: 14 | J41: 0 | K41: 14 | O41: =ROUND(CP41,2) -> 269.54 | P41: =ROUND(CQ41*I41,2) -> 0 | Q41: =ROUND(CR41*I41,2) -> 24.89 | R41: =ROUND(CS41*I41,2) -> 16.28 | S41: =ROUND(CT41*I41,2) -> 244.65 | T41: =ROUND(CU41*I41,2) -> 0 | U41: =CV41*I41 -> 0.63 | V41: =CW41*I41 -> 0 | W41: =ROUND(CX41*I41,2) -> 0 | X41: =ROUND(CY41,2) -> 171.26 | Y41: =ROUND(CZ41,2) -> 24.47 | AA41: 150194011 | AB41: =ROUND((AC41+AD41+AF41),6) -> 19.2525 | AC41: =ROUND(((ES41*1)),6) -> 0 | AD41: =ROUND(((((ET41*0.75))-((EU41*0.75)))+AE41),6) -> 1.7775 | AE41: =ROUND(((EU41*0.75)),6) -> 1.1625 | AF41: =ROUND(((EV41*0.75)),6) -> 17.475 | AG41: =ROUND((AP41),6) -> 0 | AH41: =((EW41*0.75)) -> 0.045 | AI41: =((EX41*0.75)) -> 0 | AJ41: =(AS41) -> 0 | AK41: 25.67 | AL41: 0 | AM41: 2.37 | AN41: 1.55 | AO41: 23.3 | AP41: 0 | AQ41: 0.06 | AR41: 0 | AS41: 0 | AT41: 70 | AU41: 10 | AV41: 1 | AW41: 1 | AZ41: 1 | BA41: 1 | BB41: 1 | BC41: 1 | BH41: 0 | BI41: 4 | BJ41: СН-2012-2024.3. Доп.1. Сб.1-2201-30-1/1 | BM41: 0 | BN41: 0 | BP41: 0 | BQ41: 1 | BR41: 0 | BS41: 1 | BT41: 1 | BU41: 1 | BV41: 1 | BW41: 1 | BX41: 1 | BZ41: 70 | CA41: 10 | CE41: 0 | CF41: 0 | CG41: 0 | CM41: 0 | CN41: Поправка: СН-2012. Гл.1 Сб.22 п.3.6.1 Наименование: При применении стоимостных нормативов для сетей и приборов, расположенных в транспортных развязках, в том числе на 3-ем транспортном кольце, для выполнения аналогичных работ в административных и общественных зданиях, по: техническому осмотру | CO41: 0 | CP41: =(P41+Q41+S41) -> 269.54 | CQ41: =(AC41*BC41*AW41) -> 0 | CR41: =(((((ET41*0.75))*BB41-((EU41*0.75))*BS41)+AE41*BS41)*AV41) -> 1.7775 | CS41: =(AE41*BS41*AV41) -> 1.1625 | CT41: =(AF41*BA41*AV41) -> 17.475 | CU41: =AG41 -> 0 | CV41: =(AH41*AV41) -> 0.045 | CW41: =AI41 -> 0 | CX41: =AJ41 -> 0 | CY41: =((S41*BZ41)/100) -> 171.255 | CZ41: =((S41*CA41)/100) -> 24.465 | DD41: )*1 | DE41: )*0,75 | DF41: )*0,75 | DG41: )*0,75 | DI41: )*0,75 | DJ41: )*0,75 | DN41: 0 | DO41: 0 | DP41: 1 | DQ41: 1 | DU41: 1010 | DV41: шт. | DW41: шт. | DX41: 1 | EE41: 113434998 | EF41: 1 | EG41: СН-2012 | EH41: 0 | EJ41: 4 | EK41: 0 | EL41: Подрядные работы, гл. 1-5,7 | EM41: работа | EO41: Поправка: СН-2012. Гл.1 Сб.22 п.3.6.1 | EQ41: 131072 | ER41: 25.67 | ES41: 0 | ET41: 2.37 | EU41: 1.55 | EV41: 23.3 | EW41: 0.06 | EX41: 0 | EY41: 0 | FQ41: 0 | FR41: =ROUND(IF(BI41=3,GM41,0),2) -> 0 | FS41: 0 | FX41: 70 | FY41: 10 | GD41: 0 | GF41: 92214219 | GG41: 2 | GH41: 1 | GI41: -2 | GJ41: 0 | GK41: =ROUND(R41*(R12)/100,2) -> 17.58 | GL41: =ROUND(IF(AND(BH41=3,BI41=3,FS41<>0),P41,0),2) -> 0 | GM41: =ROUND(O41+X41+Y41+GK41,2)+GX41 -> 482.85 | GN41: =IF(OR(BI41=0,BI41=1),GM41,0) -> 0 | GO41: =IF(BI41=2,GM41,0) -> 0 | GP41: =IF(BI41=4,GM41+GX41,0) -> 482.85 | GR41: 0 | GS41: 0 | GT41: 0 | GV41: =ROUND((GT41),6) -> 0 | GW41: 1 | GX41: =ROUND(HC41*I41,2) -> 0 | HA41: 0 | HB41: 0 | HC41: =GV41*GW41 -> 0 | IK41: 0
A42: 17 | B42: 1 | C42: =ROW(SmtRes!A49) -> 49 | D42: =ROW(EtalonRes!A49) -> 49 | E42: 11 | F42: 1.22-2203-89-1/1 | G42: Техническое обслуживание устройства сигнально-пускового пожарного адресуемого типа УСПП 01041-2-1 "Гамма-А" Устройство дистанционного пуска адресное УДП513-11 | H42: шт. | I42: 40 | J42: 0 | K42: 40 | O42: =ROUND(CP42,2) -> 11200.4 | P42: =ROUND(CQ42*I42,2) -> 162.8 | Q42: =ROUND(CR42*I42,2) -> 0 | R42: =ROUND(CS42*I42,2) -> 0 | S42: =ROUND(CT42*I42,2) -> 11037.6 | T42: =ROUND(CU42*I42,2) -> 0 | U42: =CV42*I42 -> 30.4 | V42: =CW42*I42 -> 0 | W42: =ROUND(CX42*I42,2) -> 0 | X42: =ROUND(CY42,2) -> 7726.32 | Y42: =ROUND(CZ42,2) -> 1103.76 | AA42: 150194011 | AB42: =ROUND((AC42+AD42+AF42),6) -> 280.01 | AC42: =ROUND((ES42),6) -> 4.07 | AD42: =ROUND((((ET42)-(EU42))+AE42),6) -> 0 | AE42: =ROUND((EU42),6) -> 0 | AF42: =ROUND((EV42),6) -> 275.94 | AG42: =ROUND((AP42),6) -> 0 | AH42: =(EW42) -> 0.76 | AI42: =(EX42) -> 0 | AJ42: =(AS42) -> 0 | AK42: 280.01 | AL42: 4.07 | AM42: 0 | AN42: 0 | AO42: 275.94 | AP42: 0 | AQ42: 0.76 | AR42: 0 | AS42: 0 | AT42: 70 | AU42: 10 | AV42: 1 | AW42: 1 | AZ42: 1 | BA42: 1 | BB42: 1 | BC42: 1 | BH42: 0 | BI42: 4 | BJ42: СН-2012-2024.1. Доп.1. Сб.22-2203-89-1/1 | BM42: 0 | BN42: 0 | BP42: 0 | BQ42: 1 | BR42: 0 | BS42: 1 | BT42: 1 | BU42: 1 | BV42: 1 | BW42: 1 | BX42: 1 | BZ42: 70 | CA42: 10 | CE42: 0 | CF42: 0 | CG42: 0 | CM42: 0 | CO42: 0 | CP42: =(P42+Q42+S42) -> 11200.4 | CQ42: =(AC42*BC42*AW42) -> 4.07 | CR42: =((((ET42)*BB42-(EU42)*BS42)+AE42*BS42)*AV42) -> 0 | CS42: =(AE42*BS42*AV42) -> 0 | CT42: =(AF42*BA42*AV42) -> 275.94 | CU42: =AG42 -> 0 | CV42: =(AH42*AV42) -> 0.76 | CW42: =AI42 -> 0 | CX42: =AJ42 -> 0 | CY42: =((S42*BZ42)/100) -> 7726.32 | CZ42: =((S42*CA42)/100) -> 1103.76 | DN42: 0 | DO42: 0 | DP42: 1 | DQ42: 1 | DU42: 1010 | DV42: шт. | DW42: шт. | DX42: 1 | EE42: 113434998 | EF42: 1 | EG42: СН-2012 | EH42: 0 | EJ42: 4 | EK42: 0 | EL42: Подрядные работы, гл. 1-5,7 | EM42: работа | EQ42: 131072 | ER42: 280.01 | ES42: 4.07 | ET42: 0 | EU42: 0 | EV42: 275.94 | EW42: 0.76 | EX42: 0 | EY42: 0 | FQ42: 0 | FR42: =ROUND(IF(BI42=3,GM42,0),2) -> 0 | FS42: 0 | FX42: 70 | FY42: 10 | GD42: 0 | GF42: 533043024 | GG42: 2 | GH42: 1 | GI42: -2 | GJ42: 0 | GK42: =ROUND(R42*(R12)/100,2) -> 0 | GL42: =ROUND(IF(AND(BH42=3,BI42=3,FS42<>0),P42,0),2) -> 0 | GM42: =ROUND(O42+X42+Y42+GK42,2)+GX42 -> 20030.48 | GN42: =IF(OR(BI42=0,BI42=1),GM42,0) -> 0 | GO42: =IF(BI42=2,GM42,0) -> 0 | GP42: =IF(BI42=4,GM42+GX42,0) -> 20030.48 | GR42: 0 | GS42: 0 | GT42: 0 | GV42: =ROUND((GT42),6) -> 0 | GW42: 1 | GX42: =ROUND(HC42*I42,2) -> 0 | HA42: 0 | HB42: 0 | HC42: =GV42*GW42 -> 0 | IK42: 0
A43: 17 | B43: 1 | C43: =ROW(SmtRes!A52) -> 52 | D43: =ROW(EtalonRes!A52) -> 52 | E43: 12 | F43: 1.22-2201-76-1/1 | G43: Технический осмотр устройства сигнально-пускового пожарного адресуемого типа УСПП 01041-2-1 "Гамма-А" Устройство дистанционного пуска адресное УДП513-11 | H43: шт. | I43: 40 | J43: 0 | K43: 40 | O43: =ROUND(CP43,2) -> 32164 | P43: =ROUND(CQ43*I43,2) -> 3405.6 | Q43: =ROUND(CR43*I43,2) -> 0 | R43: =ROUND(CS43*I43,2) -> 0 | S43: =ROUND(CT43*I43,2) -> 28758.4 | T43: =ROUND(CU43*I43,2) -> 0 | U43: =CV43*I43 -> 79.2 | V43: =CW43*I43 -> 0 | W43: =ROUND(CX43*I43,2) -> 0 | X43: =ROUND(CY43,2) -> 20130.88 | Y43: =ROUND(CZ43,2) -> 2875.84 | AA43: 150194011 | AB43: =ROUND((AC43+AD43+AF43),6) -> 804.1 | AC43: =ROUND(((ES43*11)),6) -> 85.14 | AD43: =ROUND(((((ET43*11))-((EU43*11)))+AE43),6) -> 0 | AE43: =ROUND(((EU43*11)),6) -> 0 | AF43: =ROUND(((EV43*11)),6) -> 718.96 | AG43: =ROUND((AP43),6) -> 0 | AH43: =((EW43*11)) -> 1.98 | AI43: =((EX43*11)) -> 0 | AJ43: =(AS43) -> 0 | AK43: 73.1 | AL43: 7.74 | AM43: 0 | AN43: 0 | AO43: 65.36 | AP43: 0 | AQ43: 0.18 | AR43: 0 | AS43: 0 | AT43: 70 | AU43: 10 | AV43: 1 | AW43: 1 | AZ43: 1 | BA43: 1 | BB43: 1 | BC43: 1 | BH43: 0 | BI43: 4 | BJ43: СН-2012-2024.1. Доп.1. Сб.22-2201-76-1/1 | BM43: 0 | BN43: 0 | BP43: 0 | BQ43: 1 | BR43: 0 | BS43: 1 | BT43: 1 | BU43: 1 | BV43: 1 | BW43: 1 | BX43: 1 | BZ43: 70 | CA43: 10 | CE43: 0 | CF43: 0 | CG43: 0 | CM43: 0 | CO43: 0 | CP43: =(P43+Q43+S43) -> 32164 | CQ43: =(AC43*BC43*AW43) -> 85.14 | CR43: =(((((ET43*11))*BB43-((EU43*11))*BS43)+AE43*BS43)*AV43) -> 0 | CS43: =(AE43*BS43*AV43) -> 0 | CT43: =(AF43*BA43*AV43) -> 718.96 | CU43: =AG43 -> 0 | CV43: =(AH43*AV43) -> 1.98 | CW43: =AI43 -> 0 | CX43: =AJ43 -> 0 | CY43: =((S43*BZ43)/100) -> 20130.88 | CZ43: =((S43*CA43)/100) -> 2875.84 | DD43: )*11 | DE43: )*11 | DF43: )*11 | DG43: )*11 | DI43: )*11 | DJ43: )*11 | DL43: )*11 | DM43: )*11 | DN43: 0 | DO43: 0 | DP43: 1 | DQ43: 1 | DU43: 1010 | DV43: шт. | DW43: шт. | DX43: 1 | EE43: 113434998 | EF43: 1 | EG43: СН-2012 | EH43: 0 | EJ43: 4 | EK43: 0 | EL43: Подрядные работы, гл. 1-5,7 | EM43: работа | EQ43: 131072 | ER43: 73.1 | ES43: 7.74 | ET43: 0 | EU43: 0 | EV43: 65.36 | EW43: 0.18 | EX43: 0 | EY43: 0 | FQ43: 0 | FR43: =ROUND(IF(BI43=3,GM43,0),2) -> 0 | FS43: 0 | FX43: 770 | FY43: 110 | GD43: 0 | GF43: 1200373309 | GG43: 2 | GH43: 1 | GI43: -2 | GJ43: 0 | GK43: =ROUND(R43*(R12)/100,2) -> 0 | GL43: =ROUND(IF(AND(BH43=3,BI43=3,FS43<>0),P43,0),2) -> 0 | GM43: =ROUND(O43+X43+Y43+GK43,2)+GX43 -> 55170.72 | GN43: =IF(OR(BI43=0,BI43=1),GM43,0) -> 0 | GO43: =IF(BI43=2,GM43,0) -> 0 | GP43: =IF(BI43=4,GM43+GX43,0) -> 55170.72 | GR43: 0 | GS43: 0 | GT43: 0 | GU43: )*11 | GV43: =ROUND(((GT43*11)),6) -> 0 | GW43: 1 | GX43: =ROUND(HC43*I43,2) -> 0 | HA43: 0 | HB43: 0 | HC43: =GV43*GW43 -> 0 | IK43: 0
A44: 17 | B44: 1 | C44: =ROW(SmtRes!A59) -> 59 | D44: =ROW(EtalonRes!A59) -> 59 | E44: 13 | F44: 3.1-2203-20-1/1 | G44: Техническое обслуживание источника резервного питания "СКАТ-1200Р\20" или "СКАТ-2400Р\20" | H44: шт. | I44: 1 | J44: 0 | K44: 1 | O44: =ROUND(CP44,2) -> 125.7 | P44: =ROUND(CQ44*I44,2) -> 8.46 | Q44: =ROUND(CR44*I44,2) -> 22.11 | R44: =ROUND(CS44*I44,2) -> 14.43 | S44: =ROUND(CT44*I44,2) -> 95.13 | T44: =ROUND(CU44*I44,2) -> 0 | U44: =CV44*I44 -> 0.245 | V44: =CW44*I44 -> 0 | W44: =ROUND(CX44*I44,2) -> 0 | X44: =ROUND(CY44,2) -> 66.59 | Y44: =ROUND(CZ44,2) -> 9.51 | AA44: 150194011 | AB44: =ROUND((AC44+AD44+AF44),6) -> 125.703 | AC44: =ROUND(((ES44*1)),6) -> 8.46 | AD44: =ROUND(((((ET44*0.7))-((EU44*0.7)))+AE44),6) -> 22.113 | AE44: =ROUND(((EU44*0.7)),6) -> 14.434 | AF44: =ROUND(((EV44*0.7)),6) -> 95.13 | AG44: =ROUND((AP44),6) -> 0 | AH44: =((EW44*0.7)) -> 0.245 | AI44: =((EX44*0.7)) -> 0 | AJ44: =(AS44) -> 0 | AK44: 175.95 | AL44: 8.46 | AM44: 31.59 | AN44: 20.62 | AO44: 135.9 | AP44: 0 | AQ44: 0.35 | AR44: 0 | AS44: 0 | AT44: 70 | AU44: 10 | AV44: 1 | AW44: 1 | AZ44: 1 | BA44: 1 | BB44: 1 | BC44: 1 | BH44: 0 | BI44: 4 | BJ44: СН-2012-2024.3. Доп.1. Сб.1-2203-20-1/1 | BM44: 0 | BN44: 0 | BP44: 0 | BQ44: 1 | BR44: 0 | BS44: 1 | BT44: 1 | BU44: 1 | BV44: 1 | BW44: 1 | BX44: 1 | BZ44: 70 | CA44: 10 | CE44: 0 | CF44: 0 | CG44: 0 | CM44: 0 | CN44: Поправка: СН-2012. Гл.1 Сб.22 п.3.6.2 Наименование: При применении стоимостных нормативов для сетей и приборов, расположенных в транспортных развязках, в том числе на 3-ем транспортном кольце, для выполнения аналогичных работ в административных и общественных зданиях, по: техническому обслуживанию | CO44: 0 | CP44: =(P44+Q44+S44) -> 125.7 | CQ44: =(AC44*BC44*AW44) -> 8.46 | CR44: =(((((ET44*0.7))*BB44-((EU44*0.7))*BS44)+AE44*BS44)*AV44) -> 22.113 | CS44: =(AE44*BS44*AV44) -> 14.434 | CT44: =(AF44*BA44*AV44) -> 95.13 | CU44: =AG44 -> 0 | CV44: =(AH44*AV44) -> 0.245 | CW44: =AI44 -> 0 | CX44: =AJ44 -> 0 | CY44: =((S44*BZ44)/100) -> 66.591 | CZ44: =((S44*CA44)/100) -> 9.513 | DD44: )*1 | DE44: )*0,70 | DF44: )*0,70 | DG44: )*0,70 | DI44: )*0,70 | DJ44: )*0,70 | DN44: 0 | DO44: 0 | DP44: 1 | DQ44: 1 | DU44: 1010 | DV44: шт. | DW44: шт. | DX44: 1 | EE44: 113434998 | EF44: 1 | EG44: СН-2012 | EH44: 0 | EJ44: 4 | EK44: 0 | EL44: Подрядные работы, гл. 1-5,7 | EM44: работа | EO44: Поправка: СН-2012. Гл.1 Сб.22 п.3.6.2 | EQ44: 131072 | ER44: 175.95 | ES44: 8.46 | ET44: 31.59 | EU44: 20.62 | EV44: 135.9 | EW44: 0.35 | EX44: 0 | EY44: 0 | FQ44: 0 | FR44: =ROUND(IF(BI44=3,GM44,0),2) -> 0 | FS44: 0 | FX44: 70 | FY44: 10 | GD44: 0 | GF44: -1682108898 | GG44: 2 | GH44: 1 | GI44: -2 | GJ44: 0 | GK44: =ROUND(R44*(R12)/100,2) -> 15.58 | GL44: =ROUND(IF(AND(BH44=3,BI44=3,FS44<>0),P44,0),2) -> 0 | GM44: =ROUND(O44+X44+Y44+GK44,2)+GX44 -> 217.38 | GN44: =IF(OR(BI44=0,BI44=1),GM44,0) -> 0 | GO44: =IF(BI44=2,GM44,0) -> 0 | GP44: =IF(BI44=4,GM44+GX44,0) -> 217.38 | GR44: 0 | GS44: 0 | GT44: 0 | GV44: =ROUND((GT44),6) -> 0 | GW44: 1 | GX44: =ROUND(HC44*I44,2) -> 0 | HA44: 0 | HB44: 0 | HC44: =GV44*GW44 -> 0 | IK44: 0
A45: 17 | B45: 1 | C45: =ROW(SmtRes!A64) -> 64 | D45: =ROW(EtalonRes!A64) -> 64 | E45: 14 | F45: 3.1-2201-19-1/1 | G45: Технический осмотр Источник резервного питания "СКАТ-1200Р\20" или "СКАТ-2400Р\20" | H45: шт. | I45: 1 | J45: 0 | K45: 1 | O45: =ROUND(CP45,2) -> 280.07 | P45: =ROUND(CQ45*I45,2) -> 22.66 | Q45: =ROUND(CR45*I45,2) -> 65.18 | R45: =ROUND(CS45*I45,2) -> 42.57 | S45: =ROUND(CT45*I45,2) -> 192.23 | T45: =ROUND(CU45*I45,2) -> 0 | U45: =CV45*I45 -> 0.495 | V45: =CW45*I45 -> 0 | W45: =ROUND(CX45*I45,2) -> 0 | X45: =ROUND(CY45,2) -> 134.56 | Y45: =ROUND(CZ45,2) -> 19.22 | AA45: 150194011 | AB45: =ROUND((AC45+AD45+AF45),6) -> 280.06 | AC45: =ROUND((((ES45*1)*11)),6) -> 22.66 | AD45: =ROUND((((((ET45*0.75)*11))-(((EU45*0.75)*11)))+AE45),6) -> 65.175 | AE45: =ROUND((((EU45*0.75)*11)),6) -> 42.57 | AF45: =ROUND((((EV45*0.75)*11)),6) -> 192.225 | AG45: =ROUND((AP45),6) -> 0 | AH45: =(((EW45*0.75)*11)) -> 0.495 | AI45: =(((EX45*0.75)*11)) -> 0 | AJ45: =(AS45) -> 0 | AK45: 33.26 | AL45: 2.06 | AM45: 7.9 | AN45: 5.16 | AO45: 23.3 | AP45: 0 | AQ45: 0.06 | AR45: 0 | AS45: 0 | AT45: 70 | AU45: 10 | AV45: 1 | AW45: 1 | AZ45: 1 | BA45: 1 | BB45: 1 | BC45: 1 | BH45: 0 | BI45: 4 | BJ45: СН-2012-2024.3. Доп.1. Сб.1-2201-19-1/1 | BM45: 0 | BN45: 0 | BP45: 0 | BQ45: 1 | BR45: 0 | BS45: 1 | BT45: 1 | BU45: 1 | BV45: 1 | BW45: 1 | BX45: 1 | BZ45: 70 | CA45: 10 | CE45: 0 | CF45: 0 | CG45: 0 | CM45: 0 | CN45: Поправка: СН-2012. Гл.1 Сб.22 п.3.6.1 Наименование: При применении стоимостных нормативов для сетей и приборов, расположенных в транспортных развязках, в том числе на 3-ем транспортном кольце, для выполнения аналогичных работ в административных и общественных зданиях, по: техническому осмотру | CO45: 0 | CP45: =(P45+Q45+S45) -> 280.07 | CQ45: =(AC45*BC45*AW45) -> 22.66 | CR45: =((((((ET45*0.75)*11))*BB45-(((EU45*0.75)*11))*BS45)+AE45*BS45)*AV45) -> 65.175 | CS45: =(AE45*BS45*AV45) -> 42.57 | CT45: =(AF45*BA45*AV45) -> 192.225 | CU45: =AG45 -> 0 | CV45: =(AH45*AV45) -> 0.495 | CW45: =AI45 -> 0 | CX45: =AJ45 -> 0 | CY45: =((S45*BZ45)/100) -> 134.561 | CZ45: =((S45*CA45)/100) -> 19.223 | DD45: )*1)*11 | DE45: )*0,75)*11 | DF45: )*0,75)*11 | DG45: )*0,75)*11 | DI45: )*0,75)*11 | DJ45: )*0,75)*11 | DL45: )*11 | DM45: )*11 | DN45: 0 | DO45: 0 | DP45: 1 | DQ45: 1 | DU45: 1010 | DV45: шт. | DW45: шт. | DX45: 1 | EE45: 113434998 | EF45: 1 | EG45: СН-2012 | EH45: 0 | EJ45: 4 | EK45: 0 | EL45: Подрядные работы, гл. 1-5,7 | EM45: работа | EO45: Поправка: СН-2012. Гл.1 Сб.22 п.3.6.1 | EQ45: 131072 | ER45: 33.26 | ES45: 2.06 | ET45: 7.9 | EU45: 5.16 | EV45: 23.3 | EW45: 0.06 | EX45: 0 | EY45: 0 | FQ45: 0 | FR45: =ROUND(IF(BI45=3,GM45,0),2) -> 0 | FS45: 0 | FX45: 770 | FY45: 110 | GD45: 0 | GF45: 457903881 | GG45: 2 | GH45: 1 | GI45: -2 | GJ45: 0 | GK45: =ROUND(R45*(R12)/100,2) -> 45.98 | GL45: =ROUND(IF(AND(BH45=3,BI45=3,FS45<>0),P45,0),2) -> 0 | GM45: =ROUND(O45+X45+Y45+GK45,2)+GX45 -> 479.83 | GN45: =IF(OR(BI45=0,BI45=1),GM45,0) -> 0 | GO45: =IF(BI45=2,GM45,0) -> 0 | GP45: =IF(BI45=4,GM45+GX45,0) -> 479.83 | GR45: 0 | GS45: 0 | GT45: 0 | GU45: )*11 | GV45: =ROUND(((GT45*11)),6) -> 0 | GW45: 1 | GX45: =ROUND(HC45*I45,2) -> 0 | HA45: 0 | HB45: 0 | HC45: =GV45*GW45 -> 0 | IK45: 0
A46: 17 | B46: 1 | C46: =ROW(SmtRes!A68) -> 68 | D46: =ROW(EtalonRes!A68) -> 68 | E46: 15 | F46: 3.1-2203-19-1/1 | G46: Техническое обслуживание релейного модуля "РМ-1" (РМ-1-R3, РМ-4-R3, РМ-4К) | H46: шт. | I46: =ROUND(34+3+1,9) -> 38 | J46: 0 | K46: =ROUND(34+3+1,9) -> 38 | O46: =ROUND(CP46,2) -> 2091.56 | P46: =ROUND(CQ46*I46,2) -> 18.62 | Q46: =ROUND(CR46*I46,2) -> 420.28 | R46: =ROUND(CS46*I46,2) -> 274.25 | S46: =ROUND(CT46*I46,2) -> 1652.66 | T46: =ROUND(CU46*I46,2) -> 0 | U46: =CV46*I46 -> 4.256 | V46: =CW46*I46 -> 0 | W46: =ROUND(CX46*I46,2) -> 0 | X46: =ROUND(CY46,2) -> 1156.86 | Y46: =ROUND(CZ46,2) -> 165.27 | AA46: 150194011 | AB46: =ROUND((AC46+AD46+AF46),6) -> 55.041 | AC46: =ROUND(((ES46*1)),6) -> 0.49 | AD46: =ROUND(((((ET46*0.7))-((EU46*0.7)))+AE46),6) -> 11.06 | AE46: =ROUND(((EU46*0.7)),6) -> 7.217 | AF46: =ROUND(((EV46*0.7)),6) -> 43.491 | AG46: =ROUND((AP46),6) -> 0 | AH46: =((EW46*0.7)) -> 0.112 | AI46: =((EX46*0.7)) -> 0 | AJ46: =(AS46) -> 0 | AK46: 78.42 | AL46: 0.49 | AM46: 15.8 | AN46: 10.31 | AO46: 62.13 | AP46: 0 | AQ46: 0.16 | AR46: 0 | AS46: 0 | AT46: 70 | AU46: 10 | AV46: 1 | AW46: 1 | AZ46: 1 | BA46: 1 | BB46: 1 | BC46: 1 | BH46: 0 | BI46: 4 | BJ46: СН-2012-2024.3. Доп.1. Сб.1-2203-19-1/1 | BM46: 0 | BN46: 0 | BP46: 0 | BQ46: 1 | BR46: 0 | BS46: 1 | BT46: 1 | BU46: 1 | BV46: 1 | BW46: 1 | BX46: 1 | BZ46: 70 | CA46: 10 | CE46: 0 | CF46: 0 | CG46: 0 | CM46: 0 | CN46: Поправка: СН-2012. Гл.1 Сб.22 п.3.6.2 Наименование: При применении стоимостных нормативов для сетей и приборов, расположенных в транспортных развязках, в том числе на 3-ем транспортном кольце, для выполнения аналогичных работ в административных и общественных зданиях, по: техническому обслуживанию | CO46: 0 | CP46: =(P46+Q46+S46) -> 2091.56 | CQ46: =(AC46*BC46*AW46) -> 0.49 | CR46: =(((((ET46*0.7))*BB46-((EU46*0.7))*BS46)+AE46*BS46)*AV46) -> 11.06 | CS46: =(AE46*BS46*AV46) -> 7.217 | CT46: =(AF46*BA46*AV46) -> 43.491 | CU46: =AG46 -> 0 | CV46: =(AH46*AV46) -> 0.112 | CW46: =AI46 -> 0 | CX46: =AJ46 -> 0 | CY46: =((S46*BZ46)/100) -> 1156.862 | CZ46: =((S46*CA46)/100) -> 165.266 | DD46: )*1 | DE46: )*0,70 | DF46: )*0,70 | DG46: )*0,70 | DI46: )*0,70 | DJ46: )*0,70 | DN46: 0 | DO46: 0 | DP46: 1 | DQ46: 1 | DU46: 1010 | DV46: шт. | DW46: шт. | DX46: 1 | EE46: 113434998 | EF46: 1 | EG46: СН-2012 | EH46: 0 | EJ46: 4 | EK46: 0 | EL46: Подрядные работы, гл. 1-5,7 | EM46: работа | EO46: Поправка: СН-2012. Гл.1 Сб.22 п.3.6.2 | EQ46: 131072 | ER46: 78.42 | ES46: 0.49 | ET46: 15.8 | EU46: 10.31 | EV46: 62.13 | EW46: 0.16 | EX46: 0 | EY46: 0 | FQ46: 0 | FR46: =ROUND(IF(BI46=3,GM46,0),2) -> 0 | FS46: 0 | FX46: 70 | FY46: 10 | GD46: 0 | GF46: -1330328709 | GG46: 2 | GH46: 1 | GI46: -2 | GJ46: 0 | GK46: =ROUND(R46*(R12)/100,2) -> 296.19 | GL46: =ROUND(IF(AND(BH46=3,BI46=3,FS46<>0),P46,0),2) -> 0 | GM46: =ROUND(O46+X46+Y46+GK46,2)+GX46 -> 3709.88 | GN46: =IF(OR(BI46=0,BI46=1),GM46,0) -> 0 | GO46: =IF(BI46=2,GM46,0) -> 0 | GP46: =IF(BI46=4,GM46+GX46,0) -> 3709.88 | GR46: 0 | GS46: 0 | GT46: 0 | GV46: =ROUND((GT46),6) -> 0 | GW46: 1 | GX46: =ROUND(HC46*I46,2) -> 0 | HA46: 0 | HB46: 0 | HC46: =GV46*GW46 -> 0 | IK46: 0
A47: 17 | B47: 1 | C47: =ROW(SmtRes!A72) -> 72 | D47: =ROW(EtalonRes!A72) -> 72 | E47: 16 | F47: 3.1-2201-18-1/1 | G47: Технический осмотр Релейный модуль "РМ-1" (РМ-1-R3, РМ-4-R3, РМ-4К) | H47: шт. | I47: =ROUND(34+3+1,9) -> 38 | J47: 0 | K47: =ROUND(34+3+1,9) -> 38 | O47: =ROUND(CP47,2) -> 6311.81 | P47: =ROUND(CQ47*I47,2) -> 204.82 | Q47: =ROUND(CR47*I47,2) -> 1238.33 | R47: =ROUND(CS47*I47,2) -> 808.83 | S47: =ROUND(CT47*I47,2) -> 4868.66 | T47: =ROUND(CU47*I47,2) -> 0 | U47: =CV47*I47 -> 12.54 | V47: =CW47*I47 -> 0 | W47: =ROUND(CX47*I47,2) -> 0 | X47: =ROUND(CY47,2) -> 3408.06 | Y47: =ROUND(CZ47,2) -> 486.87 | AA47: 150194011 | AB47: =ROUND((AC47+AD47+AF47),6) -> 166.1 | AC47: =ROUND((((ES47*1)*11)),6) -> 5.39 | AD47: =ROUND((((((ET47*0.75)*11))-(((EU47*0.75)*11)))+AE47),6) -> 32.5875 | AE47: =ROUND((((EU47*0.75)*11)),6) -> 21.285 | AF47: =ROUND((((EV47*0.75)*11)),6) -> 128.1225 | AG47: =ROUND((AP47),6) -> 0 | AH47: =(((EW47*0.75)*11)) -> 0.33 | AI47: =(((EX47*0.75)*11)) -> 0 | AJ47: =(AS47) -> 0 | AK47: 19.97 | AL47: 0.49 | AM47: 3.95 | AN47: 2.58 | AO47: 15.53 | AP47: 0 | AQ47: 0.04 | AR47: 0 | AS47: 0 | AT47: 70 | AU47: 10 | AV47: 1 | AW47: 1 | AZ47: 1 | BA47: 1 | BB47: 1 | BC47: 1 | BH47: 0 | BI47: 4 | BJ47: СН-2012-2024.3. Доп.1. Сб.1-2201-18-1/1 | BM47: 0 | BN47: 0 | BP47: 0 | BQ47: 1 | BR47: 0 | BS47: 1 | BT47: 1 | BU47: 1 | BV47: 1 | BW47: 1 | BX47: 1 | BZ47: 70 | CA47: 10 | CE47: 0 | CF47: 0 | CG47: 0 | CM47: 0 | CN47: Поправка: СН-2012. Гл.1 Сб.22 п.3.6.1 Наименование: При применении стоимостных нормативов для сетей и приборов, расположенных в транспортных развязках, в том числе на 3-ем транспортном кольце, для выполнения аналогичных работ в административных и общественных зданиях, по: техническому осмотру | CO47: 0 | CP47: =(P47+Q47+S47) -> 6311.81 | CQ47: =(AC47*BC47*AW47) -> 5.39 | CR47: =((((((ET47*0.75)*11))*BB47-(((EU47*0.75)*11))*BS47)+AE47*BS47)*AV47) -> 32.5875 | CS47: =(AE47*BS47*AV47) -> 21.285 | CT47: =(AF47*BA47*AV47) -> 128.1225 | CU47: =AG47 -> 0 | CV47: =(AH47*AV47) -> 0.33 | CW47: =AI47 -> 0 | CX47: =AJ47 -> 0 | CY47: =((S47*BZ47)/100) -> 3408.062 | CZ47: =((S47*CA47)/100) -> 486.866 | DD47: )*1)*11 | DE47: )*0,75)*11 | DF47: )*0,75)*11 | DG47: )*0,75)*11 | DI47: )*0,75)*11 | DJ47: )*0,75)*11 | DL47: )*11 | DM47: )*11 | DN47: 0 | DO47: 0 | DP47: 1 | DQ47: 1 | DU47: 1010 | DV47: шт. | DW47: шт. | DX47: 1 | EE47: 113434998 | EF47: 1 | EG47: СН-2012 | EH47: 0 | EJ47: 4 | EK47: 0 | EL47: Подрядные работы, гл. 1-5,7 | EM47: работа | EO47: Поправка: СН-2012. Гл.1 Сб.22 п.3.6.1 | EQ47: 131072 | ER47: 19.97 | ES47: 0.49 | ET47: 3.95 | EU47: 2.58 | EV47: 15.53 | EW47: 0.04 | EX47: 0 | EY47: 0 | FQ47: 0 | FR47: =ROUND(IF(BI47=3,GM47,0),2) -> 0 | FS47: 0 | FX47: 770 | FY47: 110 | GD47: 0 | GF47: -377869443 | GG47: 2 | GH47: 1 | GI47: -2 | GJ47: 0 | GK47: =ROUND(R47*(R12)/100,2) -> 873.54 | GL47: =ROUND(IF(AND(BH47=3,BI47=3,FS47<>0),P47,0),2) -> 0 | GM47: =ROUND(O47+X47+Y47+GK47,2)+GX47 -> 11080.28 | GN47: =IF(OR(BI47=0,BI47=1),GM47,0) -> 0 | GO47: =IF(BI47=2,GM47,0) -> 0 | GP47: =IF(BI47=4,GM47+GX47,0) -> 11080.28 | GR47: 0 | GS47: 0 | GT47: 0 | GU47: )*11 | GV47: =ROUND(((GT47*11)),6) -> 0 | GW47: 1 | GX47: =ROUND(HC47*I47,2) -> 0 | HA47: 0 | HB47: 0 | HC47: =GV47*GW47 -> 0 | IK47: 0
A48: 17 | B48: 1 | C48: =ROW(SmtRes!A75) -> 75 | D48: =ROW(EtalonRes!A75) -> 75 | E48: 17 | F48: 1.22-2203-107-1/1 | G48: Техническое обслуживание приборов системы охранно-пожарной сигнализации, резервированный источник питания "РИП-24" - годовое | H48: шт. | I48: 1 | J48: 0 | K48: 1 | O48: =ROUND(CP48,2) -> 157.79 | P48: =ROUND(CQ48*I48,2) -> 41.6 | Q48: =ROUND(CR48*I48,2) -> 0 | R48: =ROUND(CS48*I48,2) -> 0 | S48: =ROUND(CT48*I48,2) -> 116.19 | T48: =ROUND(CU48*I48,2) -> 0 | U48: =CV48*I48 -> 0.32 | V48: =CW48*I48 -> 0 | W48: =ROUND(CX48*I48,2) -> 0 | X48: =ROUND(CY48,2) -> 81.33 | Y48: =ROUND(CZ48,2) -> 11.62 | AA48: 150194011 | AB48: =ROUND((AC48+AD48+AF48),6) -> 157.79 | AC48: =ROUND((ES48),6) -> 41.6 | AD48: =ROUND((((ET48)-(EU48))+AE48),6) -> 0 | AE48: =ROUND((EU48),6) -> 0 | AF48: =ROUND((EV48),6) -> 116.19 | AG48: =ROUND((AP48),6) -> 0 | AH48: =(EW48) -> 0.32 | AI48: =(EX48) -> 0 | AJ48: =(AS48) -> 0 | AK48: 157.79 | AL48: 41.6 | AM48: 0 | AN48: 0 | AO48: 116.19 | AP48: 0 | AQ48: 0.32 | AR48: 0 | AS48: 0 | AT48: 70 | AU48: 10 | AV48: 1 | AW48: 1 | AZ48: 1 | BA48: 1 | BB48: 1 | BC48: 1 | BH48: 0 | BI48: 4 | BJ48: СН-2012-2024.1. Доп.1. Сб.22-2203-107-1/1 | BM48: 0 | BN48: 0 | BP48: 0 | BQ48: 1 | BR48: 0 | BS48: 1 | BT48: 1 | BU48: 1 | BV48: 1 | BW48: 1 | BX48: 1 | BZ48: 70 | CA48: 10 | CE48: 0 | CF48: 0 | CG48: 0 | CM48: 0 | CO48: 0 | CP48: =(P48+Q48+S48) -> 157.79 | CQ48: =(AC48*BC48*AW48) -> 41.6 | CR48: =((((ET48)*BB48-(EU48)*BS48)+AE48*BS48)*AV48) -> 0 | CS48: =(AE48*BS48*AV48) -> 0 | CT48: =(AF48*BA48*AV48) -> 116.19 | CU48: =AG48 -> 0 | CV48: =(AH48*AV48) -> 0.32 | CW48: =AI48 -> 0 | CX48: =AJ48 -> 0 | CY48: =((S48*BZ48)/100) -> 81.333 | CZ48: =((S48*CA48)/100) -> 11.619 | DN48: 0 | DO48: 0 | DP48: 1 | DQ48: 1 | DU48: 1010 | DV48: шт. | DW48: шт. | DX48: 1 | EE48: 113434998 | EF48: 1 | EG48: СН-2012 | EH48: 0 | EJ48: 4 | EK48: 0 | EL48: Подрядные работы, гл. 1-5,7 | EM48: работа | EQ48: 131072 | ER48: 157.79 | ES48: 41.6 | ET48: 0 | EU48: 0 | EV48: 116.19 | EW48: 0.32 | EX48: 0 | EY48: 0 | FQ48: 0 | FR48: =ROUND(IF(BI48=3,GM48,0),2) -> 0 | FS48: 0 | FX48: 70 | FY48: 10 | GD48: 0 | GF48: 1712599953 | GG48: 2 | GH48: 1 | GI48: -2 | GJ48: 0 | GK48: =ROUND(R48*(R12)/100,2) -> 0 | GL48: =ROUND(IF(AND(BH48=3,BI48=3,FS48<>0),P48,0),2) -> 0 | GM48: =ROUND(O48+X48+Y48+GK48,2)+GX48 -> 250.74 | GN48: =IF(OR(BI48=0,BI48=1),GM48,0) -> 0 | GO48: =IF(BI48=2,GM48,0) -> 0 | GP48: =IF(BI48=4,GM48+GX48,0) -> 250.74 | GR48: 0 | GS48: 0 | GT48: 0 | GV48: =ROUND((GT48),6) -> 0 | GW48: 1 | GX48: =ROUND(HC48*I48,2) -> 0 | HA48: 0 | HB48: 0 | HC48: =GV48*GW48 -> 0 | IK48: 0
A50: 51 | B50: =B28 -> 1 | C50: =A28 -> 5 | D50: =ROW(A28) -> 28 | F50: =IF(F28<>"",F28,"") -> Новый подраздел | G50: =IF(G28<>"",G28,"") -> АПС | H50: 0 | O50: =ROUND(AB50,2) -> 145606.84 | P50: =ROUND(AC50,2) -> 5548.53 | Q50: =ROUND(AD50,2) -> 13096.05 | R50: =ROUND(AE50,2) -> 8549.62 | S50: =ROUND(AF50,2) -> 126962.26 | T50: =ROUND(AG50,2) -> 0 | U50: =AH50 -> 339.983 | V50: =AI50 -> 0 | W50: =ROUND(AJ50,2) -> 0 | X50: =ROUND(AK50,2) -> 88873.58 | Y50: =ROUND(AL50,2) -> 12696.23 | AB50: =ROUND(SUMIF(AA32:AA48,"=150194011",O32:O48),2) -> 145606.84 | AC50: =ROUND(SUMIF(AA32:AA48,"=150194011",P32:P48),2) -> 5548.53 | AD50: =ROUND(SUMIF(AA32:AA48,"=150194011",Q32:Q48),2) -> 13096.05 | AE50: =ROUND(SUMIF(AA32:AA48,"=150194011",R32:R48),2) -> 8549.62 | AF50: =ROUND(SUMIF(AA32:AA48,"=150194011",S32:S48),2) -> 126962.26 | AG50: =ROUND(SUMIF(AA32:AA48,"=150194011",T32:T48),2) -> 0 | AH50: =SUMIF(AA32:AA48,"=150194011",U32:U48) -> 339.983 | AI50: =SUMIF(AA32:AA48,"=150194011",V32:V48) -> 0 | AJ50: =ROUND(SUMIF(AA32:AA48,"=150194011",W32:W48),2) -> 0 | AK50: =ROUND(SUMIF(AA32:AA48,"=150194011",X32:X48),2) -> 88873.58 | AL50: =ROUND(SUMIF(AA32:AA48,"=150194011",Y32:Y48),2) -> 12696.23 | AO50: =ROUND(BX50,2) -> 0 | AP50: =ROUND(BY50,2) -> 0 | AQ50: =ROUND(BZ50,2) -> 0 | AR50: =ROUND(CA50,2) -> 256410.23 | AS50: =ROUND(CB50,2) -> 0 | AT50: =ROUND(CC50,2) -> 0 | AU50: =ROUND(CD50,2) -> 256410.23 | AV50: =ROUND(CE50,2) -> 5548.53 | ... BD50: =ROUND(CM50,2) -> 0 | BX50: =ROUND(SUMIF(AA32:AA48,"=150194011",FQ32:FQ48),2) -> 0 | BY50: =ROUND(SUMIF(AA32:AA48,"=150194011",FR32:FR48),2) -> 0 | BZ50: =ROUND(SUMIF(AA32:AA48,"=150194011",GL32:GL48),2) -> 0 | CA50: =ROUND(SUMIF(AA32:AA48,"=150194011",GM32:GM48),2) -> 256410.23 | CB50: =ROUND(SUMIF(AA32:AA48,"=150194011",GN32:GN48),2) -> 0 | CC50: =ROUND(SUMIF(AA32:AA48,"=150194011",GO32:GO48),2) -> 0 | CD50: =ROUND(SUMIF(AA32:AA48,"=150194011",GP32:GP48),2) -> 256410.23 | CE50: =AC50-BX50 -> 5548.53 | CF50: =AC50-BY50 -> 5548.53 | CG50: =BX50-BZ50 -> 0 | CH50: =AC50-BX50-BY50+BZ50 -> 5548.53 | CI50: =BY50-BZ50 -> 0 | CJ50: =ROUND(SUMIF(AA32:AA48,"=150194011",GX32:GX48),2) -> 0 | CK50: =ROUND(SUMIF(AA32:AA48,"=150194011",GY32:GY48),2) -> 0 | CL50: =ROUND(SUMIF(AA32:AA48,"=150194011",GZ32:GZ48),2) -> 0 | CM50: =ROUND(SUMIF(AA32:AA48,"=150194011",HD32:HD48),2) -> 0 | GX50: 0
A52: 50 | B52: 0 | C52: 0 | D52: 1 | E52: 201 | F52: =ROUND(Source!O50,O52) -> 145606.84 | G52: ПЗ | H52: Прямые затраты | K52: 201 | L52: 1 | M52: 3 | O52: 2 | W52: 145606.84 | X52: 1 | Y52: 145606.84
A53: 50 | B53: 0 | C53: 0 | D53: 1 | E53: 202 | F53: =ROUND(Source!P50,O53) -> 5548.53 | G53: СтМатОб | H53: Стоимость материальных ресурсов (всего) | K53: 202 | L53: 2 | M53: 3 | O53: 2 | W53: 5548.53 | X53: 1 | Y53: 5548.53
A54: 50 | B54: 0 | C54: 0 | D54: 1 | E54: 222 | F54: =ROUND(Source!AO50,O54) -> 0 | G54: СтМатОбЗак | H54: Стоимость материалов и оборудования заказчика | K54: 222 | L54: 3 | M54: 3 | O54: 2 | W54: 0 | X54: 1 | Y54: 0
A55: 50 | B55: 0 | C55: 0 | D55: 1 | E55: 225 | F55: =ROUND(Source!AV50,O55) -> 5548.53 | G55: СтМатОбПод | H55: Стоимость материалов и оборудования подрядчика | K55: 225 | L55: 4 | M55: 3 | O55: 2 | W55: 5548.53 | X55: 1 | Y55: 5548.53
A56: 50 | B56: 0 | C56: 0 | D56: 1 | E56: 226 | F56: =ROUND(Source!AW50,O56) -> 5548.53 | G56: СтМат | H56: Стоимость материалов (всего) | K56: 226 | L56: 5 | M56: 3 | O56: 2 | W56: 5548.53 | X56: 1 | Y56: 5548.53
A57: 50 | B57: 0 | C57: 0 | D57: 1 | E57: 227 | F57: =ROUND(Source!AX50,O57) -> 0 | G57: СтМатЗак | H57: Стоимость материалов заказчика | K57: 227 | L57: 6 | M57: 3 | O57: 2 | W57: 0 | X57: 1 | Y57: 0
A58: 50 | B58: 0 | C58: 0 | D58: 1 | E58: 228 | F58: =ROUND(Source!AY50,O58) -> 5548.53 | G58: СтМатПод | H58: Стоимость материалов подрядчика | K58: 228 | L58: 7 | M58: 3 | O58: 2 | W58: 5548.53 | X58: 1 | Y58: 5548.53
A59: 50 | B59: 0 | C59: 0 | D59: 1 | E59: 216 | F59: =ROUND(Source!AP50,O59) -> 0 | G59: Оборуд | H59: Стоимость оборудования (всего) | K59: 216 | L59: 8 | M59: 3 | O59: 2 | W59: 0 | X59: 1 | Y59: 0
A60: 50 | B60: 0 | C60: 0 | D60: 1 | E60: 223 | F60: =ROUND(Source!AQ50,O60) -> 0 | G60: ОборудЗак | H60: Стоимость оборудования заказчика | K60: 223 | L60: 9 | M60: 3 | O60: 2 | W60: 0 | X60: 1 | Y60: 0
A61: 50 | B61: 0 | C61: 0 | D61: 1 | E61: 229 | F61: =ROUND(Source!AZ50,O61) -> 0 | G61: ОборудПод | H61: Стоимость оборудования подрядчика | K61: 229 | L61: 10 | M61: 3 | O61: 2 | W61: 0 | X61: 1 | Y61: 0
A62: 50 | B62: 0 | C62: 0 | D62: 1 | E62: 203 | F62: =ROUND(Source!Q50,O62) -> 13096.05 | G62: ЭММ | H62: Эксплуатация машин | K62: 203 | L62: 11 | M62: 3 | O62: 2 | W62: 13096.05 | X62: 1 | Y62: 13096.05
A63: 50 | B63: 0 | C63: 0 | D63: 1 | E63: 231 | F63: =ROUND(Source!BB50,O63) -> 0 | G63: ЭММсНРиСП | H63: Эксплуатация машин по ТСН-2001.16 | K63: 231 | L63: 12 | M63: 3 | O63: 2 | W63: 0 | X63: 1 | Y63: 0
A64: 50 | B64: 0 | C64: 0 | D64: 1 | E64: 204 | F64: =ROUND(Source!R50,O64) -> 8549.62 | G64: ЗПМ | H64: ЗП машинистов | K64: 204 | L64: 13 | M64: 3 | O64: 2 | W64: 8549.62 | X64: 1 | Y64: 8549.62
A65: 50 | B65: 0 | C65: 0 | D65: 1 | E65: 205 | F65: =ROUND(Source!S50,O65) -> 126962.26 | G65: ОЗП | H65: Основная ЗП рабочих | K65: 205 | L65: 14 | M65: 3 | O65: 2 | W65: 126962.26 | X65: 1 | Y65: 126962.26
A66: 50 | B66: 0 | C66: 0 | D66: 1 | E66: 232 | F66: =ROUND(Source!BC50,O66) -> 0 | G66: ОЗПсНРиСП | H66: Основная ЗП рабочих по ТСН-2001.16 | K66: 232 | L66: 15 | M66: 3 | O66: 2 | W66: 0 | X66: 1 | Y66: 0
A67: 50 | B67: 0 | C67: 0 | D67: 1 | E67: 214 | F67: =ROUND(Source!AS50,O67) -> 0 | G67: Строит | H67: Строительные работы с НР и СП | K67: 214 | L67: 16 | M67: 3 | O67: 2 | W67: 0 | X67: 1 | Y67: 0
A68: 50 | B68: 0 | C68: 0 | D68: 1 | E68: 215 | F68: =ROUND(Source!AT50,O68) -> 0 | G68: Монтаж | H68: Монтажные работы с НР и СП | K68: 215 | L68: 17 | M68: 3 | O68: 2 | W68: 0 | X68: 1 | Y68: 0
A69: 50 | B69: 0 | C69: 0 | D69: 1 | E69: 217 | F69: =ROUND(Source!AU50,O69) -> 256410.23 | G69: Прочие | H69: Прочие работы с НР и СП | K69: 217 | L69: 18 | M69: 3 | O69: 2 | W69: 256410.23 | X69: 1 | Y69: 256410.23
A70: 50 | B70: 0 | C70: 0 | D70: 1 | E70: 230 | F70: =ROUND(Source!BA50,O70) -> 0 | G70: ПрочиеЗатр | H70: Прочие затраты по ТСН-2001.16 | K70: 230 | L70: 19 | M70: 3 | O70: 2 | W70: 0 | X70: 1 | Y70: 0
A71: 50 | B71: 0 | C71: 0 | D71: 1 | E71: 206 | F71: =ROUND(Source!T50,O71) -> 0 | G71: ВозврМат | H71: Возврат материалов | K71: 206 | L71: 20 | M71: 3 | O71: 2 | W71: 0 | X71: 1 | Y71: 0
A72: 50 | B72: 0 | C72: 0 | D72: 1 | E72: 207 | F72: =Source!U50 -> 339.983 | G72: ТрудСтр | H72: Трудозатраты строителей | K72: 207 | L72: 21 | M72: 3 | O72: -1 | W72: 339.983 | X72: 1 | Y72: 339.983
A73: 50 | B73: 0 | C73: 0 | D73: 1 | E73: 208 | F73: =Source!V50 -> 0 | G73: ТрудМаш | H73: Трудозатраты машинистов | K73: 208 | L73: 22 | M73: 3 | O73: -1 | W73: 0 | X73: 1 | Y73: 0
A74: 50 | B74: 0 | C74: 0 | D74: 1 | E74: 209 | F74: =ROUND(Source!W50,O74) -> 0 | G74: ТранспМат | H74: Транспорт материалов | K74: 209 | L74: 23 | M74: 3 | O74: 2 | W74: 0 | X74: 1 | Y74: 0
A75: 50 | B75: 0 | C75: 0 | D75: 1 | E75: 233 | F75: =ROUND(Source!BD50,O75) -> 0 | G75: Перевозка | H75: Перевозка грузов | K75: 233 | L75: 24 | M75: 3 | O75: 2 | W75: 0 | X75: 1 | Y75: 0
A76: 50 | B76: 0 | C76: 0 | D76: 1 | E76: 210 | F76: =ROUND(Source!X50,O76) -> 88873.58 | G76: НР | H76: Накладные расходы | K76: 210 | L76: 25 | M76: 3 | O76: 2 | W76: 88873.58 | X76: 1 | Y76: 88873.58
A77: 50 | B77: 0 | C77: 0 | D77: 1 | E77: 211 | F77: =ROUND(Source!Y50,O77) -> 12696.23 | G77: СмПриб | H77: Сметная прибыль | K77: 211 | L77: 26 | M77: 3 | O77: 2 | W77: 12696.23 | X77: 1 | Y77: 12696.23
A78: 50 | B78: 0 | C78: 0 | D78: 1 | E78: 224 | F78: =ROUND(Source!AR50,O78) -> 256410.23 | G78: Всего | H78: Всего с НР и СП | K78: 224 | L78: 27 | M78: 3 | O78: 2 | W78: 256410.23 | X78: 1 | Y78: 256410.23
A80: 5 | B80: 1 | D80: =ROW(A96) -> 96 | F80: Новый подраздел | G80: Система оповещения | I80: 0 | K80: 0 | S80: 0 | V80: 0 | BX80: 0 | CJ80: 0
A82: 52 | B82: =B96 -> 1 | C82: =C96 -> 5 | D82: =D96 -> 80 | E82: =E96 -> 0 | F82: =F96 -> Новый подраздел | G82: =G96 -> Система оповещения | O82: =O96 -> 222400.48 | P82: =P96 -> 14514.92 | Q82: =Q96 -> 181.7 | R82: =R96 -> 118.61 | S82: =S96 -> 207703.86 | T82: =T96 -> 0 | U82: =U96 -> 562.288 | V82: =V96 -> 0 | ... GX82: =GX96 -> 0
A84: 17 | B84: 1 | C84: =ROW(SmtRes!A82) -> 82 | D84: =ROW(EtalonRes!A82) -> 82 | E84: 18 | F84: 3.1-2203-26-1/1 | G84: Техническое обслуживание прибора приемно-контрольного "Сигнал-20П" | H84: шт. | I84: 1 | J84: 0 | K84: 1 | O84: =ROUND(CP84,2) -> 469.3 | P84: =ROUND(CQ84*I84,2) -> 8.46 | Q84: =ROUND(CR84*I84,2) -> 88.47 | R84: =ROUND(CS84*I84,2) -> 57.74 | S84: =ROUND(CT84*I84,2) -> 372.37 | T84: =ROUND(CU84*I84,2) -> 0 | U84: =CV84*I84 -> 0.959 | V84: =CW84*I84 -> 0 | W84: =ROUND(CX84*I84,2) -> 0 | X84: =ROUND(CY84,2) -> 260.66 | Y84: =ROUND(CZ84,2) -> 37.24 | AA84: 150194011 | AB84: =ROUND((AC84+AD84+AF84),6) -> 469.298 | AC84: =ROUND(((ES84*1)),6) -> 8.46 | AD84: =ROUND(((((ET84*0.7))-((EU84*0.7)))+AE84),6) -> 88.466 | AE84: =ROUND(((EU84*0.7)),6) -> 57.736 | AF84: =ROUND(((EV84*0.7)),6) -> 372.372 | AG84: =ROUND((AP84),6) -> 0 | AH84: =((EW84*0.7)) -> 0.959 | AI84: =((EX84*0.7)) -> 0 | AJ84: =(AS84) -> 0 | AK84: 666.8 | AL84: 8.46 | AM84: 126.38 | AN84: 82.48 | AO84: 531.96 | AP84: 0 | AQ84: 1.37 | AR84: 0 | AS84: 0 | AT84: 70 | AU84: 10 | AV84: 1 | AW84: 1 | AZ84: 1 | BA84: 1 | BB84: 1 | BC84: 1 | BH84: 0 | BI84: 4 | BJ84: СН-2012-2024.3. Доп.1. Сб.1-2203-26-1/1 | BM84: 0 | BN84: 0 | BP84: 0 | BQ84: 1 | BR84: 0 | BS84: 1 | BT84: 1 | BU84: 1 | BV84: 1 | BW84: 1 | BX84: 1 | BZ84: 70 | CA84: 10 | CE84: 0 | CF84: 0 | CG84: 0 | CM84: 0 | CN84: Поправка: СН-2012. Гл.1 Сб.22 п.3.6.2 Наименование: При применении стоимостных нормативов для сетей и приборов, расположенных в транспортных развязках, в том числе на 3-ем транспортном кольце, для выполнения аналогичных работ в административных и общественных зданиях, по: техническому обслуживанию | CO84: 0 | CP84: =(P84+Q84+S84) -> 469.3 | CQ84: =(AC84*BC84*AW84) -> 8.46 | CR84: =(((((ET84*0.7))*BB84-((EU84*0.7))*BS84)+AE84*BS84)*AV84) -> 88.466 | CS84: =(AE84*BS84*AV84) -> 57.736 | CT84: =(AF84*BA84*AV84) -> 372.372 | CU84: =AG84 -> 0 | CV84: =(AH84*AV84) -> 0.959 | CW84: =AI84 -> 0 | CX84: =AJ84 -> 0 | CY84: =((S84*BZ84)/100) -> 260.659 | CZ84: =((S84*CA84)/100) -> 37.237 | DD84: )*1 | DE84: )*0,70 | DF84: )*0,70 | DG84: )*0,70 | DI84: )*0,70 | DJ84: )*0,70 | DN84: 0 | DO84: 0 | DP84: 1 | DQ84: 1 | DU84: 1010 | DV84: шт. | DW84: шт. | DX84: 1 | EE84: 113434998 | EF84: 1 | EG84: СН-2012 | EH84: 0 | EJ84: 4 | EK84: 0 | EL84: Подрядные работы, гл. 1-5,7 | EM84: работа | EO84: Поправка: СН-2012. Гл.1 Сб.22 п.3.6.2 | EQ84: 131072 | ER84: 666.8 | ES84: 8.46 | ET84: 126.38 | EU84: 82.48 | EV84: 531.96 | EW84: 1.37 | EX84: 0 | EY84: 0 | FQ84: 0 | FR84: =ROUND(IF(BI84=3,GM84,0),2) -> 0 | FS84: 0 | FX84: 70 | FY84: 10 | GD84: 0 | GF84: -1067884061 | GG84: 2 | GH84: 1 | GI84: -2 | GJ84: 0 | GK84: =ROUND(R84*(R12)/100,2) -> 62.36 | GL84: =ROUND(IF(AND(BH84=3,BI84=3,FS84<>0),P84,0),2) -> 0 | GM84: =ROUND(O84+X84+Y84+GK84,2)+GX84 -> 829.56 | GN84: =IF(OR(BI84=0,BI84=1),GM84,0) -> 0 | GO84: =IF(BI84=2,GM84,0) -> 0 | GP84: =IF(BI84=4,GM84+GX84,0) -> 829.56 | GR84: 0 | GS84: 0 | GT84: 0 | GV84: =ROUND((GT84),6) -> 0 | GW84: 1 | GX84: =ROUND(HC84*I84,2) -> 0 | HA84: 0 | HB84: 0 | HC84: =GV84*GW84 -> 0 | IK84: 0
A85: 17 | B85: 1 | C85: =ROW(SmtRes!A86) -> 86 | D85: =ROW(EtalonRes!A86) -> 86 | E85: 19 | F85: 3.1-2201-25-1/1 | G85: Технический осмотр прибора приемно-контрольного "Сигнал-20П" | H85: шт. | I85: 1 | J85: 0 | K85: 1 | O85: =ROUND(CP85,2) -> 31.02 | P85: =ROUND(CQ85*I85,2) -> 1.79 | Q85: =ROUND(CR85*I85,2) -> 5.93 | R85: =ROUND(CS85*I85,2) -> 3.87 | S85: =ROUND(CT85*I85,2) -> 23.3 | T85: =ROUND(CU85*I85,2) -> 0 | U85: =CV85*I85 -> 0.06 | V85: =CW85*I85 -> 0 | W85: =ROUND(CX85*I85,2) -> 0 | X85: =ROUND(CY85,2) -> 16.31 | Y85: =ROUND(CZ85,2) -> 2.33 | AA85: 150194011 | AB85: =ROUND((AC85+AD85+AF85),6) -> 31.01 | AC85: =ROUND(((ES85*1)),6) -> 1.79 | AD85: =ROUND(((((ET85*0.75))-((EU85*0.75)))+AE85),6) -> 5.925 | AE85: =ROUND(((EU85*0.75)),6) -> 3.87 | AF85: =ROUND(((EV85*0.75)),6) -> 23.295 | AG85: =ROUND((AP85),6) -> 0 | AH85: =((EW85*0.75)) -> 0.06 | AI85: =((EX85*0.75)) -> 0 | AJ85: =(AS85) -> 0 | AK85: 40.75 | AL85: 1.79 | AM85: 7.9 | AN85: 5.16 | AO85: 31.06 | AP85: 0 | AQ85: 0.08 | AR85: 0 | AS85: 0 | AT85: 70 | AU85: 10 | AV85: 1 | AW85: 1 | AZ85: 1 | BA85: 1 | BB85: 1 | BC85: 1 | BH85: 0 | BI85: 4 | BJ85: СН-2012-2024.3. Доп.1. Сб.1-2201-25-1/1 | BM85: 0 | BN85: 0 | BP85: 0 | BQ85: 1 | BR85: 0 | BS85: 1 | BT85: 1 | BU85: 1 | BV85: 1 | BW85: 1 | BX85: 1 | BZ85: 70 | CA85: 10 | CE85: 0 | CF85: 0 | CG85: 0 | CM85: 0 | CN85: Поправка: СН-2012. Гл.1 Сб.22 п.3.6.1 Наименование: При применении стоимостных нормативов для сетей и приборов, расположенных в транспортных развязках, в том числе на 3-ем транспортном кольце, для выполнения аналогичных работ в административных и общественных зданиях, по: техническому осмотру | CO85: 0 | CP85: =(P85+Q85+S85) -> 31.02 | CQ85: =(AC85*BC85*AW85) -> 1.79 | CR85: =(((((ET85*0.75))*BB85-((EU85*0.75))*BS85)+AE85*BS85)*AV85) -> 5.925 | CS85: =(AE85*BS85*AV85) -> 3.87 | CT85: =(AF85*BA85*AV85) -> 23.295 | CU85: =AG85 -> 0 | CV85: =(AH85*AV85) -> 0.06 | CW85: =AI85 -> 0 | CX85: =AJ85 -> 0 | CY85: =((S85*BZ85)/100) -> 16.31 | CZ85: =((S85*CA85)/100) -> 2.33 | DD85: )*1 | DE85: )*0,75 | DF85: )*0,75 | DG85: )*0,75 | DI85: )*0,75 | DJ85: )*0,75 | DN85: 0 | DO85: 0 | DP85: 1 | DQ85: 1 | DU85: 1010 | DV85: шт. | DW85: шт. | DX85: 1 | EE85: 113434998 | EF85: 1 | EG85: СН-2012 | EH85: 0 | EJ85: 4 | EK85: 0 | EL85: Подрядные работы, гл. 1-5,7 | EM85: работа | EO85: Поправка: СН-2012. Гл.1 Сб.22 п.3.6.1 | EQ85: 131072 | ER85: 40.75 | ES85: 1.79 | ET85: 7.9 | EU85: 5.16 | EV85: 31.06 | EW85: 0.08 | EX85: 0 | EY85: 0 | FQ85: 0 | FR85: =ROUND(IF(BI85=3,GM85,0),2) -> 0 | FS85: 0 | FX85: 70 | FY85: 10 | GD85: 0 | GF85: -1489371602 | GG85: 2 | GH85: 1 | GI85: -2 | GJ85: 0 | GK85: =ROUND(R85*(R12)/100,2) -> 4.18 | GL85: =ROUND(IF(AND(BH85=3,BI85=3,FS85<>0),P85,0),2) -> 0 | GM85: =ROUND(O85+X85+Y85+GK85,2)+GX85 -> 53.84 | GN85: =IF(OR(BI85=0,BI85=1),GM85,0) -> 0 | GO85: =IF(BI85=2,GM85,0) -> 0 | GP85: =IF(BI85=4,GM85+GX85,0) -> 53.84 | GR85: 0 | GS85: 0 | GT85: 0 | GV85: =ROUND((GT85),6) -> 0 | GW85: 1 | GX85: =ROUND(HC85*I85,2) -> 0 | HA85: 0 | HB85: 0 | HC85: =GV85*GW85 -> 0 | IK85: 0
A86: 17 | B86: 1 | C86: =ROW(SmtRes!A89) -> 89 | D86: =ROW(EtalonRes!A89) -> 89 | E86: 20 | F86: 1.22-2203-109-1/1 | G86: Техническое обслуживание приборов системы оповещения, громкоговоритель настенный типа SWS-03 - годовое | H86: шт. | I86: =ROUND(111+12+26+131,9) -> 280 | J86: 0 | K86: =ROUND(111+12+26+131,9) -> 280 | O86: =ROUND(CP86,2) -> 44363.2 | P86: =ROUND(CQ86*I86,2) -> 7767.2 | Q86: =ROUND(CR86*I86,2) -> 0 | R86: =ROUND(CS86*I86,2) -> 0 | S86: =ROUND(CT86*I86,2) -> 36596 | T86: =ROUND(CU86*I86,2) -> 0 | U86: =CV86*I86 -> 100.8 | V86: =CW86*I86 -> 0 | W86: =ROUND(CX86*I86,2) -> 0 | X86: =ROUND(CY86,2) -> 25617.2 | Y86: =ROUND(CZ86,2) -> 3659.6 | AA86: 150194011 | AB86: =ROUND((AC86+AD86+AF86),6) -> 158.44 | AC86: =ROUND((ES86),6) -> 27.74 | AD86: =ROUND((((ET86)-(EU86))+AE86),6) -> 0 | AE86: =ROUND((EU86),6) -> 0 | AF86: =ROUND((EV86),6) -> 130.7 | AG86: =ROUND((AP86),6) -> 0 | AH86: =(EW86) -> 0.36 | AI86: =(EX86) -> 0 | AJ86: =(AS86) -> 0 | AK86: 158.44 | AL86: 27.74 | AM86: 0 | AN86: 0 | AO86: 130.7 | AP86: 0 | AQ86: 0.36 | AR86: 0 | AS86: 0 | AT86: 70 | AU86: 10 | AV86: 1 | AW86: 1 | AZ86: 1 | BA86: 1 | BB86: 1 | BC86: 1 | BH86: 0 | BI86: 4 | BJ86: СН-2012-2024.1. Доп.1. Сб.22-2203-109-1/1 | BM86: 0 | BN86: 0 | BP86: 0 | BQ86: 1 | BR86: 0 | BS86: 1 | BT86: 1 | BU86: 1 | BV86: 1 | BW86: 1 | BX86: 1 | BZ86: 70 | CA86: 10 | CE86: 0 | CF86: 0 | CG86: 0 | CM86: 0 | CO86: 0 | CP86: =(P86+Q86+S86) -> 44363.2 | CQ86: =(AC86*BC86*AW86) -> 27.74 | CR86: =((((ET86)*BB86-(EU86)*BS86)+AE86*BS86)*AV86) -> 0 | CS86: =(AE86*BS86*AV86) -> 0 | CT86: =(AF86*BA86*AV86) -> 130.7 | CU86: =AG86 -> 0 | CV86: =(AH86*AV86) -> 0.36 | CW86: =AI86 -> 0 | CX86: =AJ86 -> 0 | CY86: =((S86*BZ86)/100) -> 25617.2 | CZ86: =((S86*CA86)/100) -> 3659.6 | DN86: 0 | DO86: 0 | DP86: 1 | DQ86: 1 | DU86: 1010 | DV86: шт. | DW86: шт. | DX86: 1 | EE86: 113434998 | EF86: 1 | EG86: СН-2012 | EH86: 0 | EJ86: 4 | EK86: 0 | EL86: Подрядные работы, гл. 1-5,7 | EM86: работа | EQ86: 131072 | ER86: 158.44 | ES86: 27.74 | ET86: 0 | EU86: 0 | EV86: 130.7 | EW86: 0.36 | EX86: 0 | EY86: 0 | FQ86: 0 | FR86: =ROUND(IF(BI86=3,GM86,0),2) -> 0 | FS86: 0 | FX86: 70 | FY86: 10 | GD86: 0 | GF86: 561329842 | GG86: 2 | GH86: 1 | GI86: -2 | GJ86: 0 | GK86: =ROUND(R86*(R12)/100,2) -> 0 | GL86: =ROUND(IF(AND(BH86=3,BI86=3,FS86<>0),P86,0),2) -> 0 | GM86: =ROUND(O86+X86+Y86+GK86,2)+GX86 -> 73640 | GN86: =IF(OR(BI86=0,BI86=1),GM86,0) -> 0 | GO86: =IF(BI86=2,GM86,0) -> 0 | GP86: =IF(BI86=4,GM86+GX86,0) -> 73640 | GR86: 0 | GS86: 0 | GT86: 0 | GV86: =ROUND((GT86),6) -> 0 | GW86: 1 | GX86: =ROUND(HC86*I86,2) -> 0 | HA86: 0 | HB86: 0 | HC86: =GV86*GW86 -> 0 | IK86: 0
A87: 17 | B87: 1 | C87: =ROW(SmtRes!A91) -> 91 | D87: =ROW(EtalonRes!A91) -> 91 | E87: 21 | F87: 1.22-2203-118-4/1 | G87: Техническое обслуживание системы оповещения и управления эвакуацией (СОУЭ) на базе оборудования типа "Сонар", микрофонная консоль - ежемесячное | H87: шт. | I87: 1 | J87: 0 | K87: 1 | O87: =ROUND(CP87,2) -> 874.92 | P87: =ROUND(CQ87*I87,2) -> 3.48 | Q87: =ROUND(CR87*I87,2) -> 0 | R87: =ROUND(CS87*I87,2) -> 0 | S87: =ROUND(CT87*I87,2) -> 871.44 | T87: =ROUND(CU87*I87,2) -> 0 | U87: =CV87*I87 -> 2.4 | V87: =CW87*I87 -> 0 | W87: =ROUND(CX87*I87,2) -> 0 | X87: =ROUND(CY87,2) -> 610.01 | Y87: =ROUND(CZ87,2) -> 87.14 | AA87: 150194011 | AB87: =ROUND((AC87+AD87+AF87),6) -> 874.92 | AC87: =ROUND(((ES87*12)),6) -> 3.48 | AD87: =ROUND(((((ET87*12))-((EU87*12)))+AE87),6) -> 0 | AE87: =ROUND(((EU87*12)),6) -> 0 | AF87: =ROUND(((EV87*12)),6) -> 871.44 | AG87: =ROUND((AP87),6) -> 0 | AH87: =((EW87*12)) -> 2.4 | AI87: =((EX87*12)) -> 0 | AJ87: =(AS87) -> 0 | AK87: 72.91 | AL87: 0.29 | AM87: 0 | AN87: 0 | AO87: 72.62 | AP87: 0 | AQ87: 0.2 | AR87: 0 | AS87: 0 | AT87: 70 | AU87: 10 | AV87: 1 | AW87: 1 | AZ87: 1 | BA87: 1 | BB87: 1 | BC87: 1 | BH87: 0 | BI87: 4 | BJ87: СН-2012-2024.1. Доп.1. Сб.22-2203-118-4/1 | BM87: 0 | BN87: 0 | BP87: 0 | BQ87: 1 | BR87: 0 | BS87: 1 | BT87: 1 | BU87: 1 | BV87: 1 | BW87: 1 | BX87: 1 | BZ87: 70 | CA87: 10 | CE87: 0 | CF87: 0 | CG87: 0 | CM87: 0 | CO87: 0 | CP87: =(P87+Q87+S87) -> 874.92 | CQ87: =(AC87*BC87*AW87) -> 3.48 | CR87: =(((((ET87*12))*BB87-((EU87*12))*BS87)+AE87*BS87)*AV87) -> 0 | CS87: =(AE87*BS87*AV87) -> 0 | CT87: =(AF87*BA87*AV87) -> 871.44 | CU87: =AG87 -> 0 | CV87: =(AH87*AV87) -> 2.4 | CW87: =AI87 -> 0 | CX87: =AJ87 -> 0 | CY87: =((S87*BZ87)/100) -> 610.008 | CZ87: =((S87*CA87)/100) -> 87.144 | DD87: )*12 | DE87: )*12 | DF87: )*12 | DG87: )*12 | DI87: )*12 | DJ87: )*12 | DL87: )*12 | DM87: )*12 | DN87: 0 | DO87: 0 | DP87: 1 | DQ87: 1 | DU87: 1010 | DV87: шт. | DW87: шт. | DX87: 1 | EE87: 113434998 | EF87: 1 | EG87: СН-2012 | EH87: 0 | EJ87: 4 | EK87: 0 | EL87: Подрядные работы, гл. 1-5,7 | EM87: работа | EQ87: 131072 | ER87: 72.91 | ES87: 0.29 | ET87: 0 | EU87: 0 | EV87: 72.62 | EW87: 0.2 | EX87: 0 | EY87: 0 | FQ87: 0 | FR87: =ROUND(IF(BI87=3,GM87,0),2) -> 0 | FS87: 0 | FX87: 840 | FY87: 120 | GD87: 0 | GF87: -653284887 | GG87: 2 | GH87: 1 | GI87: -2 | GJ87: 0 | GK87: =ROUND(R87*(R12)/100,2) -> 0 | GL87: =ROUND(IF(AND(BH87=3,BI87=3,FS87<>0),P87,0),2) -> 0 | GM87: =ROUND(O87+X87+Y87+GK87,2)+GX87 -> 1572.07 | GN87: =IF(OR(BI87=0,BI87=1),GM87,0) -> 0 | GO87: =IF(BI87=2,GM87,0) -> 0 | GP87: =IF(BI87=4,GM87+GX87,0) -> 1572.07 | GR87: 0 | GS87: 0 | GT87: 0 | GU87: )*12 | GV87: =ROUND(((GT87*12)),6) -> 0 | GW87: 1 | GX87: =ROUND(HC87*I87,2) -> 0 | HA87: 0 | HB87: 0 | HC87: =GV87*GW87 -> 0 | IK87: 0
A88: 17 | B88: 1 | C88: =ROW(SmtRes!A96) -> 96 | D88: =ROW(EtalonRes!A96) -> 96 | F88: 1.22-2203-77-1/1 | G88: Техническое обслуживание оповещателя пожарного светового типа "Гамма-С" | H88: 10 шт. | I88: =ROUND((103+3+3+38+3)/10,9) -> 15 | J88: 0 | K88: =ROUND((103+3+3+38+3)/10,9) -> 15 | O88: =ROUND(CP88,2) -> 30496.8 | P88: =ROUND(CQ88*I88,2) -> 1472.7 | Q88: =ROUND(CR88*I88,2) -> 0 | R88: =ROUND(CS88*I88,2) -> 0 | S88: =ROUND(CT88*I88,2) -> 29024.1 | T88: =ROUND(CU88*I88,2) -> 0 | U88: =CV88*I88 -> 79.95 | V88: =CW88*I88 -> 0 | W88: =ROUND(CX88*I88,2) -> 0 | X88: =ROUND(CY88,2) -> 20316.87 | Y88: =ROUND(CZ88,2) -> 2902.41 | AA88: -1 | AB88: =ROUND((AC88+AD88+AF88),6) -> 2033.12 | AC88: =ROUND((ES88),6) -> 98.18 | AD88: =ROUND((((ET88)-(EU88))+AE88),6) -> 0 | AE88: =ROUND((EU88),6) -> 0 | AF88: =ROUND((EV88),6) -> 1934.94 | AG88: =ROUND((AP88),6) -> 0 | AH88: =(EW88) -> 5.33 | AI88: =(EX88) -> 0 | AJ88: =(AS88) -> 0 | AK88: 2033.12 | AL88: 98.18 | AM88: 0 | AN88: 0 | AO88: 1934.94 | AP88: 0 | AQ88: 5.33 | AR88: 0 | AS88: 0 | AT88: 70 | AU88: 10 | AV88: 1 | AW88: 1 | AZ88: 1 | BA88: 1 | BB88: 1 | BC88: 1 | BH88: 0 | BI88: 4 | BJ88: СН-2012-2024.1. Доп.1. Сб.22-2203-77-1/1 | BM88: 0 | BN88: 0 | BP88: 0 | BQ88: 1 | BR88: 0 | BS88: 1 | BT88: 1 | BU88: 1 | BV88: 1 | BW88: 1 | BX88: 1 | BZ88: 70 | CA88: 10 | CE88: 0 | CF88: 0 | CG88: 0 | CM88: 0 | CO88: 0 | CP88: =(P88+Q88+S88) -> 30496.8 | CQ88: =(AC88*BC88*AW88) -> 98.18 | CR88: =((((ET88)*BB88-(EU88)*BS88)+AE88*BS88)*AV88) -> 0 | CS88: =(AE88*BS88*AV88) -> 0 | CT88: =(AF88*BA88*AV88) -> 1934.94 | CU88: =AG88 -> 0 | CV88: =(AH88*AV88) -> 5.33 | CW88: =AI88 -> 0 | CX88: =AJ88 -> 0 | CY88: =((S88*BZ88)/100) -> 20316.87 | CZ88: =((S88*CA88)/100) -> 2902.41 | DN88: 0 | DO88: 0 | DP88: 1 | DQ88: 1 | DU88: 1010 | DV88: 10 шт. | DW88: 10 шт. | DX88: 10 | EE88: 113434998 | EF88: 1 | EG88: СН-2012 | EH88: 0 | EJ88: 4 | EK88: 0 | EL88: Подрядные работы, гл. 1-5,7 | EM88: работа | EQ88: 132096 | ER88: 2033.12 | ES88: 98.18 | ET88: 0 | EU88: 0 | EV88: 1934.94 | EW88: 5.33 | EX88: 0 | EY88: 0 | FQ88: 0 | FR88: =ROUND(IF(BI88=3,GM88,0),2) -> 0 | FS88: 0 | FX88: 70 | FY88: 10 | GD88: 0 | GF88: -217983312 | GG88: 2 | GH88: 1 | GI88: -2 | GJ88: 0 | GK88: =ROUND(R88*(R12)/100,2) -> 0 | GL88: =ROUND(IF(AND(BH88=3,BI88=3,FS88<>0),P88,0),2) -> 0 | GM88: =ROUND(O88+X88+Y88+GK88,2)+GX88 -> 53716.08 | GN88: =IF(OR(BI88=0,BI88=1),GM88,0) -> 0 | GO88: =IF(BI88=2,GM88,0) -> 0 | GP88: =IF(BI88=4,GM88+GX88,0) -> 53716.08 | GR88: 0 | GS88: 0 | GT88: 0 | GV88: =ROUND((GT88),6) -> 0 | GW88: 1 | GX88: =ROUND(HC88*I88,2) -> 0 | HA88: 0 | HB88: 0 | HC88: =GV88*GW88 -> 0 | IK88: 0
